Workbook
Name \0: [1]稅捐!#REF!
Name \0: [2]稅捐!#REF!
Name \0: [2]稅捐!#REF!
Name \0: [1]稅捐!#REF!
Name \0: [2]稅捐!#REF!
Name \0: [2]稅捐!#REF!
Name \d: #REF!
Name \d: #REF!
Name \d: #REF!
Name _R: #REF!
Name _R: #REF!
Name _R: #REF!
Name _R: #REF!
Name _R: #REF!
Name _R: #REF!
Name _R: #REF!
Name _R: #REF!
Name _R: #REF!
Name _R: #REF!
Name _R: #REF!
Name _R: #REF!
Name _R: #REF!
Name _R: #REF!
Name a: #REF!
Name a: #REF!
Name a: #REF!
Name a: #REF!
Name a: #REF!
Name a: #REF!
Name a: #REF!
Name a: #REF!
Name a: #REF!
Name a: #REF!
Name a: #REF!
Name a: #REF!
Name a: #REF!
Name a: #REF!
Name aa: #REF!
Name aa: #REF!
Name aa: #REF!
Name aa: #REF!
Name aa: #REF!
Name aa: #REF!
Name aa: #REF!
Name aa: #REF!
Name aa: #REF!
Name aa: #REF!
Name aa: #REF!
Name aa: #REF!
Name aa: #REF!
Name aa: #REF!
Name aaaa: #REF!
Name aaaa: #REF!
Name aaaa: #REF!
Name aaaa: #REF!
Name aaaa: #REF!
Name aaaa: #REF!
Name aaaa: #REF!
Name aaaa: #REF!
Name aaaa: #REF!

Sheet 業務計畫
A1: 業務計畫及預算說明

Sheet 圖1
A1: 圖1 | B1: 111年度收入、成本與費用及賸餘
D19: 單位：新臺幣千元
A20: 收 入 | B20: 111年度預算 | C20: 成本與費用及賸餘 | D20: 111年度預算
A21: 業務收入 | B21: =SUM(B22:B25) -> 569991416 | C21: 業務成本與費用 | D21: =SUM(D22:D25) -> 570248391
A22: 租金及權利金收入 | B22: ='收支餘絀預計表-總'!D9 -> 280944 | C22: 出租資產成本 | D22: ='收支餘絀預計表-總'!D61 -> 39738
A23: 投融資業務收入 | B23: ='收支餘絀預計表-總'!D12 -> 36562385 | C23: 投融資業務成本 | D23: ='收支餘絀預計表-總'!D64 -> 1003916
A24: 保險收入 | B24: ='收支餘絀預計表-總'!D34 -> 499649073 | C24: 保險成本 | D24: ='收支餘絀預計表-總'!D76 -> 564491226
A25: 其他業務收入 | B25: ='收支餘絀預計表-總'!D50 -> 33499014 | C25: 其他業務成本 | D25: ='收支餘絀預計表-總'!D99 -> 4713511
A26: 業務外收入 | B26: ='收支餘絀預計表-總'!D107 -> 257048 | C26: 業務外費用 | D26: ='收支餘絀預計表-總'!D137 -> 73
C27: 本期賸餘 | D27: -
A28: 收入總額 | B28: =B21+B26 -> 570248464 | C28: 成本、費用及賸餘總額 | D28: =D21+D26 -> 570248464 | E28: =B28-D28 -> 0
A29: 公式 | B29: =B22/$B$28 -> 0.00049266946 | C29: =+B29*100 -> 0.049266946 | D29: =D22/$D$28 -> 6.9685413e-05 | E29: 0.26 | F29: =+D29*100 -> 0.0069685413
B30: =B23/$B$28 -> 0.064116587 | C30: =+B30*100 -> 6.4116587 | D30: =D23/$D$28 -> 0.0017604887 | E30: 0.26 | F30: =+D30*100 -> 0.17604887
B31: =B24/$B$28 -> 0.87619539 | C31: =+B31*100 -> 87.619539 | D31: =D24/$D$28 -> 0.98990398 | E31: 99.14 | F31: =+D31*100 -> 98.990398
B32: =B25/$B$28 -> 0.058744593 | C32: =+B32*100 -> 5.8744593 | D32: =D25/$D$28 -> 0.0082657145 | E32: 0.6 | F32: =+D32*100 -> 0.82657145
B33: =B26/$B$28 -> 0.00045076491 | C33: =+B33*100 -> 0.045076491 | D33: =D26/$D$28 -> 1.2801437e-07 | E33: 0 | F33: =+D33*100 -> 1.2801437e-05
B34: =SUM(B29:B33) -> 1 | C34: =SUM(C29:C33) -> 100 | D34: =SUM(D29:D33) -> 1 | E34: =SUM(E30:E33) -> 100 | F34: =SUM(F29:F33) -> 100
A36: 檢核 | B36: 租金及權利金收入 | C36: 0.05 | D36: 出租資產成本 | F36: 0.01
B37: 投融資業務收入 | C37: 6.41 | D37: 投融資業務成本 | F37: 0.17
B38: 保險收入 | C38: 87.62 | D38: 保險成本 | F38: 98.99
B39: 其他業務收入 | C39: 5.87 | D39: 其他業務成本 | F39: 0.83
B40: 業務外收入 | C40: 0.05 | D40: 業務外費用 | F40: 0
C41: =SUM(C36:C40) -> 100 | F41: =SUM(F36:F40) -> 100
C42: 記得要改圖表內數字

Sheet 圖2
A1: 圖2
F13: 單位：新臺幣千元
A14: 年度 項目 | B14: 107年度決算 | C14: 108年度決算 | D14: 109年度決算 | E14: 110年度預算 | F14: 111年度預算 | G14: 檢核 | H14: 年度 項目 | I14: 107 | J14: 108 | K14: 109 | L14: 110 | M14: 111
A15: 收入 | H15: 收入
A16: 業務收入 | B16: 564735881 | C16: 606140396 | D16: 694431339 | E16: =533731249-300 -> 533730949 | F16: =圖1!B21 -> 569991416 | H16: 業務收入 | I16: =+B16*1000 -> 564735881000 | J16: =+C16*1000 -> 606140396000 | K16: =+D16*1000 -> 694431339000 | L16: =+E16*1000 -> 533730949000 | M16: =+F16*1000 -> 569991416000
A17: 業務外收入 | B17: 241919 | C17: 309485 | D17: 332594 | E17: 233631 | F17: =圖1!B26 -> 257048 | H17: 業務外收入 | I17: =+B17*1000 -> 241919000 | J17: =+C17*1000 -> 309485000 | K17: =+D17*1000 -> 332594000 | L17: =+E17*1000 -> 233631000 | M17: =+F17*1000 -> 257048000
A18: 收入合計 | B18: =SUM(B16:B17) -> 564977800 | C18: =SUM(C16:C17) -> 606449881 | D18: =SUM(D16:D17) -> 694763933 | E18: =SUM(E16:E17) -> 533964580 | F18: =SUM(F16:F17) -> 570248464 | H18: 收入合計 | I18: =SUM(I16:I17) -> 564977800000 | J18: =SUM(J16:J17) -> 606449881000 | K18: =SUM(K16:K17) -> 694763933000 | L18: =SUM(L16:L17) -> 533964580000 | M18: =SUM(M16:M17) -> 570248464000
A19: 費用 | H19: =A19 -> 費用
A20: 業務成本與費用 | B20: 564974986 | C20: 606448125 | D20: 694763793 | E20: =533964843-300 -> 533964543 | F20: =圖1!D21 -> 570248391 | H20: 業務成本與費用 | I20: =+B20*1000 -> 564974986000 | J20: =+C20*1000 -> 606448125000 | K20: =+D20*1000 -> 694763793000 | L20: =+E20*1000 -> 533964543000 | M20: =+F20*1000 -> 570248391000
A21: 業務外費用 | B21: 2814 | C21: 1756 | D21: 140 | E21: 37 | F21: =圖1!D26 -> 73 | H21: 業務外費用 | I21: =+B21*1000 -> 2814000 | J21: =+C21*1000 -> 1756000 | K21: =+D21*1000 -> 140000 | L21: =+E21*1000 -> 37000 | M21: =+F21*1000 -> 73000
A22: 費用合計 | B22: =SUM(B20:B21) -> 564977800 | C22: =SUM(C20:C21) -> 606449881 | D22: =SUM(D20:D21) -> 694763933 | E22: =SUM(E20:E21) -> 533964580 | F22: =SUM(F20:F21) -> 570248464 | H22: =A22 -> 費用合計 | I22: =SUM(I20:I21) -> 564977800000 | J22: =+C22*1000 -> 606449881000 | K22: =SUM(K20:K21) -> 694763933000 | L22: =SUM(L20:L21) -> 533964580000 | M22: =SUM(M20:M21) -> 570248464000
A23: 本期賸餘 | B23: =B18-B22 -> 0 | C23: =C18-C22 -> 0 | D23: =D18-D22 -> 0 | E23: =E18-E22 -> 0 | F23: =F18-F22 -> 0 | H23: 本期賸餘 | I23: =I18-I22 -> 0 | J23: =J18-J22 -> 0 | K23: =K18-K22 -> 0 | L23: =L18-L22 -> 0 | M23: =M18-M22 -> 0
A24: 註：1.107至109年度決算數為審定決算數；110年度為法定預算數。以下各表同。 2.決算數細數之和與總數或略有出入，係四捨五入關係。

Sheet 空白頁10
A1: 本頁空白

Sheet 收支餘絀預計表-總
A1: 勞 動 部 勞 工 保 險 局
A2: 勞 工 保 險 局 作 業 基 金
A3: 收支餘絀預計表
A4: 中華民國111年度 單位：新臺幣千元
A5: 前年度決算數 | C5: 科 目 | D5: 本年度預算數 | F5: 上年度預算數 | H5: 比較增減(-)
A6: 金 額 | B6: ％ | D6: 金 額 | E6: ％ | F6: 金 額 | G6: ％ | H6: 金 額 | I6: ％
A8: 694431339 | B8: 100 | C8: 業務收入 | D8: =SUM(D9,D12,D34,D50) -> 569991416 | E8: 100 | F8: =SUM(F9,F12,F34,F50) -> 533730949 | G8: 100 | H8: =D8-F8 -> 36260467 | I8: =ROUND(H8/F8*100,2) -> 6.79 | K8: =ROUND(A8/$A$8*100,5) -> 100 | L8: =ROUND(D8/$D$8*100,5) -> 100 | M8: =ROUND(F8/$F$8*100,5) -> 100
A9: 275588 | B9: =ROUND(A9/$A$8*100,2) -> 0.04 | C9: 租金及權利金收入 | D9: =+D10 -> 280944 | E9: =ROUND(D9/$D$8*100,2) -> 0.05 | F9: =+F10 -> 281663 | G9: =ROUND(F9/$F$8*100,2) -> 0.05 | H9: =D9-F9 -> -719 | I9: =ROUND(H9/F9*100,2) -> -0.26 | K9: =ROUND(A9/$A$8*100,5) -> 0.03969 | L9: =ROUND(D9/$D$8*100,5) -> 0.04929 | M9: =ROUND(F9/$F$8*100,5) -> 0.05277
A10: 275588 | B10: =ROUND(A10/$A$8*100,2) -> 0.04 | C10: 投資性不動產收入 | D10: =D11 -> 280944 | E10: =ROUND(D10/$D$8*100,2) -> 0.05 | F10: =F11 -> 281663 | G10: =ROUND(F10/$F$8*100,2) -> 0.05 | H10: =D10-F10 -> -719 | I10: =ROUND(H10/F10*100,2) -> -0.26 | K10: =ROUND(A10/$A$8*100,5) -> 0.03969 | L10: =ROUND(D10/$D$8*100,5) -> 0.04929 | M10: =ROUND(F10/$F$8*100,5) -> 0.05277
A11: 275588 | B11: =ROUND(A11/$A$8*100,2) -> 0.04 | C11: 勞工保險－普通 | D11: 280944 | E11: =ROUND(D11/$D$8*100,2) -> 0.05 | F11: 281663 | G11: =ROUND(F11/$F$8*100,2) -> 0.05 | H11: =D11-F11 -> -719 | I11: =ROUND(H11/F11*100,2) -> -0.26 | K11: =ROUND(A11/$A$8*100,5) -> 0.03969 | L11: =ROUND(D11/$D$8*100,5) -> 0.04929 | M11: =ROUND(F11/$F$8*100,5) -> 0.05277
A12: 228703531 | B12: =ROUND(A12/$A$8*100,2) -> 32.93 | C12: 投融資業務收入 | D12: =D13+D18+D20+D23+D25 -> 36562385 | E12: =ROUND(D12/$D$8*100,2) -> 6.41 | F12: =F13+F18+F20+F23+F25 -> 30203924 | G12: =ROUND(F12/$F$8*100,2) -> 5.66 | H12: =D12-F12 -> 6358461 | I12: =ROUND(H12/F12*100,2) -> 21.05 | K12: =ROUND(A12/$A$8*100,5) -> 32.93393 | L12: =ROUND(D12/$D$8*100,5) -> 6.41455 | M12: =ROUND(F12/$F$8*100,5) -> 5.65902
A13: 211446037 | B13: =ROUND(A13/$A$8*100,2) -> 30.45 | C13: 投資業務收入 | D13: =SUM(D14:D17) -> 34903178 | E13: =ROUND(D13/$D$8*100,2) -> 6.12 | F13: =SUM(F14:F17) -> 28315665 | G13: =ROUND(F13/$F$8*100,2) -> 5.31 | H13: =D13-F13 -> 6587513 | I13: =ROUND(H13/F13*100,2) -> 23.26 | K13: =ROUND(A13/$A$8*100,5) -> 30.4488 | L13: =ROUND(D13/$D$8*100,5) -> 6.12346 | M13: =ROUND(F13/$F$8*100,5) -> 5.30523
A14: 209646164 | B14: =ROUND(A14/$A$8*100,2) -> 30.19 | C14: 勞工保險－普通 | D14: =28037117+417417+5000000 -> 33454534 | E14: =ROUND(D14/$D$8*100,2) -> 5.87 | F14: 26579869 | G14: =ROUND(F14/$F$8*100,2) -> 4.98 | H14: =D14-F14 -> 6874665 | I14: =ROUND(H14/F14*100,2) -> 25.86 | K14: =ROUND(A14/$A$8*100,5) -> 30.18962 | L14: =ROUND(D14/$D$8*100,5) -> 5.8693 | M14: =ROUND(F14/$F$8*100,5) -> 4.98001
A15: 39698 | B15: =ROUND(A15/$A$8*100,2) -> 0.01 | C15: 勞工保險－職災 | D15: 15540 | E15: =ROUND(D15/$D$8*100,2) -> 0 | F15: 40005 | G15: =ROUND(F15/$F$8*100,2) -> 0.01 | H15: =D15-F15 -> -24465 | I15: =ROUND(H15/F15*100,2) -> -61.15 | K15: =ROUND(A15/$A$8*100,5) -> 0.00572 | L15: =ROUND(D15/$D$8*100,5) -> 0.00273 | M15: =ROUND(F15/$F$8*100,5) -> 0.0075
A16: 1760176 | B16: =ROUND(A16/$A$8*100,2) -> 0.25 | C16: 就業保險 | D16: 1401654 | E16: =ROUND(D16/$D$8*100,2) -> 0.25 | F16: 1695791 | G16: =ROUND(F16/$F$8*100,2) -> 0.32 | H16: =D16-F16 -> -294137 | I16: =ROUND(H16/F16*100,2) -> -17.35 | K16: =ROUND(A16/$A$8*100,5) -> 0.25347 | L16: =ROUND(D16/$D$8*100,5) -> 0.24591 | M16: =ROUND(F16/$F$8*100,5) -> 0.31772
A17: 0 | B17: =ROUND(A17/$A$8*100,2) -> 0 | C17: 勞職保及保護 | D17: 31450 | E17: =ROUND(D17/$D$8*100,2) -> 0.01 | F17: 0 | G17: =ROUND(F17/$F$8*100,2) -> 0 | H17: =D17-F17 -> 31450 | I17: 0 | K17: =ROUND(A17/$A$8*100,5) -> 0 | L17: =ROUND(D17/$D$8*100,5) -> 0.00552 | M17: =ROUND(F17/$F$8*100,5) -> 0
A18: 608541 | B18: =ROUND(A18/$A$8*100,2) -> 0.09 | C18: 融資業務收入 | D18: =D19 -> 534618 | E18: =ROUND(D18/$D$8*100,2) -> 0.09 | F18: =F19 -> 550450 | G18: =ROUND(F18/$F$8*100,2) -> 0.1 | H18: =D18-F18 -> -15832 | I18: =ROUND(H18/F18*100,2) -> -2.88 | K18: =ROUND(A18/$A$8*100,5) -> 0.08763 | L18: =ROUND(D18/$D$8*100,5) -> 0.09379 | M18: =ROUND(F18/$F$8*100,5) -> 0.10313
A19: 608541 | B19: =ROUND(A19/$A$8*100,2) -> 0.09 | C19: 勞工保險－普通 | D19: 534618 | E19: =ROUND(D19/$D$8*100,2) -> 0.09 | F19: 550450 | G19: =ROUND(F19/$F$8*100,2) -> 0.1 | H19: =D19-F19 -> -15832 | I19: =ROUND(H19/F19*100,2) -> -2.88 | K19: =ROUND(A19/$A$8*100,5) -> 0.08763 | L19: =ROUND(D19/$D$8*100,5) -> 0.09379 | M19: =ROUND(F19/$F$8*100,5) -> 0.10313
A20: 15135767 | B20: =ROUND(A20/$A$8*100,2) -> 2.18 | C20: 兌換賸餘 | D20: =SUM(D21:D22) -> 0 | E20: =ROUND(D20/$D$8*100,2) -> 0 | F20: =SUM(F21:F22) -> 0 | G20: =ROUND(F20/$F$8*100,2) -> 0 | H20: =H21 -> 0 | I20: 0 | K20: =ROUND(A20/$A$8*100,5) -> 2.17959 | L20: =ROUND(D20/$D$8*100,5) -> 0 | M20: =ROUND(F20/$F$8*100,5) -> 0
A21: 14628318 | B21: =ROUND(A21/$A$8*100,2) -> 2.11 | C21: 勞工保險－普通 | D21: 0 | E21: =ROUND(D21/$D$8*100,2) -> 0 | F21: 0 | G21: =ROUND(F21/$F$8*100,2) -> 0 | H21: 0 | I21: 0 | K21: =ROUND(A21/$A$8*100,5) -> 2.10652 | L21: =ROUND(D21/$D$8*100,5) -> 0 | M21: =ROUND(F21/$F$8*100,5) -> 0
A22: 507449 | B22: =ROUND(A22/$A$8*100,2) -> 0.07 | C22: 就業保險 | D22: 0 | E22: =ROUND(D22/$D$8*100,2) -> 0 | F22: 0 | G22: =ROUND(F22/$F$8*100,2) -> 0 | H22: 0 | I22: 0 | K22: =ROUND(A22/$A$8*100,5) -> 0.07307 | L22: =ROUND(D22/$D$8*100,5) -> 0 | M22: =ROUND(F22/$F$8*100,5) -> 0
A23: 175326 | B23: =ROUND(A23/$A$8*100,2) -> 0.03 | C23: 手續費收入 | D23: =D24 -> 0 | E23: =ROUND(D23/$D$8*100,2) -> 0 | F23: =F24 -> 0 | G23: =ROUND(F23/$F$8*100,2) -> 0 | H23: =D23-F23 -> 0 | I23: 0 | K23: =ROUND(A23/$A$8*100,5) -> 0.02525 | L23: =ROUND(D23/$D$8*100,5) -> 0 | M23: =ROUND(F23/$F$8*100,5) -> 0
A24: 175326 | B24: =ROUND(A24/$A$8*100,2) -> 0.03 | C24: 勞工保險－普通 | D24: 0 | E24: =ROUND(D24/$D$8*100,2) -> 0 | F24: 0 | G24: =ROUND(F24/$F$8*100,2) -> 0 | H24: =D24-F24 -> 0 | I24: 0 | K24: =ROUND(A24/$A$8*100,5) -> 0.02525 | L24: =ROUND(D24/$D$8*100,5) -> 0 | M24: =ROUND(F24/$F$8*100,5) -> 0
A25: 1337860 | B25: =ROUND(A25/$A$8*100,2) -> 0.19 | C25: 存款利息收入 | D25: =SUM(D26:D33) -> 1124589 | E25: =ROUND(D25/$D$8*100,2) -> 0.2 | F25: =SUM(F26:F33) -> 1337809 | G25: =ROUND(F25/$F$8*100,2) -> 0.25 | H25: =D25-F25 -> -213220 | I25: =ROUND(H25/F25*100,2) -> -15.94 | K25: =ROUND(A25/$A$8*100,5) -> 0.19266 | L25: =ROUND(D25/$D$8*100,5) -> 0.1973 | M25: =ROUND(F25/$F$8*100,5) -> 0.25065
A26: 687895 | B26: =ROUND(A26/$A$8*100,2) -> 0.1 | C26: 勞工保險－普通 | D26: =652376+13565 -> 665941 | E26: =ROUND(D26/$D$8*100,2) -> 0.12 | F26: 821264 | G26: =ROUND(F26/$F$8*100,2) -> 0.15 | H26: =D26-F26 -> -155323 | I26: =ROUND(H26/F26*100,2) -> -18.91 | K26: =ROUND(A26/$A$8*100,5) -> 0.09906 | L26: =ROUND(D26/$D$8*100,5) -> 0.11683 | M26: =ROUND(F26/$F$8*100,5) -> 0.15387
A27: 136301 | B27: =ROUND(A27/$A$8*100,2) -> 0.02 | C27: 勞工保險－職災 | D27: 31507 | E27: =ROUND(D27/$D$8*100,2) -> 0.01 | F27: 135350 | G27: =ROUND(F27/$F$8*100,2) -> 0.03 | H27: =D27-F27 -> -103843 | I27: =ROUND(H27/F27*100,2) -> -76.72 | K27: =ROUND(A27/$A$8*100,5) -> 0.01963 | L27: =ROUND(D27/$D$8*100,5) -> 0.00553 | M27: =ROUND(F27/$F$8*100,5) -> 0.02536
A28: 425431 | B28: =ROUND(A28/$A$8*100,2) -> 0.06 | C28: 就業保險 | D28: 294798 | E28: =ROUND(D28/$D$8*100,2) -> 0.05 | F28: 308466 | G28: =ROUND(F28/$F$8*100,2) -> 0.06 | H28: =D28-F28 -> -13668 | I28: =ROUND(H28/F28*100,2) -> -4.43 | K28: =ROUND(A28/$A$8*100,5) -> 0.06126 | L28: =ROUND(D28/$D$8*100,5) -> 0.05172 | M28: =ROUND(F28/$F$8*100,5) -> 0.05779
A29: 124 | B29: =ROUND(A29/$A$8*100,2) -> 0 | C29: 農保 | D29: 92 | E29: =ROUND(D29/$D$8*100,2) -> 0 | F29: 184 | G29: =ROUND(F29/$F$8*100,2) -> 0 | H29: =D29-F29 -> -92 | I29: =ROUND(H29/F29*100,2) -> -50 | K29: =ROUND(A29/$A$8*100,5) -> 2e-05 | L29: =ROUND(D29/$D$8*100,5) -> 2e-05 | M29: =ROUND(F29/$F$8*100,5) -> 3e-05
A30: 123 | B30: =ROUND(A30/$A$8*100,2) -> 0 | C30: 農職保 | D30: 92 | E30: =ROUND(D30/$D$8*100,2) -> 0 | F30: 20 | G30: =ROUND(F30/$F$8*100,2) -> 0 | H30: =D30-F30 -> 72 | I30: =ROUND(H30/F30*100,2) -> 360 | K30: =ROUND(A30/$A$8*100,5) -> 2e-05 | L30: =ROUND(D30/$D$8*100,5) -> 2e-05 | M30: =ROUND(F30/$F$8*100,5) -> 0
A31: 87353 | B31: =ROUND(A31/$A$8*100,2) -> 0.01 | C31: 職災保護－已加保勞工 | D31: 20484 | E31: =ROUND(D31/$D$8*100,2) -> 0 | F31: 72194 | G31: =ROUND(F31/$F$8*100,2) -> 0.01 | H31: =D31-F31 -> -51710 | I31: =ROUND(H31/F31*100,2) -> -71.63 | K31: =ROUND(A31/$A$8*100,5) -> 0.01258 | L31: =ROUND(D31/$D$8*100,5) -> 0.00359 | M31: =ROUND(F31/$F$8*100,5) -> 0.01353
A32: 632 | B32: =ROUND(A32/$A$8*100,2) -> 0 | C32: 職災保護－未加保勞工 | D32: 116 | E32: =ROUND(D32/$D$8*100,2) -> 0 | F32: 331 | G32: =ROUND(F32/$F$8*100,2) -> 0 | H32: =D32-F32 -> -215 | I32: =ROUND(H32/F32*100,2) -> -64.95 | K32: =ROUND(A32/$A$8*100,5) -> 9e-05 | L32: =ROUND(D32/$D$8*100,5) -> 2e-05 | M32: =ROUND(F32/$F$8*100,5) -> 6e-05
A33: 0 | B33: =ROUND(A33/$A$8*100,2) -> 0 | C33: 勞職保及保護 | D33: 111559 | E33: =ROUND(D33/$D$8*100,2) -> 0.02 | F33: 0 | G33: =ROUND(F33/$F$8*100,2) -> 0 | H33: =D33-F33 -> 111559 | I33: 0 | K33: =ROUND(A33/$A$8*100,5) -> 0 | L33: =ROUND(D33/$D$8*100,5) -> 0.01957 | M33: =ROUND(F33/$F$8*100,5) -> 0
A34: 441507016 | B34: =ROUND(A34/$A$8*100,2) -> 63.58 | C34: 保險收入 | D34: =D35+D42 -> 499649073 | E34: =ROUND(D34/$D$8*100,2) -> 87.66 | F34: =F35+F42 -> 477611869 | G34: =ROUND(F34/$F$8*100,2) -> 89.49 | H34: =D34-F34 -> 22037204 | I34: =ROUND(H34/F34*100,2) -> 4.61 | K34: =ROUND(A34/$A$8*100,5) -> 63.57821 | L34: =ROUND(D34/$D$8*100,5) -> 87.65905 | M34: =ROUND(F34/$F$8*100,5) -> 89.48551
A35: 441051718 | B35: =ROUND(A35/$A$8*100,2) -> 63.51 | C35: 保費收入 | D35: =SUM(D36:D41) -> 479888341 | E35: =ROUND(D35/$D$8*100,2) -> 84.19 | F35: =SUM(F36:F41) -> 466231821 | G35: =ROUND(F35/$F$8*100,2) -> 87.35 | H35: =D35-F35 -> 13656520 | I35: =ROUND(H35/F35*100,2) -> 2.93 | K35: =ROUND(A35/$A$8*100,5) -> 63.51265 | L35: =ROUND(D35/$D$8*100,5) -> 84.1922 | M35: =ROUND(F35/$F$8*100,5) -> 87.35334
A36: 400600454 | B36: =ROUND(A36/$A$8*100,2) -> 57.69 | C36: 勞工保險－普通 | D36: 436584448 | E36: =ROUND(D36/$D$8*100,2) -> 76.59 | F36: 424680213 | G36: =ROUND(F36/$F$8*100,2) -> 79.57 | H36: =D36-F36 -> 11904235 | I36: =ROUND(H36/F36*100,2) -> 2.8 | K36: =ROUND(A36/$A$8*100,5) -> 57.68755 | L36: =ROUND(D36/$D$8*100,5) -> 76.59492 | M36: =ROUND(F36/$F$8*100,5) -> 79.56822
A37: 8026727 | B37: =ROUND(A37/$A$8*100,2) -> 1.16 | C37: 勞工保險－職災 | D37: 2881067 | E37: =ROUND(D37/$D$8*100,2) -> 0.51 | F37: 8385038 | G37: =ROUND(F37/$F$8*100,2) -> 1.57 | H37: =D37-F37 -> -5503971 | I37: =ROUND(H37/F37*100,2) -> -65.64 | K37: =ROUND(A37/$A$8*100,5) -> 1.15587 | L37: =ROUND(D37/$D$8*100,5) -> 0.50546 | M37: =ROUND(F37/$F$8*100,5) -> 1.57102
A38: 29065026 | B38: =ROUND(A38/$A$8*100,2) -> 4.19 | C38: 就業保險 | D38: 30396889 | E38: =ROUND(D38/$D$8*100,2) -> 5.33 | F38: 29807684 | G38: =ROUND(F38/$F$8*100,2) -> 5.58 | H38: =D38-F38 -> 589205 | I38: =ROUND(H38/F38*100,2) -> 1.98 | K38: =ROUND(A38/$A$8*100,5) -> 4.18544 | L38: =ROUND(D38/$D$8*100,5) -> 5.33287 | M38: =ROUND(F38/$F$8*100,5) -> 5.58478
A39: 3281172 | B39: =ROUND(A39/$A$8*100,2) -> 0.47 | C39: 農保 | D39: 3169722 | E39: =ROUND(D39/$D$8*100,2) -> 0.56 | F39: 3250886 | G39: =ROUND(F39/$F$8*100,2) -> 0.61 | H39: =D39-F39 -> -81164 | I39: =ROUND(H39/F39*100,2) -> -2.5 | K39: =ROUND(A39/$A$8*100,5) -> 0.4725 | L39: =ROUND(D39/$D$8*100,5) -> 0.5561 | M39: =ROUND(F39/$F$8*100,5) -> 0.60909
A40: 78338 | B40: =ROUND(A40/$A$8*100,2) -> 0.01 | C40: 農職保 | D40: 96000 | E40: =ROUND(D40/$D$8*100,2) -> 0.02 | F40: 108000 | G40: =ROUND(F40/$F$8*100,2) -> 0.02 | H40: =D40-F40 -> -12000 | I40: =ROUND(H40/F40*100,2) -> -11.11 | K40: =ROUND(A40/$A$8*100,5) -> 0.01128 | L40: =ROUND(D40/$D$8*100,5) -> 0.01684 | M40: =ROUND(F40/$F$8*100,5) -> 0.02023
A41: 0 | B41: =ROUND(A41/$A$8*100,2) -> 0 | C41: 勞職保及保護 | D41: 6760215 | E41: =ROUND(D41/$D$8*100,2) -> 1.19 | F41: 0 | G41: =ROUND(F41/$F$8*100,2) -> 0 | H41: =D41-F41 -> 6760215 | I41: 0 | L41: =ROUND(D41/$D$8*100,5) -> 1.18602
A42: 455298 | B42: =ROUND(A42/$A$8*100,2) -> 0.07 | C42: 收回責任準備 | D42: =SUM(D43:D49) -> 19760732 | E42: =ROUND(D42/$D$8*100,2) -> 3.47 | F42: =SUM(F43:F48) -> 11380048 | G42: =ROUND(F42/$F$8*100,2) -> 2.13 | H42: =D42-F42 -> 8380684 | I42: =ROUND(H42/F42*100,2) -> 73.64 | K42: =ROUND(A42/$A$8*100,5) -> 0.06556 | L42: =ROUND(D42/$D$8*100,5) -> 3.46685 | M42: =ROUND(F42/$F$8*100,5) -> 2.13217
A43: 0 | B43: =ROUND(A43/$A$8*100,2) -> 0 | C43: 勞工保險－普通 | D43: =23569189-5000000 -> 18569189 | E43: =ROUND(D43/$D$8*100,2) -> 3.26 | F43: 10816936 | G43: =ROUND(F43/$F$8*100,2) -> 2.03 | H43: =D43-F43 -> 7752253 | I43: =ROUND(H43/F43*100,2) -> 71.67 | K43: =ROUND(A43/$A$8*100,5) -> 0 | L43: =ROUND(D43/$D$8*100,5) -> 3.2578 | M43: =ROUND(F43/$F$8*100,5) -> 2.02666
A44: 0 | B44: =ROUND(A44/$A$8*100,2) -> 0 | C44: 勞工保險－職災 | D44: 0 | E44: =ROUND(D44/$D$8*100,2) -> 0 | F44: 0 | G44: =ROUND(F44/$F$8*100,2) -> 0 | H44: =D44-F44 -> 0 | I44: 0 | K44: =ROUND(A44/$A$8*100,5) -> 0 | L44: =ROUND(D44/$D$8*100,5) -> 0 | M44: =ROUND(F44/$F$8*100,5) -> 0
A45: 0 | B45: =ROUND(A45/$A$8*100,2) -> 0 | C45: 就業保險 | D45: 0 | E45: =ROUND(D45/$D$8*100,2) -> 0 | F45: 0 | G45: =ROUND(F45/$F$8*100,2) -> 0 | H45: 0 | I45: 0 | K45: =ROUND(A45/$A$8*100,5) -> 0 | L45: =ROUND(D45/$D$8*100,5) -> 0 | M45: =ROUND(F45/$F$8*100,5) -> 0
A46: 0 | B46: =ROUND(A46/$A$8*100,2) -> 0 | C46: 農職保 | D46: 33176 | E46: =ROUND(D46/$D$8*100,2) -> 0.01 | F46: 0 | G46: =ROUND(F46/$F$8*100,2) -> 0 | H46: =D46-F46 -> 33176 | I46: 0
A47: 437779 | B47: =ROUND(A47/$A$8*100,2) -> 0.06 | C47: 職災保護－已加保勞工 | D47: =151725-1000 -> 150725 | E47: =ROUND(D47/$D$8*100,2) -> 0.03 | F47: 555233 | G47: =ROUND(F47/$F$8*100,2) -> 0.1 | H47: =D47-F47 -> -404508 | I47: =ROUND(H47/F47*100,2) -> -72.85 | K47: =ROUND(A47/$A$8*100,5) -> 0.06304 | L47: =ROUND(D47/$D$8*100,5) -> 0.02644 | M47: =ROUND(F47/$F$8*100,5) -> 0.10403
A48: 17519 | B48: =ROUND(A48/$A$8*100,2) -> 0 | C48: 職災保護－未加保勞工 | D48: 0 | E48: =ROUND(D48/$D$8*100,2) -> 0 | F48: 7879 | G48: =ROUND(F48/$F$8*100,2) -> 0 | H48: =D48-F48 -> -7879 | I48: =ROUND(H48/F48*100,2) -> -100 | K48: =ROUND(A48/$A$8*100,5) -> 0.00252 | L48: =ROUND(D48/$D$8*100,5) -> 0 | M48: =ROUND(F48/$F$8*100,5) -> 0.00148
A49: 0 | B49: =ROUND(A49/$A$8*100,2) -> 0 | C49: 勞職保及保護 | D49: =950096+9546-1000+50000-1000 -> 1007642 | E49: =ROUND(D49/$D$8*100,2) -> 0.18 | F49: 0 | G49: =ROUND(F49/$F$8*100,2) -> 0 | H49: =D49-F49 -> 1007642 | I49: 0 | L49: =ROUND(D49/$D$8*100,5) -> 0.17678
A50: 23945205 | B50: =ROUND(A50/$A$8*100,2) -> 3.45 | C50: 其他業務收入 | D50: =D51+D56 -> 33499014 | E50: =ROUND(D50/$D$8*100,2) -> 5.88 | F50: =F51+F56 -> 25633493 | G50: =ROUND(F50/$F$8*100,2) -> 4.8 | H50: =D50-F50 -> 7865521 | I50: =ROUND(H50/F50*100,2) -> 30.68 | K50: =ROUND(A50/$A$8*100,5) -> 3.44817 | L50: =ROUND(D50/$D$8*100,5) -> 5.87711 | M50: =ROUND(F50/$F$8*100,5) -> 4.8027
A51: 23882324 | B51: =ROUND(A51/$A$8*100,2) -> 3.44 | C51: 其他補助收入 | D51: =SUM(D52:D55) -> 33499014 | E51: =ROUND(D51/$D$8*100,2) -> 5.88 | F51: =SUM(F52:F55) -> 25633493 | G51: =ROUND(F51/$F$8*100,2) -> 4.8 | H51: =D51-F51 -> 7865521 | I51: =ROUND(H51/F51*100,2) -> 30.68 | K51: =ROUND(A51/$A$8*100,5) -> 3.43912 | L51: =ROUND(D51/$D$8*100,5) -> 5.87711 | M51: =ROUND(F51/$F$8*100,5) -> 4.8027
A52: 20000000 | B52: =ROUND(A52/$A$8*100,2) -> 2.88 | C52: 勞工保險－普通 | D52: 30000000 | E52: =ROUND(D52/$D$8*100,2) -> 5.26 | F52: 22000000 | G52: =ROUND(F52/$F$8*100,2) -> 4.12 | H52: =D52-F52 -> 8000000 | I52: =ROUND(H52/F52*100,2) -> 36.36 | K52: =ROUND(A52/$A$8*100,5) -> 2.88005 | L52: =ROUND(D52/$D$8*100,5) -> 5.26324 | M52: =ROUND(F52/$F$8*100,5) -> 4.12193
A53: 3662324 | B53: =ROUND(A53/$A$8*100,2) -> 0.53 | C53: 農保 | D53: 3468014 | E53: =ROUND(D53/$D$8*100,2) -> 0.61 | F53: 3579664 | G53: =ROUND(F53/$F$8*100,2) -> 0.67 | H53: =D53-F53 -> -111650 | I53: =ROUND(H53/F53*100,2) -> -3.12 | K53: =ROUND(A53/$A$8*100,5) -> 0.52738 | L53: =ROUND(D53/$D$8*100,5) -> 0.60843 | M53: =ROUND(F53/$F$8*100,5) -> 0.67069
A54: 200000 | B54: =ROUND(A54/$A$8*100,2) -> 0.03 | C54: 農職保 | D54: 0 | E54: =ROUND(D54/$D$8*100,2) -> 0 | F54: 13829 | G54: =ROUND(F54/$F$8*100,2) -> 0 | H54: =D54-F54 -> -13829 | I54: =ROUND(H54/F54*100,2) -> -100 | K54: =ROUND(A54/$A$8*100,5) -> 0.0288 | L54: =ROUND(D54/$D$8*100,5) -> 0 | M54: =ROUND(F54/$F$8*100,5) -> 0.00259
A55: 20000 | B55: =ROUND(A55/$A$8*100,2) -> 0 | C55: 職災保護－未加保勞工 | D55: 31000 | E55: =ROUND(D55/$D$8*100,2) -> 0.01 | F55: 40000 | G55: =ROUND(F55/$F$8*100,2) -> 0.01 | H55: =D55-F55 -> -9000 | I55: =ROUND(H55/F55*100,2) -> -22.5 | K55: =ROUND(A55/$A$8*100,5) -> 0.00288 | L55: =ROUND(D55/$D$8*100,5) -> 0.00544 | M55: =ROUND(F55/$F$8*100,5) -> 0.00749
A56: 62881 | B56: =ROUND(A56/$A$8*100,2) -> 0.01 | C56: 雜項業務收入 | D56: =SUM(D57:D59) -> 0 | E56: =ROUND(D56/$D$8*100,2) -> 0 | F56: =SUM(F57:F59) -> 0 | G56: =ROUND(F56/$F$8*100,2) -> 0 | H56: =D56-F56 -> 0 | I56: 0 | K56: =ROUND(A56/$A$8*100,5) -> 0.00906 | L56: =ROUND(D56/$D$8*100,5) -> 0 | M56: =ROUND(F56/$F$8*100,5) -> 0
A57: 62881 | B57: =ROUND(A57/$A$8*100,2) -> 0.01 | C57: 勞工保險－普通 | D57: 0 | E57: =ROUND(D57/$D$8*100,2) -> 0 | F57: 0 | G57: =ROUND(F57/$F$8*100,2) -> 0 | H57: =D57-F57 -> 0 | I57: - | K57: =ROUND(A57/$A$8*100,5) -> 0.00906 | L57: =ROUND(D57/$D$8*100,5) -> 0 | M57: =ROUND(F57/$F$8*100,5) -> 0
A58: 0 | B58: =ROUND(A58/$A$8*100,2) -> 0 | C58: 職災保護－已加保勞工 | D58: 0 | E58: =ROUND(D58/$D$8*100,2) -> 0 | F58: 0 | G58: =ROUND(F58/$F$8*100,2) -> 0 | H58: =D58-F58 -> 0 | I58: - | K58: =ROUND(A58/$A$8*100,5) -> 0 | L58: =ROUND(D58/$D$8*100,5) -> 0 | M58: =ROUND(F58/$F$8*100,5) -> 0
A59: 0 | B59: =ROUND(A59/$A$8*100,2) -> 0 | C59: 職災保護－未加保勞工 | D59: 0 | E59: =ROUND(D59/$D$8*100,2) -> 0 | F59: 0 | G59: =ROUND(F59/$F$8*100,2) -> 0 | H59: =D59-F59 -> 0 | I59: 0 | K59: =ROUND(A59/$A$8*100,5) -> 0 | L59: =ROUND(D59/$D$8*100,5) -> 0 | M59: =ROUND(F59/$F$8*100,5) -> 0
A60: 694763793 | B60: =ROUND(A60/$A$8*100,2) -> 100.05 | C60: 業務成本與費用 | D60: =D61+D64+D76+D99 -> 570248391 | E60: =ROUND(D60/$D$8*100,2) -> 100.05 | F60: =F61+F64+F76+F99 -> 533964543 | G60: =ROUND(F60/$F$8*100,2) -> 100.04 | H60: =D60-F60 -> 36283848 | I60: =ROUND(H60/F60*100,2) -> 6.8 | K60: =ROUND(A60/$A$8*100,5) -> 100.04787 | L60: =ROUND(D60/$D$8*100,5) -> 100.04508 | M60: =ROUND(F60/$F$8*100,5) -> 100.04377
A61: 37228 | B61: =ROUND(A61/$A$8*100,2) -> 0.01 | C61: 出租資產成本 | D61: =+D62 -> 39738 | E61: =ROUND(D61/$D$8*100,2) -> 0.01 | F61: =+F62 -> 21280 | G61: =ROUND(F61/$F$8*100,2) -> 0 | H61: =D61-F61 -> 18458 | I61: =ROUND(H61/F61*100,2) -> 86.74 | K61: =ROUND(A61/$A$8*100,5) -> 0.00536 | L61: =ROUND(D61/$D$8*100,5) -> 0.00697 | M61: =ROUND(F61/$F$8*100,5) -> 0.00399
A62: 37228 | B62: =ROUND(A62/$A$8*100,2) -> 0.01 | C62: 投資性不動產成本 | D62: =D63 -> 39738 | E62: =ROUND(D62/$D$8*100,2) -> 0.01 | F62: =F63 -> 21280 | G62: =ROUND(F62/$F$8*100,2) -> 0 | H62: =D62-F62 -> 18458 | I62: =ROUND(H62/F62*100,2) -> 86.74 | K62: =ROUND(A62/$A$8*100,5) -> 0.00536 | L62: =ROUND(D62/$D$8*100,5) -> 0.00697 | M62: =ROUND(F62/$F$8*100,5) -> 0.00399
A63: 37228 | B63: =ROUND(A63/$A$8*100,2) -> 0.01 | C63: 勞工保險－普通 | D63: 39738 | E63: =ROUND(D63/$D$8*100,2) -> 0.01 | F63: 21280 | G63: =ROUND(F63/$F$8*100,2) -> 0 | H63: =D63-F63 -> 18458 | I63: =ROUND(H63/F63*100,2) -> 86.74 | K63: =ROUND(A63/$A$8*100,5) -> 0.00536 | L63: =ROUND(D63/$D$8*100,5) -> 0.00697 | M63: =ROUND(F63/$F$8*100,5) -> 0.00399
A64: 163640884 | B64: =ROUND(A64/$A$8*100,2) -> 23.56 | C64: 投融資業務成本 | D64: =D65+D71+D73 -> 1003916 | E64: =ROUND(D64/$D$8*100,2) -> 0.18 | F64: =F65+F71+F73 -> 973763 | G64: =ROUND(F64/$F$8*100,2) -> 0.18 | H64: =D64-F64 -> 30153 | I64: =ROUND(H64/F64*100,2) -> 3.1 | K64: =ROUND(A64/$A$8*100,5) -> 23.56473 | L64: =ROUND(D64/$D$8*100,5) -> 0.17613 | M64: =ROUND(F64/$F$8*100,5) -> 0.18244
A65: 131388751 | B65: =ROUND(A65/$A$8*100,2) -> 18.92 | C65: 投資業務成本 | D65: =SUM(D66:D70) -> 935916 | E65: =ROUND(D65/$D$8*100,2) -> 0.16 | F65: =SUM(F66:F70) -> 905763 | G65: =ROUND(F65/$F$8*100,2) -> 0.17 | H65: =D65-F65 -> 30153 | I65: =ROUND(H65/F65*100,2) -> 3.33 | K65: =ROUND(A65/$A$8*100,5) -> 18.92034 | L65: =ROUND(D65/$D$8*100,5) -> 0.1642 | M65: =ROUND(F65/$F$8*100,5) -> 0.1697
A66: 131380419 | B66: =ROUND(A66/$A$8*100,2) -> 18.92 | C66: 勞工保險－普通 | D66: =923368+13091-1000 -> 935459 | E66: =ROUND(D66/$D$8*100,2) -> 0.16 | F66: 904909 | G66: =ROUND(F66/$F$8*100,2) -> 0.17 | H66: =D66-F66 -> 30550 | I66: =ROUND(H66/F66*100,2) -> 3.38 | K66: =ROUND(A66/$A$8*100,5) -> 18.91914 | L66: =ROUND(D66/$D$8*100,5) -> 0.16412 | M66: =ROUND(F66/$F$8*100,5) -> 0.16954
A67: 0 | B67: =ROUND(A67/$A$8*100,2) -> 0 | C67: 勞工保險－職災 | D67: 0 | E67: =ROUND(D67/$D$8*100,2) -> 0 | F67: 0 | G67: =ROUND(F67/$F$8*100,2) -> 0 | H67: =D67-F67 -> 0 | I67: 0 | K67: =ROUND(A67/$A$8*100,5) -> 0 | L67: =ROUND(D67/$D$8*100,5) -> 0 | M67: =ROUND(F67/$F$8*100,5) -> 0
A68: 8306 | B68: =ROUND(A68/$A$8*100,2) -> 0 | C68: 就業保險 | D68: 450 | E68: =ROUND(D68/$D$8*100,2) -> 0 | F68: 824 | G68: =ROUND(F68/$F$8*100,2) -> 0 | H68: =D68-F68 -> -374 | I68: =ROUND(H68/F68*100,2) -> -45.39 | K68: =ROUND(A68/$A$8*100,5) -> 0.0012 | L68: =ROUND(D68/$D$8*100,5) -> 8e-05 | M68: =ROUND(F68/$F$8*100,5) -> 0.00015
A69: 25 | B69: =ROUND(A69/$A$8*100,2) -> 0 | C69: 職災保護－已加保勞工 | D69: 2 | E69: =ROUND(D69/$D$8*100,2) -> 0 | F69: 30 | G69: =ROUND(F69/$F$8*100,2) -> 0 | H69: =D69-F69 -> -28 | I69: =ROUND(H69/F69*100,2) -> -93.33 | K69: =ROUND(A69/$A$8*100,5) -> 0 | L69: =ROUND(D69/$D$8*100,5) -> 0 | M69: =ROUND(F69/$F$8*100,5) -> 1e-05
A70: 0 | B70: =ROUND(A70/$A$8*100,2) -> 0 | C70: 勞職保及保護 | D70: 5 | E70: =ROUND(D70/$D$8*100,2) -> 0 | F70: 0 | G70: =ROUND(F70/$F$8*100,2) -> 0 | H70: =D70-F70 -> 5 | I70: 0 | L70: =ROUND(D70/$D$8*100,5) -> 0
A71: 43990 | B71: =ROUND(A71/$A$8*100,2) -> 0.01 | C71: 融資業務成本 | D71: =D72 -> 68000 | E71: =ROUND(D71/$D$8*100,2) -> 0.01 | F71: =F72 -> 68000 | G71: =ROUND(F71/$F$8*100,2) -> 0.01 | H71: =D71-F71 -> 0 | I71: =ROUND(H71/F71*100,2) -> 0 | K71: =ROUND(A71/$A$8*100,5) -> 0.00633 | L71: =ROUND(D71/$D$8*100,5) -> 0.01193 | M71: =ROUND(F71/$F$8*100,5) -> 0.01274
A72: 43990 | B72: =ROUND(A72/$A$8*100,2) -> 0.01 | C72: 勞工保險－普通 | D72: 68000 | E72: =ROUND(D72/$D$8*100,2) -> 0.01 | F72: 68000 | G72: =ROUND(F72/$F$8*100,2) -> 0.01 | H72: =D72-F72 -> 0 | I72: =ROUND(H72/F72*100,2) -> 0 | K72: =ROUND(A72/$A$8*100,5) -> 0.00633 | L72: =ROUND(D72/$D$8*100,5) -> 0.01193 | M72: =ROUND(F72/$F$8*100,5) -> 0.01274
A73: 32208144 | B73: =ROUND(A73/$A$8*100,2) -> 4.64 | C73: 兌換短絀 | D73: =D74+D75 -> 0 | E73: =ROUND(D73/$D$8*100,2) -> 0 | F73: =F74+F75 -> 0 | G73: =ROUND(F73/$F$8*100,2) -> 0 | H73: =H74 -> 0 | I73: 0 | K73: =ROUND(A73/$A$8*100,5) -> 4.63806 | L73: =ROUND(D73/$D$8*100,5) -> 0 | M73: =ROUND(F73/$F$8*100,5) -> 0
A74: 30413269 | B74: =ROUND(A74/$A$8*100,2) -> 4.38 | C74: 勞工保險－普通 | D74: 0 | E74: =ROUND(D74/$D$8*100,2) -> 0 | F74: 0 | G74: =ROUND(F74/$F$8*100,2) -> 0 | H74: 0 | I74: 0 | K74: =ROUND(A74/$A$8*100,5) -> 4.37959 | L74: =ROUND(D74/$D$8*100,5) -> 0 | M74: =ROUND(F74/$F$8*100,5) -> 0
A75: 1794875 | B75: =ROUND(A75/$A$8*100,2) -> 0.26 | C75: 就業保險 | D75: 0 | E75: =ROUND(D75/$D$8*100,2) -> 0 | F75: 0 | G75: =ROUND(F75/$F$8*100,2) -> 0 | H75: 0 | I75: 0 | K75: =ROUND(A75/$A$8*100,5) -> 0.25847 | L75: =ROUND(D75/$D$8*100,5) -> 0 | M75: =ROUND(F75/$F$8*100,5) -> 0
A76: 528468804 | B76: =ROUND(A76/$A$8*100,2) -> 76.1 | C76: 保險成本 | D76: =D77+D85+D91 -> 564491226 | E76: =ROUND(D76/$D$8*100,2) -> 99.04 | F76: =F77+F85+F91 -> 529456737 | G76: =ROUND(F76/$F$8*100,2) -> 99.2 | H76: =D76-F76 -> 35034489 | I76: =ROUND(H76/F76*100,2) -> 6.62 | K76: =ROUND(A76/$A$8*100,5) -> 76.10094 | L76: =ROUND(D76/$D$8*100,5) -> 99.03504 | M76: =ROUND(F76/$F$8*100,5) -> 99.19918
A77: 486815589 | B77: =ROUND(A77/$A$8*100,2) -> 70.1 | C77: 保險給付 | D77: =SUM(D78:D84) -> 558596726 | E77: =ROUND(D77/$D$8*100,2) -> 98 | F77: =SUM(F78:F84) -> 522018918 | G77: =ROUND(F77/$F$8*100,2) -> 97.81 | H77: =D77-F77 -> 36577808 | I77: =ROUND(H77/F77*100,2) -> 7.01 | K77: =ROUND(A77/$A$8*100,5) -> 70.10277 | L77: =ROUND(D77/$D$8*100,5) -> 98.0009 | M77: =ROUND(F77/$F$8*100,5) -> 97.80563
A78: 448797088 | B78: =ROUND(A78/$A$8*100,2) -> 64.63 | C78: 勞工保險－普通 | D78: 518440489 | E78: =ROUND(D78/$D$8*100,2) -> 90.96 | F78: 484271046 | G78: =ROUND(F78/$F$8*100,2) -> 90.73 | H78: =D78-F78 -> 34169443 | I78: =ROUND(H78/F78*100,2) -> 7.06 | K78: =ROUND(A78/$A$8*100,5) -> 64.628 | L78: =ROUND(D78/$D$8*100,5) -> 90.95584 | M78: =ROUND(F78/$F$8*100,5) -> 90.73318
A79: 7444884 | B79: =ROUND(A79/$A$8*100,2) -> 1.07 | C79: 勞工保險－職災 | D79: 2535367 | E79: =ROUND(D79/$D$8*100,2) -> 0.44 | F79: 7380933 | G79: =ROUND(F79/$F$8*100,2) -> 1.38 | H79: =D79-F79 -> -4845566 | I79: =ROUND(H79/F79*100,2) -> -65.65 | K79: =ROUND(A79/$A$8*100,5) -> 1.07208 | L79: =ROUND(D79/$D$8*100,5) -> 0.44481 | M79: =ROUND(F79/$F$8*100,5) -> 1.38289
A80: 23106476 | B80: =ROUND(A80/$A$8*100,2) -> 3.33 | C80: 就業保險 | D80: 23777464 | E80: =ROUND(D80/$D$8*100,2) -> 4.17 | F80: 22823256 | G80: =ROUND(F80/$F$8*100,2) -> 4.28 | H80: =D80-F80 -> 954208 | I80: =ROUND(H80/F80*100,2) -> 4.18 | K80: =ROUND(A80/$A$8*100,5) -> 3.3274 | L80: =ROUND(D80/$D$8*100,5) -> 4.17155 | M80: =ROUND(F80/$F$8*100,5) -> 4.27617
A81: 6868551 | B81: =ROUND(A81/$A$8*100,2) -> 0.99 | C81: 農保 | D81: 6623421 | E81: =ROUND(D81/$D$8*100,2) -> 1.16 | F81: 6794437 | G81: =ROUND(F81/$F$8*100,2) -> 1.27 | H81: =D81-F81 -> -171016 | I81: =ROUND(H81/F81*100,2) -> -2.52 | K81: =ROUND(A81/$A$8*100,5) -> 0.98909 | L81: =ROUND(D81/$D$8*100,5) -> 1.16202 | M81: =ROUND(F81/$F$8*100,5) -> 1.27301
A82: 72288 | B82: =ROUND(A82/$A$8*100,2) -> 0.01 | C82: 農職保 | D82: 129268 | E82: =ROUND(D82/$D$8*100,2) -> 0.02 | F82: 121849 | G82: =ROUND(F82/$F$8*100,2) -> 0.02 | H82: =D82-F82 -> 7419 | I82: =ROUND(H82/F82*100,2) -> 6.09 | K82: =ROUND(A82/$A$8*100,5) -> 0.01041 | L82: =ROUND(D82/$D$8*100,5) -> 0.02268 | M82: =ROUND(F82/$F$8*100,5) -> 0.02283
A83: 526300 | B83: =ROUND(A83/$A$8*100,2) -> 0.08 | C83: 職災保護－已加保勞工 | D83: =172207-1000 -> 171207 | E83: =ROUND(D83/$D$8*100,2) -> 0.03 | F83: 627397 | G83: =ROUND(F83/$F$8*100,2) -> 0.12 | H83: =D83-F83 -> -456190 | I83: =ROUND(H83/F83*100,2) -> -72.71 | K83: =ROUND(A83/$A$8*100,5) -> 0.07579 | L83: =ROUND(D83/$D$8*100,5) -> 0.03004 | M83: =ROUND(F83/$F$8*100,5) -> 0.11755
A84: 0 | B84: =ROUND(A84/$A$8*100,2) -> 0 | C84: 勞職保及保護 | D84: =6918744-7780+9546-1000 -> 6919510 | E84: =ROUND(D84/$D$8*100,2) -> 1.21 | F84: 0 | G84: =ROUND(F84/$F$8*100,2) -> 0 | H84: =D84-F84 -> 6919510 | I84: 0 | L84: =ROUND(D84/$D$8*100,5) -> 1.21397
A85: 40852563 | B85: =ROUND(A85/$A$8*100,2) -> 5.88 | C85: 提存責任準備 | D85: =SUM(D86:D90) -> 4976632 | E85: =ROUND(D85/$D$8*100,2) -> 0.87 | F85: =SUM(F86:F90) -> 6687325 | G85: =ROUND(F85/$F$8*100,2) -> 1.25 | H85: =D85-F85 -> -1710693 | I85: =ROUND(H85/F85*100,2) -> -25.58 | K85: =ROUND(A85/$A$8*100,5) -> 5.88288 | L85: =ROUND(D85/$D$8*100,5) -> 0.87311 | M85: =ROUND(F85/$F$8*100,5) -> 1.25294
A86: 35590076 | B86: =ROUND(A86/$A$8*100,2) -> 5.13 | C86: 勞工保險－普通 | D86: 0 | E86: =ROUND(D86/$D$8*100,2) -> 0 | F86: 0 | G86: =ROUND(F86/$F$8*100,2) -> 0 | H86: =D86-F86 -> 0 | I86: 0 | K86: =ROUND(A86/$A$8*100,5) -> 5.12507 | L86: =ROUND(D86/$D$8*100,5) -> 0 | M86: =ROUND(F86/$F$8*100,5) -> 0
A87: 737091 | B87: =ROUND(A87/$A$8*100,2) -> 0.11 | C87: 勞工保險－職災 | D87: 387583 | E87: =ROUND(D87/$D$8*100,2) -> 0.07 | F87: 1159558 | G87: =ROUND(F87/$F$8*100,2) -> 0.22 | H87: =D87-F87 -> -771975 | I87: =ROUND(H87/F87*100,2) -> -66.57 | K87: =ROUND(A87/$A$8*100,5) -> 0.10614 | L87: =ROUND(D87/$D$8*100,5) -> 0.068 | M87: =ROUND(F87/$F$8*100,5) -> 0.21726
A88: 4319223 | B88: =ROUND(A88/$A$8*100,2) -> 0.62 | C88: 就業保險 | D88: =4571039+2000 -> 4573039 | E88: =ROUND(D88/$D$8*100,2) -> 0.8 | F88: 5527767 | G88: =ROUND(F88/$F$8*100,2) -> 1.04 | H88: =D88-F88 -> -954728 | I88: =ROUND(H88/F88*100,2) -> -17.27 | K88: =ROUND(A88/$A$8*100,5) -> 0.62198 | L88: =ROUND(D88/$D$8*100,5) -> 0.8023 | M88: =ROUND(F88/$F$8*100,5) -> 1.03568
A89: 206173 | B89: =ROUND(A89/$A$8*100,2) -> 0.03 | C89: 農職保 | D89: 0 | E89: =ROUND(D89/$D$8*100,2) -> 0 | F89: 0 | G89: =ROUND(F89/$F$8*100,2) -> 0 | H89: =D89-F89 -> 0 | I89: 0 | K89: =ROUND(A89/$A$8*100,5) -> 0.02969 | L89: =ROUND(D89/$D$8*100,5) -> 0 | M89: =ROUND(F89/$F$8*100,5) -> 0
A90: 0 | B90: =ROUND(A90/$A$8*100,2) -> 0 | C90: 職災保護－未加保勞工 | D90: 16010 | E90: =ROUND(D90/$D$8*100,2) -> 0 | F90: 0 | G90: =ROUND(F90/$F$8*100,2) -> 0 | H90: =D90-F90 -> 16010 | I90: 0 | L90: =ROUND(D90/$D$8*100,5) -> 0.00281
A91: 800652 | B91: =ROUND(A91/$A$8*100,2) -> 0.12 | C91: 呆帳 | D91: =SUM(D92:D98) -> 917868 | E91: =ROUND(D91/$D$8*100,2) -> 0.16 | F91: =SUM(F92:F98) -> 750494 | G91: =ROUND(F91/$F$8*100,2) -> 0.14 | H91: =D91-F91 -> 167374 | I91: =ROUND(H91/F91*100,2) -> 22.3 | K91: =ROUND(A91/$A$8*100,5) -> 0.1153 | L91: =ROUND(D91/$D$8*100,5) -> 0.16103 | M91: =ROUND(F91/$F$8*100,5) -> 0.14061
A92: 734129 | B92: =ROUND(A92/$A$8*100,2) -> 0.11 | C92: 勞工保險－普通 | D92: 835749 | E92: =ROUND(D92/$D$8*100,2) -> 0.15 | F92: 681537 | G92: =ROUND(F92/$F$8*100,2) -> 0.13 | H92: =D92-F92 -> 154212 | I92: =ROUND(H92/F92*100,2) -> 22.63 | K92: =ROUND(A92/$A$8*100,5) -> 0.10572 | L92: =ROUND(D92/$D$8*100,5) -> 0.14662 | M92: =ROUND(F92/$F$8*100,5) -> 0.12769
A93: 20949 | B93: =ROUND(A93/$A$8*100,2) -> 0 | C93: 勞工保險－職災 | D93: 8196 | E93: =ROUND(D93/$D$8*100,2) -> 0 | F93: 19994 | G93: =ROUND(F93/$F$8*100,2) -> 0 | H93: =D93-F93 -> -11798 | I93: =ROUND(H93/F93*100,2) -> -59.01 | K93: =ROUND(A93/$A$8*100,5) -> 0.00302 | L93: =ROUND(D93/$D$8*100,5) -> 0.00144 | M93: =ROUND(F93/$F$8*100,5) -> 0.00375
A94: 38985 | B94: =ROUND(A94/$A$8*100,2) -> 0.01 | C94: 就業保險 | D94: 50878 | E94: =ROUND(D94/$D$8*100,2) -> 0.01 | F94: 40128 | G94: =ROUND(F94/$F$8*100,2) -> 0.01 | H94: =D94-F94 -> 10750 | I94: =ROUND(H94/F94*100,2) -> 26.79 | K94: =ROUND(A94/$A$8*100,5) -> 0.00561 | L94: =ROUND(D94/$D$8*100,5) -> 0.00893 | M94: =ROUND(F94/$F$8*100,5) -> 0.00752
A95: 5706 | B95: =ROUND(A95/$A$8*100,2) -> 0 | C95: 農保 | D95: 6654 | E95: =ROUND(D95/$D$8*100,2) -> 0 | F95: 8835 | G95: =ROUND(F95/$F$8*100,2) -> 0 | H95: =D95-F95 -> -2181 | I95: =ROUND(H95/F95*100,2) -> -24.69 | K95: =ROUND(A95/$A$8*100,5) -> 0.00082 | L95: =ROUND(D95/$D$8*100,5) -> 0.00117 | M95: =ROUND(F95/$F$8*100,5) -> 0.00166
A96: 140 | B96: =ROUND(A96/$A$8*100,2) -> 0 | C96: 職災保護－已加保勞工 | D96: 0 | E96: =ROUND(D96/$D$8*100,2) -> 0 | F96: 0 | G96: =ROUND(F96/$F$8*100,2) -> 0 | H96: 0 | I96: 0 | K96: =ROUND(A96/$A$8*100,5) -> 2e-05 | L96: =ROUND(D96/$D$8*100,5) -> 0 | M96: =ROUND(F96/$F$8*100,5) -> 0
A97: 743 | B97: =ROUND(A97/$A$8*100,2) -> 0 | C97: 職災保護－未加保勞工 | D97: 0 | E97: =ROUND(D97/$D$8*100,2) -> 0 | F97: 0 | G97: =ROUND(F97/$F$8*100,2) -> 0 | H97: =D97-F97 -> 0 | I97: 0 | K97: =ROUND(A97/$A$8*100,5) -> 0.00011 | L97: =ROUND(D97/$D$8*100,5) -> 0 | M97: =ROUND(F97/$F$8*100,5) -> 0
A98: 0 | B98: =ROUND(A98/$A$8*100,2) -> 0 | C98: 勞職保及保護 | D98: 16391 | E98: =ROUND(D98/$D$8*100,2) -> 0 | F98: 0 | G98: =ROUND(F98/$F$8*100,2) -> 0 | H98: =D98-F98 -> 16391 | I98: 0 | L98: =ROUND(D98/$D$8*100,5) -> 0.00288
A99: 2616877 | B99: =ROUND(A99/$A$8*100,2) -> 0.38 | C99: 其他業務成本 | D99: =SUM(D100:D100) -> 4713511 | E99: =ROUND(D99/$D$8*100,2) -> 0.83 | F99: =SUM(F100:F100) -> 3512763 | G99: =ROUND(F99/$F$8*100,2) -> 0.66 | H99: =D99-F99 -> 1200748 | I99: =ROUND(H99/F99*100,2) -> 34.18 | K99: =ROUND(A99/$A$8*100,5) -> 0.37684 | L99: =ROUND(D99/$D$8*100,5) -> 0.82694 | M99: =ROUND(F99/$F$8*100,5) -> 0.65815
A100: 2616877 | B100: =ROUND(A100/$A$8*100,2) -> 0.38 | C100: 雜項業務成本 | D100: =SUM(D101:D105) -> 4713511 | E100: =ROUND(D100/$D$8*100,2) -> 0.83 | F100: =SUM(F101:F105) -> 3512763 | G100: =ROUND(F100/$F$8*100,2) -> 0.66 | H100: =D100-F100 -> 1200748 | I100: =ROUND(H100/F100*100,2) -> 34.18 | K100: =ROUND(A100/$A$8*100,5) -> 0.37684 | L100: =ROUND(D100/$D$8*100,5) -> 0.82694 | M100: =ROUND(F100/$F$8*100,5) -> 0.65815
A101: 0 | B101: =ROUND(A101/$A$8*100,2) -> 0 | C101: 勞工保險-普通 | D101: 0 | E101: =ROUND(D101/$D$8*100,2) -> 0 | F101: 0 | G101: =ROUND(F101/$F$8*100,2) -> 0 | H101: =D101-F101 -> 0 | I101: 0 | K101: =ROUND(A101/$A$8*100,5) -> 0 | L101: =ROUND(D101/$D$8*100,5) -> 0 | M101: =ROUND(F101/$F$8*100,5) -> 0
...

Sheet 收支餘絀預計表說明
A1: 勞 動 部 勞 工 保 險 局
A2: 勞 工 保 險 局 作 業 基 金
A3: 收支餘絀預計表說明
A4: 中華民國111年度
A6: 一、本年度業務收入569,991,416千元：
A7: （一）租金及權利金收入280,944千元，係基金出租投資性不動產所獲得之收入等。
A8: （二）投融資業務收入36,562,385千元，係本基金投資運用收益、存款利息收入及融資業 務收入。
A9: （三）保險收入499,649,073千元，包含保費收入479,888,341千元及收回責任準備 19,760,732千元。
A10: （四）其他業務收入33,499,014千元，係政府撥補勞工保險基金、農保虧損由政府補助、 未加入勞工保險而遭遇職業災害勞工之各項補助收入等。
A11: 二、本年度業務成本與費用570,248,391千元：
A12: （一）出租資產成本39,738千元，係提列投資取得不動產之折舊及基金不動產鑑價費用、 基金投資不動產之地價稅及房屋修護費用等。
A13: （二）投融資業務成本1,003,916千元，係本基金投資運用之委託經營經理費、國外投資 保管費及被保險人貸款手續費等。
... A15: （四）其他業務成本4,713,511千元，係依就業保險法第12條第3項規定辦理促進就業等業 務、農保虧損借款之利息支出、政府對未加保勞工而遭遇職業災害者之各項補助 及依勞工職業災害保險及保護法第62條規定辦理職業災害預防及重建等業務。
A16: 三、 | B16: 本年度業務外收入257,048千元：
A17: （一）財務收入421千元，係利息收入。
A18: （二）其他業務外收入256,627千元，係違規罰款收入、收回呆帳及雜項收入等。
A19: 四、本年度業務外費用73千元，係應付保管款滿4年轉雜項收入後再提出申請等。
A20: 五、本年度收支相抵後，賸餘無列數。

Sheet 餘絀撥補預計表
A1: 勞 動 部 勞 工 保 險 局
A2: 勞 工 保 險 局 作 業 基 金
A3: 餘絀撥補預計表
A4: 中華民國111年度 單位：新臺幣千元
A5: 上年度預算數 | C5: 項目 | D5: 本年度預算數 | F5: 說 明
A6: 金 額 | B6: ％ | D6: 金 額 | E6: ％
A8: - | B8: - | C8: 賸餘之部 | D8: - | E8: -
A9: - | B9: - | C9: 本期賸餘 | D9: - | E9: -
A10: - | B10: - | C10: 未分配賸餘 | D10: - | E10: -

Sheet 現金流量預計表-總
A1: 勞 動 部 勞 工 保 險 局
A2: 勞 工 保 險 局 作 業 基 金
A3: 現金流量預計表
A4: 中華民國111年度 單位：新臺幣千元
A5: 項目 | B5: 預算數 | C5: 說明
A9: 業務活動之現金流量
A10: 本期賸餘（短絀） | B10: 0
A11: 利息股利之調整 | B11: =-D11+D12 -> -6402828 | C11: 1.利息收入 | D11: 6416646 | E11: 千元
C12: 2.利息費用 | D12: 13818 | E12: 千元
A13: 未計利息股利之本期賸餘（短絀） | B13: =+B10+B11 -> -6402828
A14: 調整項目 | B14: =D14+D15+D16+D17+D18+D19+D20 -> -13751278 | C14: 1.提存呆帳 | D14: 917868 | E14: 千元
C15: 2.收回責任準備 | D15: -14784100 | E15: 千元
C16: 3.折舊 | D16: 16155 | E16: 千元
C17: 4.攤銷 | D17: 609 | E17: 千元
C18: 5.流動資產淨減 | D18: 184358 | E18: 千元
C19: 6.流動負債淨減 | D19: -25253 | E19: 千元
C20: 7.其他 | D20: -60915 | E20: 千元
A21: 未計利息股利之現金流入（流出） | B21: =+B13+B14 -> -20154106
A22: 收取利息 | B22: 421 | C22: 收取利息421千元。
A23: 業務活動之淨現金流入（流出） | B23: =+B21+B22 -> -20153685
A24: 投資活動之現金流量
A25: 減少流動金融資產及短期貸墊款 | B25: 5822990 | C25: 係勞工保險業務減少流動金融資產4,808,700千元及短期貸款347,000千元、勞職保及保護業務減少流動金融資產667,290千元。
A26: 減少投資、長期應收款、貸墊款及準備金 | B26: 21297545 | C26: 係勞工保險業務減少投資-非流動金融資產10,237,745千元及長期貸款10,900,000千元、勞職保及保護業務減少投資-非流動金融資產159,800千元。
A27: 減少無形資產及其他資產 | B27: 0 | C27: 係勞工保險業務減少其他資產千元。
A28: 收取利息 | B28: 6563326 | C28: 收取利息6,563,326千元。
A29: 增加流動金融資產及短期貸墊款 | B29: -1909191 | C29: 係就業保險業務增加流動金融資產1,799,991千元及職業災害勞工保護增加流動金融資產109,200千元。
A30: 增加投資、長期應收款、貸墊款及準備金 | B30: -14072460 | C30: 係勞工保險業務增加長期貸款10,169,315千元、就業保險業務增加投資-非流動金融資產3,743,675千元及職業災害勞工保護增加投資-非流動金融資產159,470千元。
A31: 增加無形資產及其他資產 | B31: 0 | C31: 係勞職保及保護業務增加無形資產24,000千元。
A32: 投資活動之淨現金流入（流出） | B32: =SUM(B25:B31) -> 17702210
A33: 籌資活動之現金流量
A34: 增加短期債務、流動金融負債及其他負債 | B34: 0 | C34: 係勞職保及保護業務增加其他負債36,343,568千元。
A35: 減少短期債務、流動金融負債及其他負債 | B35: -347000 | C35: 係農保及農職保業務減少短期債務347,000千元。
A36: 支付利息 | B36: -13818 | C36: 支付利息13,818千元。
A37: 籌資活動之淨現金流入（流出） | B37: =SUM(B34:B36) -> -360818
A38: 現金及約當現金之淨增（淨減） | B38: =B23+B32+B37 -> -2812293
A39: 期初現金及約當現金 | B39: 42206622
A40: 期末現金及約當現金 | B40: 39394329
A43: 補充說明：不影響現金流量之投資及籌資活動係111年5月1日配合「勞工職業災害保險及保護法」施行，將原列於 「勞工保險業務」項下職業災害保險、「職業災害勞工保護業務」整併為「勞職保及保護」，爰移列 項目包括： 1.流動金融資產：減少勞工保險–職災178億2,410萬元，職災保護33億7,966萬元，同額增加勞職保及 保護212億376萬元。 2.投資-非流動金融資產：減少勞工保險–職災36億9,204萬5千元，職災保護55億8,341萬元，同額增加 勞職保及保護92億7,545萬5千元。 3.其他負債：減少勞工保險–職災254億9,285萬1千元及職災保護108億5,101萬7千元(包含110年度勞工 保險–職災收支結餘40％之二分之一2億3,191萬2千元作為111年度職災保護專款)，同額增加勞職保 及保護363億4,386萬8千元。

Sheet 租金及權利金收入明細表
A1: 勞 動 部 勞 工 保 險 局
A2: 勞 工 保 險 局 作 業 基 金
A3: 租金及權利金收入明細表
A4: 中華民國111年度 單位：新臺幣千元
A5: 科目及業務項目 | C5: 預 算 數 | E5: 說 明
A9: 租金及權利金收入 | C9: =+C10 -> 280944 | E9: 本科目全數由勞動部勞動基金運用局辦理。
A10: 勞工保險 | C10: =+C11 -> 280944
A11: 投資性不動產收入 | B11: 年 | C11: =+C12 -> 280944 | E11: 係基金出租投資性不動產平均營運量1,631,412千元所獲得之收入等，詳第65頁投資性不動產收入分析表。
A12: 普通事故 | B12: 年 | C12: 280944

Sheet 投融資業務收入明細表 
A1: 勞 動 部 勞 工 保 險 局
A2: 勞 工 保 險 局 作 業 基 金
A3: 投融資業務收入明細表
A4: 中華民國111年度 單位：新臺幣千元
A5: 科目及業務項目 | B5: 單位 | C5: 預 算 數 | F5: 說明
C6: 數 量 (業務量) | D6: 利(費)率 | E6: 金 額
A9: 投融資業務收入 | B9: 年 | C9: =C10+C32+C45+C40+C49 -> 938983630 | E9: =E10+E32+E45+E40+E49 -> 36562385 | F9: 本科目勞動部勞工保險局辦理520,984千元；勞動部勞動基金運用局辦理36,041,401千元。 | G9: =+I9-H9 -> 36041401 | H9: =+E40+I25 -> 520984 | I9: =+E9 -> 36562385 | L9: 1631412 | M9: =C9+L9 -> 940615042 | N9: =M9-C40 -> 940155042
A10: 勞工保險 | C10: =+C11+C24+C26 -> 749852560 | E10: =+E11+E24+E26 -> 34702140
A11: 投資業務收入 | B11: 年 | C11: =C12+C16+C19+C22 -> 619499000 | E11: =E12+E16+E19+E22 -> 33470074
A12: 權益證券 | B12: 年 | C12: =+C13 -> 436055000 | E12: =+E13 -> 30146160 | F12: 買賣股票、受益憑證等之利益。
A13: 普通事故 | B13: 年 | C13: =+C14+C15 -> 436055000 | E13: =+E14+E15 -> 30146160
A14: 國內投資 | B14: 年 | C14: 172918000 | D14: 0.0688 | E14: 11893930 | H14: 9967698 | I14: =E14-H14 -> 1926232
A15: 國外投資 | B15: 年 | C15: 263137000 | D15: 0.0694 | E15: 18252230 | H15: 15297933 | I15: =E15-H15 -> 2954297
A16: 票券 | B16: 年 | C16: =SUM(C17:C18) -> 13533000 | E16: =SUM(E17:E18) -> 41371 | F16: 投資商業票券。
A17: 普通事故 | B17: 年 | C17: 13533000 | D17: 0.0031 | E17: 41371 | H17: 34671 | I17: =E17-H17 -> 6700
A18: 職業災害 | B18: 年 | C18: 0 | D18: 0 | E18: 0
A19: 債券 | B19: 年 | C19: =SUM(C20:C21) -> 54131000 | E19: =SUM(E20:E21) -> 1213323 | F19: 投資公債、庫券、公司債及金融債券。
A20: 普通事故 | B20: 年 | C20: 50431000 | D20: 0.0238 | E20: 1197783 | H20: 1002708 | I20: =E20-H20 -> 195075
A21: 職業災害 | B21: 年 | C21: 3700000 | D21: 0.0042 | E21: 15540
A22: 國外投資 | B22: 年 | C22: =C23 -> 115780000 | D22: =D23 -> 0.0179 | E22: =E23 -> 2069220 | F22: 投資國外固定收益商品 。
A23: 普通事故 | B23: 年 | C23: 115780000 | D23: 0.0179 | E23: 2069220 | H23: 1734107 | I23: =E23-H23 -> 335113
A24: 融資業務收入 | B24: 年 | C24: =C25 -> 31647213 | D24: =D25 -> 0.016893052 | E24: =E25 -> 534618 | F24: 貸款予被保險人之利息收入編列520,800千元，由勞動部勞工保險局辦理；貸款予農民健康保險辦理短期週轉之利息收入編列13,818千元，由勞動部勞動基金運用局辦理。 | G24: 營運量 | H24: 利率 | I24: 收入 | J24: 營運量 | K24: 利率 | L24: 收入 | M24: 營運量 | N24: 利率 | O24: 收入
A25: 普通事故 | B25: 年 | C25: =647213+31000000 -> 31647213 | D25: =+E25/C25 -> 0.016893052 | E25: 534618 | G25: 31000000 | H25: 1.68 | I25: 520800 | J25: 647213 | K25: 2.135 | L25: 13818 | M25: =+G25+J25 -> 31647213 | N25: =+O25/M25 -> 0.016893052 | O25: =+I25+L25 -> 534618
A26: 存款利息收入 | B26: 年 | C26: =C27+C30 -> 98706347 | E26: =E27+E30 -> 697448
A27: 普通事故 | B27: 年 | C27: =SUM(C28:C29) -> 79014572 | E27: =+E28+E29 -> 665941 | F27: 台幣存款及外幣存款。
A28: 國內 | B28: 年 | C28: 51949572 | D28: 0.0049 | E28: 254553
A29: 國外 | B29: 年 | C29: 27065000 | D29: 0.0152 | E29: 411388
A30: 職業災害 | B30: 年 | C30: 19691775 | D30: 0.0016 | E30: 31507 | F30: 台幣存款。
A32: 就業保險 | C32: =C37+C33 -> 143978000 | E32: =E37+E33 -> 1696452
A33: 投資業務收入 | B33: 年 | C33: =SUM(C34:C36) -> 97184000 | E33: =SUM(E34:E36) -> 1401654
A34: 票券 | B34: 年 | C34: 11086000 | D34: 0.0026 | E34: 28824 | F34: 投資商業票券。
A35: 債券 | B35: 年 | C35: 62342000 | D35: 0.0152 | E35: 947598 | F35: 投資公債、庫券、公司債及金融債券。
A36: 國外投資 | B36: 年 | C36: 23756000 | D36: 0.0179 | E36: 425232 | F36: 投資國外固定收益商品 。
A37: 存款利息收入 | B37: 年 | C37: =SUM(C38:C39) -> 46794000 | E37: =SUM(E38:E39) -> 294798 | F37: 台幣存款及外幣存款。
A38: 國內 | B38: 年 | C38: 41755000 | D38: 0.0049 | E38: 204600
A39: 國外 | B39: 年 | C39: 5039000 | D39: 0.0179 | E39: 90198
A40: 農保及農職保 | C40: =+C41 -> 460000 | E40: =+E41 -> 184
A41: 存款利息收入 | B41: 年 | C41: =+C42+C43 -> 460000 | D41: 0.0004 | E41: =+E42+E43 -> 184 | F41: 國庫帳戶台幣存款，由勞動部勞工保險局辦理。
A42: 農保 | B42: 年 | C42: 230000 | D42: 0.0004 | E42: 92
A43: 農職保 | B43: 年 | C43: 230000 | D43: 0.0004 | E43: 92
A45: 職業災害勞工保護 | C45: =C46 -> 10842070 | E45: =E46 -> 20600
A46: 存款利息收入 | B46: 年 | C46: =SUM(C47:C48) -> 10842070 | D46: =D47 -> 0.0019 | E46: =SUM(E47:E48) -> 20600 | F46: 台幣存款。
A47: 已加保勞工 | B47: 年 | C47: 10780869 | D47: 0.0019 | E47: 20484
A48: 未加保勞工 | B48: 年 | C48: 61201 | D48: 0.0019 | E48: 116
A49: 勞職保及保護 | C49: =C52+C50 -> 33851000 | E49: =E52+E50 -> 143009
A50: 投資業務收入 | B50: 年 | C50: =SUM(C51:C51) -> 3700000 | E50: =SUM(E51:E51) -> 31450
A51: 債券 | B51: 年 | C51: 3700000 | D51: 0.0085 | E51: 31450 | F51: 投資公債、庫券、公司債及金融債券。
A52: 存款利息收入 | B52: 年 | C52: =SUM(C53:C53) -> 30151000 | E52: =SUM(E53:E53) -> 111559 | F52: 台幣存款。
A53: 國內 | B53: 年 | C53: 30151000 | D53: 0.0037 | E53: 111559

Sheet 保險收入明細表
A1: 勞 動 部 勞 工 保 險 局
A2: 勞 工 保 險 局 作 業 基 金
A3: 保險收入明細表
A4: 中華民國111年度 單位：新臺幣千元
A5: 科目及業務項目 | B5: 預算數 | C5: 說明
A9: 保險收入 | B9: =B10+B22+B27+B38+B43 -> 499649073 | C9: 本科目勞動部勞工保險局辦理499,498,348千元；勞動部職業安全衛生署辦理150,725千元。 | D9: =+B10+B22+B27+B43 -> 499498348 | E9: =+B38 -> 150725 | F9: =+D9+E9 -> 499649073
A10: 勞工保險 | B10: =+B11+B18 -> 458034704
A11: 保費收入 | B11: =B12+B15 -> 439465515 | C11: 詳第66~67、70~72頁保費收入分析表及附表。
A12: 保費收入 | B12: =B13+B14 -> 438997753 | C12: 係依111年1月至4月投保人數1,060萬人、平均月投保薪資33,900元及保險費率10.70%（普通事故保險費率10.50%；職業災害平均費率0.20%），以及111年5月至12月投保人數1,015萬5千人、平均月投保薪資34,085元及保險費率10.50%（普通事故保險費率）估算。
A13: 普通事故 | B13: 436121456
A14: 職業災害 | B14: 2876297
A15: 滯納金收入 | B15: =SUM(B16:B17) -> 467762
A16: 普通事故 | B16: 462992
A17: 職業災害 | B17: 4770
A18: 收回責任準備 | B18: =+B19 -> 18569189 | C18: 係本年度勞工保險普通事故，收支短絀為18,569,189千元，悉數由以前年度累積之提存責任準備彌平。
A19: 普通事故 | B19: 18569189
A22: 就業保險 | B22: =B23 -> 30396889
A23: 保費收入 | B23: =SUM(B24:B25) -> 30396889 | C23: 詳第67、72~74頁保費收入分析表及附表。
A24: 保費收入 | B24: 30372516 | C24: 係依投保人數717萬人、平均月投保薪資35,300元及保險費率1%估算。
A25: 滯納金收入 | B25: 24373
A27: 農保及農職保 | B27: =B28+B35 -> 3298898
A28: 保費收入 | B28: =+B29+B32 -> 3265722 | C28: 詳第67~68、74頁保費收入分析表及附表。
A29: 保費收入 | B29: =+B30+B31 -> 3254654
A30: 農保 | B30: 3158654 | C30: 係依投保人數101萬2千人、投保薪資10,200元及保險費率2.55%估算。
A31: 農職保 | B31: 96000 | C31: 係依投保人數32萬人、投保薪資10,200元及保險費率0.24%估算。
A32: 滯納金收入 | B32: =+B33 -> 11068
A33: 農保 | B33: 11068
A35: 收回責任準備 | B35: =+B36 -> 33176 | C35: 係本年度農職保，收支短絀為33,176千元，悉數由以前年度累積之提存責任準備彌平。
A36: 農職保 | B36: 33176
A38: 職業災害勞工保護 | B38: =B39 -> 150725
A39: 收回責任準備 | B39: =SUM(B40:B41) -> 150725 | C39: 勞動部職業安全衛生署辦理，係本年度職業災害勞工保護已加保勞工部分，收支短絀為150,725千元，悉數由以前年度累積之提存責任準備彌平。
A40: 已加保勞工 | B40: 150725
A41: 未加保勞工
A43: 勞職保及保護 | B43: =B47+B44 -> 7767857
A44: 保費收入 | B44: =SUM(B45:B46) -> 6760215 | C44: 詳第68~69、74~76頁保費收入分析表及附表。
A45: 保費收入 | B45: 6749590 | C45: 係依投保人數1,086萬人、平均月投保薪資38,700元及平均費率0.20%估算。
A46: 滯納金收入 | B46: 10625
A47: 收回責任準備 | B47: 1007642 | C47: 係本年度收支短絀為1,007,642千元，悉數由勞工保險業務項下職業災害保險、職業災害勞工保護業務轉入之責任準備彌平。

Sheet 其他業務收入明細表
A1: 勞 動 部 勞 工 保 險 局
A2: 勞 工 保 險 局 作 業 基 金
A3: 其他業務收入明細表
A4: 中華民國111年度 單位：新臺幣千元
A5: 科目及業務項目 | B5: 預算數 | C5: 說明
A9: 其他業務收入 | B9: =+B10+B13+B18 -> 33499014 | C9: 本科目勞動部勞工保險局辦理33,468,014千元；勞動部職業安全衛生署辦理31,000千元。 | D9: =+B10+B13 -> 33468014 | E9: =+B19 -> 31000 | F9: =+D9+E9 -> 33499014
A10: 勞工保險 | B10: =+B11 -> 30000000
A11: 其他補助收入 | B11: 30000000 | C11: 係政府撥補勞工保險基金。
A13: 農保及農職保 | B13: =B14 -> 3468014
A14: 其他補助收入 | B14: =+B15+B16 -> 3468014
A15: 農保 | B15: 3468014 | C15: 係農保收入減支出後之虧損數3,468,014千元，依農民健康保險條例第44條規定，由主管機關撥補。
A16: 農職保 | C16: 係農職保收入減支出後之虧損數13,829千元，依農民健康保險條例第44條之3規定，由主管機關撥補。
A18: 職業災害勞工保護 | B18: =B19+B20 -> 31000 | C18: 本項目全數由勞動部職業安全衛生署辦理。
A19: 其他補助收入 | B19: 31000 | C19: 係政府補助未加入勞工保險而遭遇職業災害勞工之各項補助。
A20: 雜項業務收入 | C20: 係依職業災害勞工保護法第34條但書規定所處罰鍰。

Sheet 業務外收入明細表
A1: 勞 動 部 勞 工 保 險 局
A2: 勞 工 保 險 局 作 業 基 金
A3: 業務外收入明細表
A4: 中華民國111年度 單位：新臺幣千元
A5: 科目及業務項目 | B5: 預算數 | C5: 說明
A9: 業務外收入 | B9: =+B10+B25+B31+B39+B43 -> 257048 | C9: 本科目勞動部勞工保險局辦理254,498千元；勞動部職業安全衛生署辦理2,550千元。
A10: 勞工保險 | B10: =B11+B15 -> 232855
A11: 財務收入 | B11: =B12 -> 332
A12: 利息收入 | B12: =SUM(B13:B14) -> 332 | C12: 係申請人溢領保險給付，經函請退還溢領款項，逾期未繳還經移送行政執行署依法執行後，依當年度1月1日郵政儲金1年期定期存款固定利率加計利息所產生之遲延利息。
A13: 普通事故 | B13: 326
A14: 職業災害 | B14: 6
A15: 其他業務外收入 | B15: =B18+B21+B16 -> 232523
A16: 違規罰款收入 | B16: =SUM(B17:B17) -> 700 | C16: 係被保險人貸款違約金收入。
A17: 普通事故 | B17: 700
A18: 收回呆帳 | B18: =SUM(B19:B20) -> 223444 | C18: 係預估呆帳收回。
A19: 普通事故 | B19: 220419
A20: 職業災害 | B20: 3025
A21: 雜項收入 | B21: =SUM(B22:B23) -> 8379 | C21: 主要係應付保管款逾4年轉入等收入。
A22: 普通事故 | B22: 8378
A23: 職業災害 | B23: 1
A25: 就業保險 | B25: =B26+B28 -> 8512
A26: 財務收入 | B26: =B27 -> 73
A27: 利息收入 | B27: 73 | C27: 係申請人溢領保險給付，經函請退還溢領款項，逾期未繳還經移送行政執行署依法執行後，依當年度1月1日郵政儲金1年期定期存款固定利率加計利息所產生之遲延利息。
A28: 其他業務外收入 | B28: =SUM(B29:B30) -> 8439
A29: 收回呆帳 | B29: 8060 | C29: 係預估呆帳收回。
A30: 雜項收入 | B30: 379 | C30: 主要係應付保管款逾4年轉入等收入。
A31: 農保及農職保 | B31: =B32+B35 -> 6065
A32: 財務收入 | B32: =B33 -> 3
A33: 利息收入 | B33: =+B34 -> 3 | C33: 係申請人溢領保險給付，經函請退還溢領款項，逾期未繳還經移送行政執行署依法執行後，依當年度1月1日郵政儲金1年期定期存款固定利率加計利息所產生之遲延利息。
A34: 農保 | B34: 3
A35: 其他業務外收入 | B35: =+B36 -> 6062
A36: 收回呆帳 | B36: =+B37 -> 6062 | C36: 係預估呆帳收回。
A37: 農保 | B37: 6062
A39: 職業災害勞工保護 | B39: =B40+B42 -> 780
A40: 其他業務外收入 | B40: =B41 -> 780
A41: 違規罰款收入 | B41: 780 | C41: 係依職業災害勞工保護法第34條規定所處罰鍰。
A43: 勞職保及保護 | B43: =B46+B44 -> 8836
A44: 財務收入 | B44: =B45 -> 13
A45: 利息收入 | B45: 13 | C45: 係申請人溢領保險給付，經函請退還溢領款項，逾期未繳還經移送行政執行署依法執行後，依當年度1月1日郵政儲金1年期定期存款固定利率加計利息所產生之遲延利息。
A46: 其他業務外收入 | B46: =SUM(B47:B49) -> 8823
A47: 違規罰款收入 | B47: 1770 | C47: 係依勞工職業災害保險及保護法第101條規定所處罰鍰。
A48: 收回呆帳 | B48: 7050 | C48: 係預估呆帳收回。
A49: 雜項收入 | B49: 3 | C49: 係退保已久投保單位溢計之保險費。
C55: 係退保已久投保單位溢繳之保險費。

Sheet 出租資產成本明細表
A1: 勞 動 部 勞 工 保 險 局
A2: 勞 工 保 險 局 作 業 基 金
A3: 出租資產成本明細表
A4: 中華民國111年度 單位：新臺幣千元
A5: 前年度決算數 | B5: 上年度預算數 | C5: 科目及業務計畫項目 | D5: 本年度預算數
A7: 37228 | B7: =+B8 -> 21280 | C7: 出租資產成本 | D7: =+D8 -> 39738
A8: 37228 | B8: =+B9 -> 21280 | C8: 勞工保險 | D8: =+D9 -> 39738
A9: 37228 | B9: =B10+B20+B17+B24 -> 21280 | C9: 投資性不動產成本 （普通事故） | D9: =D10+D20+D17+D24 -> 39738
A10: 1433 | B10: =SUM(B11:B16) -> 2867 | C10: 服務費用 | D10: =SUM(D11:D16) -> 2791
A11: 1 | B11: 7 | C11: 水電費 | D11: 7
A12: 1 | B12: 0 | C12: 印刷裝訂及公告費 | D12: 1
A13: 1125 | B13: 2195 | C13: 修理保養及保固費 | D13: 2118
A14: 0 | B14: 121 | C14: 保險費 | D14: 121
A15: 306 | B15: 394 | C15: 一般服務費 | D15: 394
A16: 0 | B16: 150 | C16: 專業服務費 | D16: 150
A17: 16764 | B17: =B18+B19 -> 16763 | C17: 折舊、折耗及攤銷 | D17: =D18+D19 -> 16764
A18: 16155 | B18: 16154 | C18: 投資性不動產折舊 | D18: 16155
A19: 609 | B19: 609 | C19: 攤銷 | D19: 609
A20: 19014 | B20: =SUM(B21:B23) -> 1488 | C20: 稅捐與規費（強制費） | D20: =SUM(D21:D23) -> 20021
A21: 19009 | B21: 1467 | C21: 土地稅 | D21: 20000
A22: 1 | B22: 13 | C22: 房屋稅 | D22: 13
A23: 4 | B23: 8 | C23: 規費 | D23: 8
A24: 16 | B24: =B25 -> 162 | C24: 其他 | D24: =D25 -> 162
A25: 16 | B25: 162 | C25: 其他費用 | D25: 162

Sheet 出租資產成本說明
A1: 勞 動 部 勞 工 保 險 局
A2: 勞 工 保 險 局 作 業 基 金
A3: 出租資產成本說明
A4: 中華民國111年度
A5: 科 目 | B5: 說 明
A7: 出租資產成本 | B7: 本科目全數由勞動部勞動基金運用局辦理39,738千元。
A8: 勞工保險
A9: 投資性不動產成本 （普通事故）
A10: 服務費用
A11: 水電費 | B11: 編列7千元，係基金投資之不動產，招租期間之基本水電費等。
A12: 旅運費 | B12: 編列千元，係基金投資之不動產，辦理相關業務所需旅運費等。
A13: 印刷裝訂及公告費 | B13: 編列1千元，係基金投資之不動產，刊登房屋出租公告等。
A14: 修理保養及保固費 | B14: 編列2,118千元，係基金投資不動產之房屋修護費用等。
A15: 保險費 | B15: 編列121千元，係基金投資不動產之保險費用。
A16: 一般服務費 | B16: 編列394千元，係基金投資不動產之房屋公證費、國產署代標租之作業費用等。
A17: 專業服務費 | B17: 編列150千元，為委託調查研究費編列150千元，係基金不動產鑑價費用。
A18: 折舊、折耗及攤銷
A19: 投資性不動產折舊 | B19: 編列16,155千元，係提列投資取得不動產之折舊。
A20: 攤銷 | B20: 編列609千元，係投資性不動產之攤銷。
A21: 稅捐與規費（強制費）
A22: 土地稅 | B22: 編列20,000千元，係基金投資不動產之土地地價稅。
A23: 房屋稅 | B23: 編列13千元，係基金投資不動產之房屋稅。
A24: 規費 | B24: 編列8千元，係基金投資不動產之行政規費。
A25: 其他
A26: 其他費用 | B26: 編列162千元，係基金投資不動產之其他費用。

Sheet 投融資業務成本明細表
A1: 勞 動 部 勞 工 保 險 局
A2: 勞 工 保 險 局 作 業 基 金
A3: 投融資業務成本明細表
A4: 中華民國111年度 單位：新臺幣千元
A5: 前年度決算數 | B5: 上年度預算數 | C5: 科目及業務計畫項目 | D5: 本年度預算數
A7: 163640884 | B7: =B8+B37+B48 -> 973763 | C7: 投融資業務成本 | D7: =D8+D37+D48+D53 -> 1003916 | E7: =+A8+A37+A48 -> 163640884 | F7: =+A7-E7 -> 0
A8: 161837678 | B8: =+B9+B31+B34 -> 972909 | C8: 勞工保險 | D8: =+D9+D31+D34 -> 1003459 | E8: =+A9+A31+A34 -> 161837678
A9: 131380419 | B9: =B10+B28+B25+B22 -> 904909 | C9: 投資業務成本 | D9: =D10+D28+D25+D22 -> 935459
A10: 818002 | B10: =+B11+B13+B15+B17+B20 -> 904909 | C10: 服務費用 | D10: =+D11+D13+D15+D17+D20 -> 935459
A11: 0 | B11: =+B12 -> 0 | C11: 郵電費 | D11: =+D12 -> 0
A12: 0 | B12: 0 | C12: 普通事故 | D12: 0
A13: 0 | B13: =+B14 -> 0 | C13: 旅運費 | D13: =+D14 -> 0
A14: 0 | B14: 0 | C14: 普通事故 | D14: 0
A15: 0 | B15: =+B16 -> 0 | C15: 印刷裝訂與廣告費 | D15: =+D16 -> 0
A16: 0 | B16: 0 | C16: 普通事故 | D16: 0
A17: 808425 | B17: =SUM(B18:B19) -> 868854 | C17: 一般服務費 | D17: =SUM(D18:D19) -> 899877
A18: 808425 | B18: 868854 | C18: 普通事故 | D18: 899877
A19: 0 | B19: 0 | C19: 職業災害 | D19: 0
A20: 9577 | B20: =B21 -> 36055 | C20: 專業服務費 | D20: =D21 -> 35582
A21: 9577 | B21: 36055 | C21: 普通事故 | D21: 35582
A22: 0 | B22: =B23 -> 0 | C22: 材料及用品費 | D22: =D23 -> 0
A23: 0 | B23: =+B24 -> 0 | C23: 用品消耗 | D23: =+D24 -> 0
A24: 0 | B24: 0 | C24: 普通事故 | D24: 0
A25: 67260 | B25: =B26 -> 0 | C25: 租金與利息 | D25: =D26 -> 0
A26: 67260 | B26: =+B27 -> 0 | C26: 利息 | D26: =+D27 -> 0
A27: 67260 | B27: 0 | C27: 普通事故 | D27: 0
A28: 130495156 | B28: =B29 -> 0 | C28: 短絀、賠償與保險給付 | D28: =D29 -> 0
A29: 130495156 | B29: 0 | C29: 各項短絀 | D29: 0
A30: 130495156 | B30: 0 | C30: 普通事故 | D30: 0
A31: 43990 | B31: =B32 -> 68000 | C31: 融資業務成本（普通事故） | D31: =D32 -> 68000
A32: 43990 | B32: =B33 -> 68000 | C32: 服務費用 | D32: =D33 -> 68000
A33: 43990 | B33: 68000 | C33: 一般服務費 | D33: 68000
A34: 30413269 | B34: =B35 -> 0 | C34: 兌換短絀（普通事故） | D34: =D35 -> 0
A35: 30413269 | B35: =B36 -> 0 | C35: 短絀、賠償與保險給付 | D35: =D36 -> 0
A36: 30413269 | B36: 0 | C36: 各項短絀 | D36: 0
A37: 1803181 | B37: =B38+B45 -> 824 | C37: 就業保險 | D37: =D38+D45 -> 450 | E37: =+E38+E45 -> 1803181
A38: 8306 | B38: =B39+B41+B43 -> 824 | C38: 投資業務成本 | D38: =D39+D41+D43 -> 450 | E38: =+A39+A41+A43 -> 8306
A39: 277 | B39: =SUM(B40) -> 318 | C39: 服務費用 | D39: =SUM(D40) -> 450
A40: 277 | B40: 318 | C40: 一般服務費 | D40: 450
A41: 504 | B41: =SUM(B42) -> 506 | C41: 折舊、折耗及攤銷 | D41: =SUM(D42) -> 0
A42: 504 | B42: 506 | C42: 攤銷 | D42: 0
A43: 7525 | B43: =B44 -> 0 | C43: 短絀、賠償與保險給付 | D43: =D44 -> 0
A44: 7525 | B44: 0 | C44: 各項短絀 | D44: 0
A45: 1794875 | B45: =B46 -> 0 | C45: 兌換短絀 | D45: =D46 -> 0 | E45: =+A45 -> 1794875
A46: 1794875 | B46: =B47 -> 0 | C46: 短絀、賠償與保險給付 | D46: =D47 -> 0
A47: 1794875 | B47: 0 | C47: 各項短絀 | D47: 0
A48: 25 | B48: =B49+B59 -> 30 | C48: 職業災害勞工保護 | D48: =D49+D59 -> 2 | E48: =+A48 -> 25
A49: 25 | B49: =B50+B57 -> 30 | C49: 投資業務成本 | D49: =D50+D57 -> 2
A50: 25 | B50: =SUM(B51) -> 30 | C50: 服務費用 | D50: =SUM(D51) -> 2
A51: 25 | B51: =+B52 -> 30 | C51: 一般服務費 | D51: =+D52 -> 2
A52: 25 | B52: 30 | C52: 已加保勞工 | D52: 2
A53: 0 | B53: =B54+B65 -> 0 | C53: 勞職保及保護 | D53: =D54+D65 -> 5
A54: 0 | B54: =B55+B63 -> 0 | C54: 投資業務成本 | D54: =D55+D63 -> 5
A55: 0 | B55: =SUM(B56) -> 0 | C55: 服務費用 | D55: =SUM(D56) -> 5
A56: 0 | B56: =+B57 -> 0 | C56: 一般服務費 | D56: 5

Sheet 投融資業務成本說明
A1: 勞 動 部 勞 工 保 險 局
A2: 勞 工 保 險 局 作 業 基 金
A3: 投融資業務成本說明
A4: 中華民國111年度
A5: 科 目 | B5: 說 明
A7: 投融資業務成本 | B7: 本科目勞動部勞工保險局辦理68,000千元；勞動部勞動基金運用局辦理935,916千元。
A8: 勞工保險
A9: 投資業務成本
A10: 服務費用
A11: 郵電費 | B11: 編列千元，係基金委託評選案審查文件郵費等。
A12: 旅運費 | B12: 編列千元，係基金委託經營外聘委員之旅運費等。
A13: 印刷裝訂與廣告費 | B13: 編列千元，係基金國外委託經營之評選文件印刷費等。
A14: 一般服務費 | B14: 編列899,877千元，係基金委託經營之經理費等。
A15: 專業服務費 | B15: 編列35,582千元，係國外投資委任律師處理訴訟費及委託經營聘請顧問費等。其中委託調查研究費編列1,512千元，係依據勞動基金委託經營要點第5點規定，委託專業投資顧問公司協助辦理國外委託經營受託機構之遴選、績效評定及考核管理之國外監控顧問案。
A16: 材料及用品費
A17: 用品消耗 | B17: 編列千元，係基金委託經營評選會議便當等。
A18: 融資業務成本
A19: 服務費用
A20: 一般服務費 | B20: 編列68,000千元，由勞動部勞工保險局辦理，係辦理被保險人貸款之手續費。
A21: 就業保險
A22: 投資業務成本
A23: 服務費用
A24: 一般服務費 | B24: 編列450千元，係短期票券帳務維護費。
A25: 折舊、折耗及攤銷
A26: 攤銷 | B26: 編列506千元，係建置就業保險基金投資整合資訊系統，依使用年限編列攤銷費用。
A27: 職業災害勞工保護
A28: 投資業務成本
A29: 服務費用
A30: 一般服務費 | B30: 編列2千元，係定存利息匯款手續費。
A31: 勞職保及保護
A32: 投資業務成本
A33: 服務費用
A34: 一般服務費 | B34: 編列5千元，係定存利息匯款手續費。

Sheet 保險成本明細表
A1: 勞 動 部 勞 工 保 險 局
A2: 勞 工 保 險 局 作 業 基 金
A3: 保險成本明細表
A4: 中華民國111年度 單位：新臺幣千元
A5: 前年度決算數 | B5: 上年度預算數 | C5: 科目及業務計畫項目 | D5: 本年度預算數
A7: 528468804 | B7: =B8+B25+B36+B49 -> 529456737 | C7: 保險成本 | D7: =D8+D25+D36+D49+D62 -> 564491226 | E7: =+A8+A25+A36+A49 -> 528468804 | F7: =+A7-E7 -> 0
A8: 493324218 | B8: =B9+B14+B19 -> 493513068 | C8: 勞工保險 | D8: =D9+D14+D19 -> 522207384 | E8: =+A9+A14+A19 -> 493324218 | F8: =+A8-E8 -> 0
A9: 456241973 | B9: =B10 -> 491651979 | C9: 保險給付 | D9: =D10 -> 520975856
A10: 456241973 | B10: =B11 -> 491651979 | C10: 短絀、賠償與保險給付 | D10: =D11 -> 520975856
A11: 456241973 | B11: =SUM(B12:B13) -> 491651979 | C11: 保險給付 | D11: =SUM(D12:D13) -> 520975856
A12: 448797088 | B12: 484271046 | C12: 普通事故 | D12: 518440489
A13: 7444884 | B13: 7380933 | C13: 職業災害 | D13: 2535367
A14: 36327167 | B14: =B15 -> 1159558 | C14: 提存責任準備 | D14: =D15 -> 387583
A15: 36327167 | B15: =B16 -> 1159558 | C15: 短絀、賠償與保險給付 | D15: =D16 -> 387583
A16: 36327167 | B16: =SUM(B17:B18) -> 1159558 | C16: 提存 | D16: =SUM(D17:D18) -> 387583
A17: 35590076 | B17: 0 | C17: 普通事故 | D17: 0
A18: 737091 | B18: 1159558 | C18: 職業災害 | D18: 387583
A19: 755078 | B19: =B20 -> 701531 | C19: 呆帳 | D19: =D20 -> 843945
A20: 755078 | B20: =B21 -> 701531 | C20: 短絀、賠償與保險給付 | D20: =D21 -> 843945
A21: 755078 | B21: =SUM(B22:B23) -> 701531 | C21: 各項短絀 | D21: =SUM(D22:D23) -> 843945
A22: 734129 | B22: 681537 | C22: 普通事故 | D22: 835749
A23: 20949 | B23: 19994 | C23: 職業災害 | D23: 8196
A25: 27464684 | B25: =B26+B29+B32 -> 28391151 | C25: 就業保險 | D25: =D26+D29+D32 -> 28401381 | E25: =+A26+A29+A32 -> 27464684 | F25: =+A25-E25 -> 0
A26: 23106476 | B26: =B27 -> 22823256 | C26: 保險給付 | D26: =D27 -> 23777464
A27: 23106476 | B27: =B28 -> 22823256 | C27: 短絀、賠償與保險給付 | D27: =D28 -> 23777464
A28: 23106476 | B28: 22823256 | C28: 保險給付 | D28: 23777464
A29: 4319223 | B29: =B30 -> 5527767 | C29: 提存責任準備 | D29: =D30 -> 4573039
A30: 4319223 | B30: =B31 -> 5527767 | C30: 短絀、賠償與保險給付 | D30: =D31 -> 4573039
A31: 4319223 | B31: 5527767 | C31: 提存 | D31: 4573039
A32: 38985 | B32: =B33 -> 40128 | C32: 呆帳 | D32: =D33 -> 50878
A33: 38985 | B33: =B34 -> 40128 | C33: 短絀、賠償與保險給付 | D33: =D34 -> 50878
A34: 38985 | B34: 40128 | C34: 各項短絀 | D34: 50878
A36: 7152718 | B36: =B37+B45+B42 -> 6925121 | C36: 農保及農職保 | D36: =D37+D45+D42 -> 6759343 | E36: =+A37+A45 -> 6946546 | F36: =+A36-E36 -> 206172
A37: 6940840 | B37: =B38 -> 6916286 | C37: 保險給付 | D37: =D38 -> 6752689
A38: 6940840 | B38: =B39 -> 6916286 | C38: 短絀、賠償與保險給付 | D38: =D39 -> 6752689
A39: 6940840 | B39: =+B40+B41 -> 6916286 | C39: 保險給付 | D39: =+D40+D41 -> 6752689
A40: 6868551 | B40: 6794437 | C40: 農保 | D40: 6623421
A41: 72288 | B41: 121849 | C41: 農職保 | D41: 129268
A42: 206173 | B42: =B43 -> 0 | C42: 提存責任準備(農職保) | D42: =D43 -> 0
A43: 206173 | B43: =B44 -> 0 | C43: 短絀、賠償與保險給付 | D43: =D44 -> 0
A44: 206173 | B44: 0 | C44: 提存 | D44: 0
A45: 5706 | B45: =B46 -> 8835 | C45: 呆帳(農保) | D45: =D46 -> 6654
A46: 5706 | B46: =B47 -> 8835 | C46: 短絀、賠償與保險給付 | D46: =D47 -> 6654
A47: 5706 | B47: 8835 | C47: 各項短絀 | D47: 6654
A49: 527184 | B49: =B50+B53+B56 -> 627397 | C49: 職業災害勞工保護 | D49: =D50+D53+D56 -> 187217 | E49: =+A50+A56 -> 527184
A50: 526300 | B50: =B51 -> 627397 | C50: 保險給付(已加保勞工) | D50: =D51 -> 171207
A51: 526300 | B51: =B52 -> 627397 | C51: 短絀、賠償與保險給付 | D51: =D52 -> 171207
A52: 526300 | B52: 627397 | C52: 保險給付 | D52: 171207
A53: 0 | B53: =B54 -> 0 | C53: 提存責任準備(未加保勞工) | D53: =D54 -> 16010
A54: 0 | B54: =B55 -> 0 | C54: 短絀、賠償與保險給付 | D54: =D55 -> 16010
A55: 0 | B55: 0 | C55: 提存 | D55: 16010
A56: 884 | B56: =B57 -> 0 | C56: 呆帳 | D56: =D57 -> 0
A57: 884 | B57: =B58 -> 0 | C57: 短絀、賠償與保險給付 | D57: =D58 -> 0
A58: 884 | B58: =SUM(B59:B60) -> 0 | C58: 各項短絀 | D58: =SUM(D59:D60) -> 0
A59: 140 | B59: 0 | C59: 已加保勞工 | D59: 0
A60: 743 | B60: 0 | C60: 未加保勞工 | D60: 0
A62: 0 | B62: =B63+B66 -> 0 | C62: 勞職保及保護 | D62: =D63+D66 -> 6935901
A63: 0 | B63: =B64 -> 0 | C63: 保險給付 | D63: =D64 -> 6919510
A64: 0 | B64: =B65 -> 0 | C64: 短絀、賠償與保險給付 | D64: =D65 -> 6919510
A65: 0 | B65: 0 | C65: 保險給付 | D65: 6919510
A66: 0 | B66: =B67 -> 0 | C66: 呆帳 | D66: =D67 -> 16391
A67: 0 | B67: =B68 -> 0 | C67: 短絀、賠償與保險給付 | D67: =D68 -> 16391
A68: 0 | B68: 0 | C68: 各項短絀 | D68: 16391

Sheet 保險成本說明
A1: 勞 動 部 勞 工 保 險 局
A2: 勞 工 保 險 局 作 業 基 金
A3: 保險成本說明
A4: 中華民國111年度
A5: 科 目 | B5: 說 明
A7: 保險成本 | B7: 本科目勞動部勞工保險局辦理564,136,674千元；勞動部職業安全衛生署辦理354,552千元。 | E7: 355552 | F7: 564136674 | G7: =+E7+F7 -> 564492226
A8: 勞工保險
A9: 保險給付
A10: 短絀、賠償與保險給付
A11: 保險給付 | B11: 編列520,975,856千元，係參考以前年度統計資料預估各項給付事故、發生率及單價等因素，詳第77~79頁保險給付分析表，其中：
B12: 1. | C12: 普通事故：編列518,440,489千元，主要包含生育、傷病、失能、老年及死亡五項給付。
B13: 2. | C13: 職業災害：編列2,535,367千元，主要包含傷病、醫療、失能及死亡四項給付。
A14: 提存責任準備
A15: 短絀、賠償與保險給付
A16: 提存 | B16: 編列387,583千元，係勞工保險-職業災害之收入減支出後之餘額，悉數轉列提存責任準備。
A17: 呆帳
A18: 短絀、賠償與保險給付
A19: 各項短絀 | B19: 編列843,945千元，係按其他應收款及催收款項餘額依回收情況提列呆帳。
A21: 就業保險
A22: 保險給付
A23: 短絀、賠償與保險給付
A24: 保險給付 | B24: 編列23,777,464千元，係參考以前年度相關給付、津貼執行情形，包含失業給付、提早就業獎助津貼、職業訓練生活津貼、育嬰留職停薪津貼及補助全民健保費，詳第80頁保險給付分析表。
A25: 提存責任準備
A26: 短絀、賠償與保險給付
A27: 提存 | B27: 編列4,573,039千元，係就業保險收入減支出後之餘額，悉數轉列提存責任準備。
A28: 呆帳
A29: 短絀、賠償與保險給付
A30: 各項短絀 | B30: 編列50,878千元，係按其他應收款及催收款項餘額依回收情況提列呆帳。
A32: 農保及農職保
A33: 保險給付
A34: 短絀、賠償與保險給付
A35: 保險給付 | B35: 編列6,752,689千元，係參考以前年度統計資料預估各項給付發生率及單價等因素，詳第80~81頁保險給付分析表，其中：
B36: 1. | C36: 農保：編列6,623,421千元，主要包含生育給付、身心障礙給付及喪葬津貼。
B37: 2. | C37: 農職保：編列129,268千元，主要包含傷害給付、身心障礙給付、就醫津貼及喪葬津貼。
A38: 呆帳
A39: 短絀、賠償與保險給付
A40: 各項短絀 | B40: 編列6,654千元，係農保按催收款項餘額依回收情況提列呆帳。
A42: 職業災害勞工保護 | B42: 本項目全數由勞動部職業安全衛生署辦理。
A43: 保險給付
A44: 短絀、賠償與保險給付
A45: 保險給付 | B45: 編列171,207千元，詳第81~83頁保險給付分析表，其中：
B46: 1. | C46: 已加保勞工部分之各項補助係參考以前年度執行情形，編列77,141千元。
B47: 2. | C47: 職業災害預防與補助、職業災害勞工職業重建及輔助設施補助部分，係參考歷年成長因素及111年度預估推動之計畫，編列94,066千元。
A48: 提存責任準備
A49: 短絀、賠償與保險給付
A50: 提存 | B50: 編列16,010千元，係職業災害勞工保護-未加保勞工之收入減支出後之餘額，悉數轉列提存責任準備。
A52: 勞職保及保護 | B52: 本項目勞動部勞工保險局辦理6,768,566千元；勞動部職業安全衛生署辦理167,335千元。
A53: 保險給付
A54: 短絀、賠償與保險給付
A55: 保險給付 | B55: 編列6,919,510千元，詳第84~87頁保險給付分析表，其中：
B56: 1. | C56: 編列6,752,175千元，係參考以前年度統計資料預估各項給付發生率及單價等因素，主要包含傷病、醫療、失能及死亡之各項給付等。
B57: 2. | C57: 編列167,335千元，係參考職業災害勞工保護法以前年度執行情形，依勞工職業災害保險及保護法第79、104及105條規定之各項補助。
A58: 呆帳
A59: 短絀、賠償與保險給付
A60: 各項短絀 | B60: 編列16,391千元，係按其他應收款及催收款項餘額依回收情況提列呆帳。

Sheet 其他業務成本明細表
A1: 勞 動 部 勞 工 保 險 局
A2: 勞 工 保 險 局 作 業 基 金
A3: 其他業務成本明細表
A4: 中華民國111年度 單位：新臺幣千元
A5: 前年度決算數 | B5: 上年度預算數 | C5: 科目及業務計畫項目 | D5: 本年度預算數
A7: 2616877 | B7: =B13+B18+B23+B8 -> 3512763 | C7: 其他業務成本 | D7: =D13+D18+D23+D8+D28 -> 4713511 | E7: =+A8+A13+A18+A23 -> 2616877
B8: =B9 -> 0 | C8: 勞工保險 | D8: =D9 -> 0
B9: =B10 -> 0 | C9: 雜項業務成本(普通事故) | D9: =D10 -> 0
B10: =+B11 -> 0 | C10: 其他 | D10: =+D11 -> 0
B11: 0 | C11: 其他費用 | D11: 0
A13: 2500411 | B13: =B14 -> 3428053 | C13: 就業保險 | D13: =D14 -> 3700011
A14: 2500411 | B14: =B15 -> 3428053 | C14: 雜項業務成本 | D14: =D15 -> 3700011
A15: 2500411 | B15: =B16 -> 3428053 | C15: 其他 | D15: =D16 -> 3700011
A16: 2500411 | B16: 3428053 | C16: 其他費用 | D16: =3702011-2000 -> 3700011
A18: 76198 | B18: =B19 -> 32750 | C18: 農保及農職保 | D18: =D19 -> 13818
A19: 76198 | B19: =B20 -> 32750 | C19: 雜項業務成本(農保) | D19: =D20 -> 13818
A20: 76198 | B20: =B21 -> 32750 | C20: 租金與利息 | D20: =D21 -> 13818
A21: 76198 | B21: 32750 | C21: 利息 | D21: 13818
A23: 40268 | B23: =B24 -> 51960 | C23: 職業災害勞工保護 | D23: =D24 -> 15886
A24: 40268 | B24: =B25+B27 -> 51960 | C24: 雜項業務成本(未加保勞工) | D24: =D25+D27 -> 15886
A25: 40268 | B25: =B26 -> 51960 | C25: 短絀、賠償與保險給付 | D25: =D26 -> 15886
A26: 40268 | B26: 51960 | C26: 保險給付 | D26: 15886
A28: =A29 -> 0 | B28: =B29 -> 0 | C28: 勞職保及保護 | D28: =D29 -> 983796
A29: =SUM(A30,A40,A43,A49) -> 0 | B29: =SUM(B30,B40,B43,B49) -> 0 | C29: 雜項業務成本 | D29: =SUM(D30,D40,D43,D49) -> 983796
A30: =SUM(A31:A39) -> 0 | B30: =SUM(B31:B39) -> 0 | C30: 服務費用 | D30: =SUM(D31:D39) -> 440749
A31: 0 | B31: 0 | C31: 水電費 | D31: 569
A32: 0 | B32: 0 | C32: 郵電費 | D32: 872
A33: 0 | B33: 0 | C33: 旅運費 | D33: 5967
A34: 0 | B34: 0 | C34: 印刷裝訂及公告費 | D34: 1700
A35: 0 | B35: 0 | C35: 保險費 | D35: 60
A36: 0 | B36: 0 | C36: 一般服務費 | D36: 149859
A37: 0 | B37: 0 | C37: 專業服務費 | D37: =11124+260896 -> 272020
A38: 0 | B38: 0 | C38: 媒體政策及業務宣導費 | D38: 672
A39: 0 | B39: 0 | C39: 行銷推廣費 | D39: =10030-1000 -> 9030
A40: =SUM(A41:A42) -> 0 | B40: =SUM(B41:B42) -> 0 | C40: 材料及用品費 | D40: =SUM(D41:D42) -> 3100
A41: 0 | B41: 0 | C41: 使用材料費 | D41: 1567
A42: 0 | B42: 0 | C42: 用品消耗 | D42: 1533
A43: =SUM(A44:A48) -> 0 | B43: =SUM(B44:B48) -> 0 | C43: 租金與利息 | D43: =SUM(D44:D48) -> 2839
A44: 0 | B44: 0 | C44: 地租及水租 | D44: 10
A45: 0 | B45: 0 | C45: 房租 | D45: 1189
A46: 0 | B46: 0 | C46: 機器租金 | D46: 500
A47: 0 | B47: 0 | C47: 交通及運輸設備租金 | D47: 1100
A48: 0 | B48: 0 | C48: 什項設備租金 | D48: 40
A49: =SUM(A50:A51) -> 0 | B49: =SUM(B50:B51) -> 0 | C49: 會費、捐助、補助、分攤 、救助(濟)與交流活動費 | D49: =SUM(D50:D51) -> 537108
A50: 0 | B50: 0 | C50: 捐助、補助與獎助 | D50: =457108+50000 -> 507108
A51: 0 | B51: 0 | C51: 補貼(償)、獎勵、慰問 與救助(濟) | D51: 30000

Sheet 其他業務成本說明
A1: 勞 動 部 勞 工 保 險 局
A2: 勞 工 保 險 局 作 業 基 金
A3: 其他業務成本說明
A4: 中華民國111年度
A5: 科 目 | B5: 說 明
A7: 其他業務成本 | B7: 本科目勞動部及所屬機關辦理3,700,011千元；勞動部勞工保險局辦理274,714千元；勞動部職業安全衛生署辦理738,786千元。 | D7: 3700011 | E7: 274714 | F7: 738786 | G7: =SUM(D7:F7) -> 4713511
A8: 就業保險
A9: 雜項業務成本
A10: 其他
A11: 其他費用 | B11: 編列3,700,011千元，由勞動部及所屬機關辦理，係依就業保險法第12條第3項規定，辦理被保險人之在職訓練、被保險人失業後之職業訓練、創業協助及其他促進就業措施、被保險人之僱用安定措施、雇主僱用失業勞工之獎助等業務。
A13: 農保及農職保
A14: 雜項業務成本
A15: 租金與利息
A16: 利息 | B16: 編列13,818千元，由勞動部勞工保險局辦理，係農保虧損向勞工保險基金借款之利息支出，預估111年度平均借款金額為647,213千元，平均借款利率2.135%。貸款機關為勞動部勞動基金運用局，貸款用途為補足農保當年度收支不足數。
A18: 職業災害勞工保護
A19: 雜項業務成本
A20: 短絀、賠償與保險給付
A21: 保險給付 | B21: 編列15,886千元，由勞動部職業安全衛生署辦理，係政府對未加保勞工而遭遇職業災害者之各項補助，並參考以前年度執行情形核實編列，詳第88頁雜項業務成本分析表─職業災害勞工保護。
A23: 勞職保及保護
A24: 雜項業務成本 | B24: 編列983,796千元，由勞動部勞工保險局辦理260,896千元及勞動部職業安全衛生署辦理722,900千元，係依勞工職業災害保險及保護法第62條規定辦理職業災害預防及重建等業務，詳第89~90頁雜項業務成本分析表─勞職保及保護。 | D24: 260896 | E24: 722900 | F24: =SUM(D24:E24) -> 983796
A25: 服務費用
A26: 水電費 | B26: 編列569千元，係業務實際需要並遵行節能減碳政策之水電費。
A27: 郵電費 | B27: 編列872千元，係郵費、電話費及數據通信費等。
A28: 旅運費 | B28: 編列5,967千元，係按國內出差旅費報支要點規定之國內旅費等。
A29: 印刷裝訂及公告費 | B29: 編列1,700千元，係各種文件、表單、報表、書函等之印刷及裝訂費。
A30: 保險費 | B30: 編列60千元，係責任保險費等。
A31: 一般服務費 | B31: 編列149,859千元，係委託廠商之服務費等；其中勞務承攬人力預計進用2人，編列787千元；契僱人力預計進用9人，編列3,230千元。
A32: 專業服務費 | B32: 編列272,020千元，係辦理各項講習之講課鐘點費與邀請專家學者及採購評選委員之出席費、電腦軟體服務費等11,124千元，以及預防職業病健康檢查260,896千元。
A33: 媒體政策及業務宣導費 | B33: 編列672千元，係辦理職業安全衛生知能及教育訓練宣導，相關媒體宣導製作、託播及刊登等經費。
A34: 行銷推廣費 | B34: 編列9,030千元，係運用研究成果與配合產業特性或展示主題，製作勞動及安全衛生展品，進行多元化展示，推廣安全衛生意識等。
A35: 材料及用品費
A36: 使用材料費 | B36: 編列1,567千元，係租賃車輛之燃料等。
A37: 用品消耗 | B37: 編列1,533千元，係各種辦公用品及其他雜支等。
A38: 租金與利息
A39: 地租及水租 | B39: 編列10千元，係租賃室外場地等租金。
A40: 房租 | B40: 編列1,189千元，係租賃室內活動場地等租金。
A41: 機器租金 | B41: 編列500千元，係租賃機械及設備等租金。
A42: 交通及運輸設備租金 | B42: 編列1,100千元，係租賃檢查車輛租金。
A43: 什項設備租金 | B43: 編列40千元，係租賃什項設備租金。
A44: 會費、捐助、補助、分攤 、救助(濟)與交流活動費
A45: 捐助、補助與獎助 | B45: 編列507,108千元，係補助職業及機械設備輔導、認可醫療機構辦理傷病診治服務、通報及轉介、認可職能復健機構辦理職能復健服務、職災勞工個案主動服務經費、提供事業單位輔助設施補助，捐助成立財團法人職業災害預防及重建中心。
A46: 補貼(償)、獎勵、慰問 與救助(濟) | B46: 編列30,000千元，係職災勞工保護主動服務慰問金之經費。

Sheet 業務外費用明細表
A1: 勞 動 部 勞 工 保 險 局
A2: 勞 工 保 險 局 作 業 基 金
A3: 業務外費用明細表
A4: 中華民國111年度 單位：新臺幣千元
A5: 前年度決算數 | B5: 上年度預算數 | C5: 科目及業務計畫項目 | D5: 本年度預算數
A7: 140 | B7: =B8+B16 -> 37 | C7: 業務外費用 | D7: =D8+D16 -> 73
A8: 125 | B8: =B9 -> 26 | C8: 勞工保險 | D8: =D9 -> 62
A9: 125 | B9: =B10 -> 26 | C9: 其他業務外費用 | D9: =D10 -> 62
A10: 125 | B10: =B11 -> 26 | C10: 雜項費用 | D10: =D11 -> 62
A11: 125 | B11: =B12 -> 26 | C11: 其他 | D11: =D12 -> 62
A12: 125 | B12: =SUM(B13:B14) -> 26 | C12: 其他費用 | D12: =SUM(D13:D14) -> 62
A13: 125 | B13: 14 | C13: 普通事故 | D13: 62
A14: 0 | B14: 12 | C14: 職業災害 | D14: 0
A16: 15 | B16: =B17 -> 11 | C16: 就業保險 | D16: =D17 -> 11
A17: 15 | B17: =B18 -> 11 | C17: 其他業務外費用 | D17: =D18 -> 11
A18: 15 | B18: =B19 -> 11 | C18: 雜項費用 | D18: =D19 -> 11
A19: 15 | B19: =B20 -> 11 | C19: 其他 | D19: =D20 -> 11
A20: 15 | B20: 11 | C20: 其他費用 | D20: 11

Sheet 業務外費用說明
A1: 勞 動 部 勞 工 保 險 局
A2: 勞 工 保 險 局 作 業 基 金
A3: 業務外費用說明
A4: 中華民國111年度
A5: 科 目 | B5: 說 明
A7: 業務外費用 | B7: 本科目全數由勞動部勞工保險局辦理。
A8: 勞工保險
A9: 其他業務外費用
A10: 雜項費用
A11: 其他
A12: 其他費用 | B12: 係應付保管款滿4年轉雜項收入後再提出申請編列50千元及依據勞動部改制前之行政院勞工委員會93年10月26日勞保1字第0930051342號函示，同意投保單位繳納保險費之金額差異在新臺幣10元以下者，轉列雜項費用編列12千元。 | G12: 普通組50千元 保費組12千元
A13: 就業保險
A14: 其他業務外費用
A15: 雜項費用
A16: 其他
A17: 其他費用 | B17: 係依據勞動部改制前之行政院勞工委員會93年10月26日勞保1字第0930051342號函示，同意投保單位繳納保險費之金額差異在新臺幣10元以下者，轉列雜項費用編列11千元。
A19: 就業保險
A20: 其他業務外費用
A21: 雜項費用
A22: 其他
A23: 其他費用 | B23: 編列0千元，係應付保管款滿4年轉雜項收入後再提出申請。

Sheet 資產折舊明細表
A1: 勞 動 部 勞 工 保 險 局
A2: 勞 工 保 險 局 作 業 基 金
A3: 資產折舊明細表
A4: 中華民國 111年度 單位：新臺幣千元
A5: 項目 | B5: 不動產、廠房及設備 | J5: 投資性 不動產 | K5: 其他 | L5: 合 計
B6: 土地 改 良物 | C6: 房屋及 建築 | D6: 機械及 設備 | E6: 交通 及運 輸設備 | F6: 什 項 設 備 | G6: 租賃 權益 | H6: 租賃權 益改良 | I6: 生產 性 植物
A7: 前年度決算資產原值 | B7: 0 | C7: 0 | D7: 0 | E7: 0 | F7: 0 | G7: 0 | H7: 0 | I7: 0 | J7: 1931021 | K7: 0 | L7: =SUM(B7:K7) -> 1931021
A8: 上年度預計增減資產原值 | B8: 0 | C8: 0 | D8: 0 | E8: 0 | F8: 0 | G8: 0 | H8: 0 | I8: 0 | J8: 0 | K8: 0 | L8: =SUM(B8:K8) -> 0
A9: 本年度預計增減資產原值 | B9: =B7-B8 -> 0 | C9: =C7-C8 -> 0 | D9: =D7-D8 -> 0 | E9: =E7-E8 -> 0 | F9: =F7-F8 -> 0 | G9: =G7-G8 -> 0 | H9: =H7-H8 -> 0 | I9: 0 | J9: 0 | K9: =K7-K8 -> 0 | L9: =SUM(B9:K9) -> 0
A10: 資產重估增值額 | B10: 0 | C10: 0 | D10: 0 | E10: 0 | F10: 0 | G10: 0 | H10: 0 | I10: 0 | J10: 0 | K10: 0 | L10: =SUM(B10:K10) -> 0
A11: 本年度(12月底)止資產總額 | B11: 0 | C11: 0 | D11: 0 | E11: 0 | F11: 0 | G11: 0 | H11: 0 | I11: 0 | J11: 1931021 | K11: 0 | L11: =SUM(B11:K11) -> 1931021
A12: 本年度應提折舊額 | B12: 0 | C12: 0 | D12: 0 | E12: 0 | F12: 0 | G12: 0 | H12: 0 | I12: 0 | J12: =J13 -> 16155 | K12: 0 | L12: =SUM(B12:K12) -> 16155
A13: 出租資產 成本 | B13: 0 | C13: 0 | D13: 0 | E13: 0 | F13: 0 | G13: 0 | H13: 0 | I13: 0 | J13: =J14 -> 16155 | K13: 0 | L13: =SUM(B13:K13) -> 16155
A14: 投資性 不動產 折舊 | B14: 0 | C14: 0 | D14: 0 | E14: 0 | F14: 0 | G14: 0 | H14: 0 | I14: 0 | J14: 16155 | K14: 0 | L14: =SUM(B14:K14) -> 16155

Sheet 基金數額增減明細表
A1: 勞 動 部 勞 工 保 險 局
A2: 勞 工 保 險 局 作 業 基 金
A3: 基金數額增減明細表
A4: 中華民國111年度 單位：新臺幣千元
A5: 項目 | B5: 金額 | C5: 說明
A7: 期初基金數額 | B7: 625
A8: 加：
A9: 以前年度公積撥充 | B9: -
A10: 賸餘撥充 | B10: -
A11: 以國有財產撥充 | B11: -
A12: 國庫增撥數 | B12: -
A13: 其他 | B13: -
A14: 減：
A15: 填補短絀 | B15: -
A16: 折減基金繳庫 | B16: -
A17: 其他 | B17: -
A18: 期末基金數額 | B18: =B7+B8 -> 625

Sheet 貸出款明細表 
A1: 勞 動 部 勞 工 保 險 局
A2: 勞 工 保 險 局 作 業 基 金
A3: 貸出款明細表
A4: 中華民國 111年度 單位：新臺幣千元
A5: 計畫名稱 | B5: 貸款 年度 | C5: 期初貸出 餘額 | D5: 本年度貸出 金額 | E5: 本年度收回 金額 | F5: 截至本年度 累計 貸出餘額 | G5: 備註
A6: 短期貸款 | B6: 111 | C6: 2727000 | E6: 347000 | F6: =+C6+D6-E6 -> 2380000 | G6: 係依據行政院89年5月18日台89忠一字第09118號函辦理農保短期週轉。 | I6: 農保組及基金運用局
A7: 應收到期長期貸款 | B7: 111 | C7: 285000 | D7: 1800000 | E7: 1800000 | F7: =+C7+D7-E7 -> 285000 | I7: 保費組
A8: 小計 | C8: =SUM(C6:C7) -> 3012000 | D8: =SUM(D6:D7) -> 1800000 | E8: =SUM(E6:E7) -> 2147000 | F8: =SUM(F6:F7) -> 2665000
A9: 長期貸款 | B9: 111 | C9: 10371000 | D9: 11000000 | E9: 9100000 | F9: =+C9+D9-E9 -> 12271000 | G9: 1. 2. | H9: 係依據92年1月20日總統華總一義字第09200012650號令修正公布勞工保險條例第67條，被保險人向勞保基金貸款。 | I9: 保費組
A11: 減:轉列應收到期長期貸款 | B11: 111 | C11: 0 | D11: 0 | E11: 1800000 | F11: =+C11+D11-E11 -> -1800000 | G11: 2. | H11: 截至本年度累計貸出餘額未包含長期貸款轉列催收款項計19,995,634千元，又本年度被保險人貸款轉催收款項減少數830,685千元。
A12: 小計 | C12: =SUM(C9:C11) -> 10371000 | D12: =SUM(D9:D11) -> 11000000 | E12: =SUM(E9:E11) -> 10900000 | F12: =SUM(F9:F11) -> 10471000
A21: 合計 | C21: =+C8+C12 -> 13383000 | D21: =+D8+D12 -> 12800000 | E21: =+E8+E12 -> 13047000 | F21: =+F8+F12 -> 13136000

Sheet 平衡表-總
A1: 勞 動 部 勞 工 保 險 局
A2: 勞 工 保 險 局 作 業 基 金
A3: 預計平衡表
A4: 中華民國111年12月31日 單位：新臺幣千元
A5: 109年12月31日 實際數 | B5: 科目 | C5: 111年12月31日 預計數 | D5: 110年12月31日 預計數 | E5: 比較增減
A9: 1056663374 | B9: 資產 | C9: =+C10+C16+C19+C21+C23 -> 1035646779 | D9: =+D10+D16+D19+D21+D23 -> 1050864047 | E9: =+E10+E16+E19+E21+E23 -> -15217268
A10: 869347045 | B10: 流動資產 | C10: =SUM(C11:C15) -> 730122699 | D10: =SUM(D11:D15) -> 738356283 | E10: =SUM(E11:E15) -> -8233584
A11: 68483591 | B11: 現金 | C11: =39369029+24000+1300 -> 39394329 | D11: 42206622 | E11: =C11-D11 -> -2812293
A12: 704970081 | B12: 流動金融資產 | C12: 582506576 | D12: 589835741 | E12: =C12-D12 -> -7329165
A13: 91782887 | B13: 應收款項 | C13: 105554794 | D13: 103293920 | E13: =C13-D13 -> 2260874
A14: 78780 | B14: 預付款項 | C14: 2000 | D14: 8000 | E14: =C14-D14 -> -6000
A15: 4031706 | B15: 短期貸墊款 | C15: 2665000 | D15: 3012000 | E15: =C15-D15 -> -347000
A16: 161720131 | B16: 投資、長期應收款、貸墊款及準備金 | C16: =SUM(C17:C18) -> 278741386 | D16: =SUM(D17:D18) -> 285135786 | E16: =SUM(E17:E18) -> -6394400
A17: 153956915 | B17: 非流動金融資產 | C17: 268270386 | D17: 274764786 | E17: =C17-D17 -> -6494400
A18: 7763216 | B18: 長期貸款 | C18: 10471000 | D18: 10371000 | E18: =C18-D18 -> 100000
A19: 1417996 | B19: 投資性不動產 | C19: =+C20 -> 1385687 | D19: =+D20 -> 1401842 | E19: =+E20 -> -16155
A20: 1417996 | B20: 投資性不動產 | C20: 1385687 | D20: 1401842 | E20: =C20-D20 -> -16155
A21: 530 | B21: 無形資產 | C21: =C22 -> 24 | D21: =D22 -> 24 | E21: =+E22 -> 0
A22: 530 | B22: 無形資產 | C22: 24 | D22: 24 | E22: =C22-D22 -> 0
A23: 24177672 | B23: 其他資產 | C23: =+C24+C25+C26 -> 25396983 | D23: =+D24+D25+D26 -> 25970112 | E23: =+E24+E25 -> -573129
A24: 39752 | B24: 遞延資產 | C24: 38534 | D24: 39143 | E24: =C24-D24 -> -609
A25: 23899609 | B25: 什項資產 | C25: 25120137 | D25: 25692657 | E25: =C25-D25 -> -572520
A26: 238312 | B26: 待處理資產 | C26: 238312 | D26: 238312 | E26: =C26-D26 -> 0
A29: 1056663374 | B29: 合計 | C29: =C9 -> 1035646779 | D29: =D9 -> 1050864047 | E29: =E9 -> -15217268
A30: 1056658165 | B30: 負債 | C30: =C31+C36 -> 1035641570 | D30: =D31+D36 -> 1050858838 | E30: =E31+E36 -> -15217268
A31: 33578614 | B31: 流動負債 | C31: =SUM(C32:C35) -> 32174430 | D31: =SUM(D32:D35) -> 32546683 | E31: =SUM(E32:E35) -> -372253
A32: 3840000 | B32: 短期債務 | C32: 2380000 | D32: 2727000 | E32: =C32-D32 -> -347000
A33: 29235179 | B33: 應付款項 | C33: 29247499 | D33: 29268070 | E33: =C33-D33 -> -20571
A34: 371594 | B34: 預收款項 | C34: 415090 | D34: 419772 | E34: =C34-D34 -> -4682
A35: 131841 | B35: 流動金融負債 | C35: 131841 | D35: 131841 | E35: =C35-D35 -> 0
A36: 1023079552 | B36: 其他負債 | C36: =SUM(C37:C39) -> 1003467140 | D36: =SUM(D37:D39) -> 1018312155 | E36: =SUM(E37:E39) -> -14845015
A37: 3975176 | B37: 遞延負債 | C37: 3853346 | D37: 3914261 | E37: =C37-D37 -> -60915
A38: 1019026388 | B38: 負債準備 | C38: 999535736 | D38: 1014319836 | E38: =C38-D38 -> -14784100
A39: 77988 | B39: 什項負債 | C39: 78058 | D39: 78058 | E39: =C39-D39 -> 0
A40: 5209 | B40: 淨值 | C40: =C41+C43+C45 -> 5209 | D40: =D41+D43+D45 -> 5209 | E40: =E41+E43+E45 -> 0
A41: 625 | B41: 基金 | C41: =C42 -> 625 | D41: =D42 -> 625 | E41: =E42 -> 0
A42: 625 | B42: 基金 | C42: 625 | D42: 625 | E42: =C42-D42 -> 0
A43: 4584 | B43: 公積 | C43: =C44 -> 4584 | D43: =+D44 -> 4584 | E43: =E44 -> 0
A44: 4584 | B44: 資本公積 | C44: 4584 | D44: 4584 | E44: =C44-D44 -> 0
A45: =A46 -> 0 | B45: 累積餘絀 | C45: =C46 -> 0 | D45: =D46 -> 0 | E45: =E46 -> 0
A46: 0 | B46: 累積賸餘 | C46: 0 | D46: 0 | E46: 0
A48: 1056663374 | B48: 合計 | C48: =C30+C40 -> 1035646779 | D48: =D30+D40 -> 1050864047 | E48: =E30+E40 -> -15217268
A49: 註：本年度信託代理與保證資產（負債）預計為235,328千元，係包括（應付）保證品72,250千元及應收（受託）代收款 163,078千元。

Sheet 5年來主要營運項目分析表
A1: 勞 動 部 勞 工 保 險 局
A2: 勞 工 保 險 局 作 業 基 金
A3: 5年來主要營運項目分析表
A4: 中華民國111年度 單位：新臺幣千元
A5: 年 度 及 項 目 | B5: 單位 | C5: 數量 | D5: 單位成本 （元）或平 均利(費)率 | E5: 預(決)算數 | F5: 說明
A7: 本年度預算數 | E7: =E8 -> 558596726
A8: 保險給付 | E8: =SUM(E9:E13) -> 558596726
A9: 勞工保險 | E9: 520975856
A10: 就業保險 | E10: 23777464
A11: 農保及農職保 | E11: 6752689
A12: 職業災害勞工保護 | E12: 171207
A13: 勞職保及保護 | E13: ='收支餘絀預計表-總'!D84 -> 6919510
A15: 上年度預算數 | E15: =E16 -> 522018918
A16: 保險給付 | E16: =SUM(E17:E20) -> 522018918
A17: 勞工保險 | E17: 491651979
A18: 就業保險 | E18: 22823256
A19: 農保及農職保 | E19: 6916286
A20: 職業災害勞工保護 | E20: 627397
A22: 前年度決算數 | E22: =E23 -> 486815589
A23: 保險給付 | E23: =SUM(E24:E27) -> 486815589
A24: 勞工保險 | E24: 456241973
A25: 就業保險 | E25: 23106476
A26: 農保及農職保 | E26: 6940840
A27: 職業災害勞工保護 | E27: 526300
A29: 108年度決算數 | E29: =E30 -> 450783076
A30: 保險給付 | E30: =SUM(E31:E34) -> 450783076
A31: 勞工保險 | E31: 422565841
A32: 就業保險 | E32: 20300207
A33: 農民健康保險 | E33: 7383282
A34: 職業災害勞工保護 | E34: 533746
A36: 107年度決算數 | E36: 423404481
A37: 保險給付 | E37: 423404481
A38: 勞工保險 | E38: 396271221
A39: 就業保險 | E39: 19252036
A40: 農民健康保險 | E40: 7378009
A41: 職業災害勞工保護 | E41: 503215

Sheet 員工人數彙計表
A1: 勞 動 部 勞 工 保 險 局
A2: 勞 工 保 險 局 作 業 基 金
A3: 員工人數彙計表
A4: 中華民國111年度 單位：人
A5: 科 目 | B5: 上年度最高 | C5: 本年度增減(-)數 | D5: 本年度最高 | E5: 說 明
B6: 可進用員額數 | D6: 可進用員額數
E7: 本年度無預算員額。
A22: 總 計
A23: 註：係勞動部職業安全衛生署非以用人費用科目辦理項目，包括： 1.勞務承攬人力主要係辦理協助發放職災勞工死亡慰問金等相關行政業務，預計2人。 2.契僱人力主要係辦理各地方政府職災勞工服務紀錄填報確認、電話服務、郵件收受、公文繕校、案件審核、資料 建檔繕校等業務，預計9人。

Sheet 用人費用彙計表
A1: 勞 動 部 勞 工 保 險 局
A2: 勞 工 保 險 局 作 業 基 金
A3: 用人費用彙計表
A4: 中華民國111年度 單位：新臺幣千元
A5: 科 目 | B5: 正式員 額薪資 | C5: 聘僱人員薪資 | D5: 超時工 作報酬 | E5: 津貼 | F5: 獎金 | G5: 退休及卹償金 | H5: 福利費 | I5: 提繳費 | J5: 總計
A19: 合 計
A20: 註：係勞動部職業安全衛生署非以用人費用科目辦理項目，包括： 1.勞務承攬人力主要係辦理協助發放職災勞工死亡慰問金等相關行政業務，預計2人，編列一般服務費787千元。 2.契僱人力主要係辦理各地方政府職災勞工服務紀錄填報確認、電話服務、郵件收受、公文繕校、案件審核、資 料建檔繕校等業務，預計9人，編列一般服務費3,230千元。

Sheet 媒體政策及業務宣導費彙計表
A1: 勞 動 部 勞 工 保 險 局
A2: 勞 工 保 險 局 作 業 基 金
A3: 媒體政策及業務宣導費彙計表
A4: 中華民國111年度 單位：新臺幣千元
A5: 前年度決算數 | B5: 上年度預算數 | C5: 科目 | D5: 預算數 | E5: 預計執行內容
A6: 0 | B6: 0 | C6: 業務支出部分 | D6: =D7+D11 -> 672 | E6: 本科目全數由勞動部職業安全衛生署辦理。
A7: 0 | B7: 0 | C7: 其他業務成本 | D7: =D8+D9 -> 672
A8: 0 | B8: 0 | C8: 勞職保及保護 | D8: 672 | E8: 係辦理職業安全衛生知能及教育訓練宣導，相關媒體宣導製作、託播及刊登等經費。
A19: =A6+A14 -> 0 | B19: =B6 -> 0 | C19: 總 計 | D19: =D6 -> 672

Sheet 各項費用彙計表
A1: 勞 動 部 勞 工 保 險 局
A2: 勞 工 保險局 作 業 基 金
A3: 各 項 費 用 彙 計 表
D4: 中華民國 111年度 | G4: 單位：新臺幣千元
A5: 前 年 度 | B5: 上 年 度 | C5: 科 目 | D5: 本年度預算數
A6: 決 算 數 | B6: 預 算 數 | D6: 合計 | E6: 出租資 產成本 | F6: 投融資業 務成本 | G6: 保險成本 | H6: 其他業 務成本 | I6: 其他業務 外費用
A8: 863727 | B8: =SUM(B9:B18) -> 976124 | C8: 服務費用 | D8: =SUM(D9:D18) -> 1447456 | E8: =SUM(E9:E18) -> 2791 | F8: =SUM(F9:F18) -> 1003916 | G8: =SUM(G9:G18) -> 0 | H8: =SUM(H9:H18) -> 440749 | I8: =SUM(I9:I18) -> 0
A9: 1 | B9: 7 | C9: 水電費 | D9: =SUM(E9:I9) -> 576 | E9: 7 | F9: 0 | G9: 0 | H9: 569 | I9: 0
A10: 0 | B10: 0 | C10: 郵電費 | D10: =SUM(E10:I10) -> 872 | E10: 0 | F10: 0 | G10: 0 | H10: 872 | I10: 0
A11: 0 | B11: 0 | C11: 旅運費 | D11: =SUM(E11:I11) -> 5967 | E11: 0 | F11: 0 | G11: 0 | H11: 5967 | I11: 0
A12: 1 | B12: 0 | C12: 印刷裝訂及公告費 | D12: =SUM(E12:I12) -> 1701 | E12: 1 | F12: 0 | G12: 0 | H12: 1700 | I12: 0
A13: 1125 | B13: 2195 | C13: 修理保養及保固費 | D13: =SUM(E13:I13) -> 2118 | E13: 2118 | F13: 0 | G13: 0 | H13: 0 | I13: 0
A14: 0 | B14: 121 | C14: 保險費 | D14: =SUM(E14:I14) -> 181 | E14: 121 | F14: 0 | G14: 0 | H14: 60 | I14: 0
A15: 853023 | B15: 937596 | C15: 一般服務費 | D15: =SUM(E15:I15) -> 1118587 | E15: 394 | F15: =956243+13091-1000 -> 968334 | G15: 0 | H15: 149859 | I15: 0
A16: 9577 | B16: 36205 | C16: 專業服務費 | D16: =SUM(E16:I16) -> 307752 | E16: 150 | F16: 35582 | G16: 0 | H16: =11124+260896 -> 272020 | I16: 0
A17: 0 | B17: 0 | C17: 媒體政策及業務宣導費 | D17: =SUM(E17:I17) -> 672 | E17: 0 | F17: 0 | G17: 0 | H17: 672 | I17: 0
A18: 0 | B18: 0 | C18: 行銷推廣費 | D18: =SUM(E18:I18) -> 9030 | E18: 0 | F18: 0 | G18: 0 | H18: =10030-1000 -> 9030 | I18: 0
A19: 0 | B19: =SUM(B20:B21) -> 0 | C19: 材料及用品費 | D19: =SUM(D20:D21) -> 3100 | E19: =E21 -> 0 | F19: =F21 -> 0 | G19: =G21 -> 0 | H19: =SUM(H20:H21) -> 3100 | I19: =I21 -> 0
A20: 0 | B20: 0 | C20: 使用材料費 | D20: =SUM(E20:I20) -> 1567 | E20: 0 | F20: 0 | G20: 0 | H20: 1567 | I20: 0
A21: 0 | B21: 0 | C21: 用品消耗 | D21: =SUM(E21:I21) -> 1533 | E21: 0 | F21: 0 | G21: 0 | H21: 1533 | I21: 0
A22: 143458 | B22: =SUM(B23:B28) -> 32750 | C22: 租金與利息 | D22: =SUM(D23:D28) -> 16657 | E22: =SUM(E23:E28) -> 0 | F22: =SUM(F23:F28) -> 0 | G22: =SUM(G23:G28) -> 0 | H22: =SUM(H23:H28) -> 16657 | I22: =SUM(I23:I28) -> 0
A23: 0 | B23: 0 | C23: 地租及水租 | D23: =SUM(E23:I23) -> 10 | E23: 0 | F23: 0 | G23: 0 | H23: 10 | I23: 0
A24: 0 | B24: 0 | C24: 房租 | D24: =SUM(E24:I24) -> 1189 | E24: 0 | F24: 0 | G24: 0 | H24: 1189 | I24: 0
A25: 0 | B25: 0 | C25: 機器租金 | D25: =SUM(E25:I25) -> 500 | E25: 0 | F25: 0 | G25: 0 | H25: 500 | I25: 0
A26: 0 | B26: 0 | C26: 交通及運輸設備租金 | D26: =SUM(E26:I26) -> 1100 | E26: 0 | F26: 0 | G26: 0 | H26: 1100 | I26: 0
A27: 0 | B27: 0 | C27: 什項設備租金 | D27: =SUM(E27:I27) -> 40 | E27: 0 | F27: 0 | G27: 0 | H27: 40 | I27: 0
A28: 143458 | B28: 32750 | C28: 利息 | D28: =SUM(E28:I28) -> 13818 | E28: 0 | F28: 0 | G28: 0 | H28: 13818 | I28: 0
A29: 17269 | B29: =B30+B31 -> 17269 | C29: 折舊、折耗及攤銷 | D29: =D30+D31 -> 16764 | E29: =E30+E31 -> 16764 | F29: =F30+F31 -> 0 | G29: =G30+G31 -> 0 | H29: =H30+H31 -> 0 | I29: =I30+I31 -> 0
A30: 16155 | B30: 16154 | C30: 投資性不動產折舊 | D30: =SUM(E30:I30) -> 16155 | E30: 16155 | F30: 0 | G30: 0 | H30: 0 | I30: 0
A31: 1114 | B31: 1115 | C31: 攤銷 | D31: =SUM(E31:I31) -> 609 | E31: 609 | F31: 0 | G31: 0 | H31: 0 | I31: 0
A32: 19014 | B32: =SUM(B33:B35) -> 1488 | C32: 稅捐與規費(強制費) | D32: =D33+D34+D35 -> 20021 | E32: =E33+E34+E35 -> 20021 | F32: =F33+F34+F35 -> 0 | G32: =G33+G34+G35 -> 0 | H32: =H33+H34+H35 -> 0 | I32: =I33+I34+I35 -> 0
A33: 19009 | B33: 1467 | C33: 土地稅 | D33: =SUM(E33:I33) -> 20000 | E33: 20000 | F33: 0 | G33: 0 | H33: 0 | I33: 0
A34: 1 | B34: 13 | C34: 房屋稅 | D34: =SUM(E34:I34) -> 13 | E34: 13 | F34: 0 | G34: 0 | H34: 0 | I34: 0
A35: 4 | B35: 8 | C35: 規費 | D35: =SUM(E35:I35) -> 8 | E35: 8 | F35: 0 | G35: 0 | H35: 0 | I35: 0
A36: 0 | B36: =SUM(B37:B39) -> 0 | C36: 會費、捐助、補助、分攤、救助（濟）與交流活動費 | D36: =D37+D38+D39 -> 537108 | E36: =E37+E38+E39 -> 0 | F36: =F37+F38+F39 -> 0 | G36: =G37+G38+G39 -> 0 | H36: =H37+H38+H39 -> 537108 | I36: =I37+I38+I39 -> 0
A37: 0 | B37: 0 | C37: 會費 | D37: =SUM(E37:I37) -> 0 | E37: 0 | F37: 0 | G37: 0 | H37: 0 | I37: 0
A38: 0 | B38: 0 | C38: 捐助、補助與獎助 | D38: =SUM(E38:I38) -> 507108 | E38: 0 | F38: 0 | G38: 0 | H38: =457108+50000 -> 507108 | I38: 0
A39: 0 | B39: 0 | C39: 補貼（償）、獎勵、慰問與救助（ 濟） | D39: =SUM(E39:I39) -> 30000 | E39: 0 | F39: 0 | G39: 0 | H39: 30000 | I39: 0
A40: 691219897 | B40: =SUM(B41:B43) -> 529508697 | C40: 短絀、賠償與保險給付 | D40: =D41+D42+D43 -> 564507112 | E40: =E41+E42+E43 -> 0 | F40: =F41+F42+F43 -> 0 | G40: =G42+G43+G41 -> 564491226 | H40: =H42+H43+H41 -> 15886 | I40: 0
A41: 163511477 | B41: 750494 | C41: 各項短絀 | D41: =SUM(E41:I41) -> 917868 | E41: 0 | F41: 0 | G41: 917868 | H41: 0 | I41: 0
A42: 486855857 | B42: =522071178-300 -> 522070878 | C42: 保險給付 | D42: =SUM(E42:I42) -> 558612612 | E42: 0 | F42: 0 | G42: =558596960-7780+9546-1000-1000 -> 558596726 | H42: 15886 | I42: 0
A43: 40852563 | B43: 6687325 | C43: 提存 | D43: =SUM(E43:I43) -> 4976632 | E43: 0 | F43: 0 | G43: =4974632+2000 -> 4976632 | H43: 0 | I43: 0
A44: 2500567 | B44: =SUM(B45:B45) -> 3428252 | C44: 其他 | D44: =D45 -> 3700246 | E44: =E45 -> 162 | F44: =F45 -> 0 | G44: =G45 -> 0 | H44: =H45 -> 3700011 | I44: =I45 -> 73
A45: 2500567 | B45: 3428252 | C45: 其他費用 | D45: =SUM(E45:I45) -> 3700246 | E45: 162 | F45: 0 | G45: 0 | H45: =3702011-2000 -> 3700011 | I45: 73
A46: 694763933 | B46: =+B8+B19+B22+B29+B32+B40+B44+B36 -> 533964580 | C46: 總 計 | D46: =+D8+D19+D22+D29+D32+D40+D44+D36 -> 570248464 | E46: =+E8+E19+E22+E29+E32+E40+E44+E36 -> 39738 | F46: =+F8+F19+F22+F29+F32+F40+F44+F36 -> 1003916 | G46: =+G8+G19+G22+G29+G32+G40+G44+G36 -> 564491226 | H46: =+H8+H19+H22+H29+H32+H40+H44+H36 -> 4713511 | I46: =+I8+I19+I22+I29+I32+I40+I44+I36 -> 73

Sheet 各項費用彙計表 (單位)
A1: 勞 動 部 勞 工 保 險 局
A2: 勞 工 保險局 作 業 基 金
F3: 各項費用 彙計表
F4: 中華民國 111年度 | M4: 單位：新臺幣千元
A5: 科 目 | B5: 合計 | C5: 勞動部勞工保險局 | H5: 勞動部勞動基金運用局 | K5: 勞動部職業安全衛生署 | N5: 勞動部及所屬機關
C6: 小計 | D6: 投融資業 務成本 | E6: 保險成本 | F6: 其他業 務成本 | G6: 其他業務 外費用 | H6: 小計 | I6: 出租資 產成本 | J6: 投融資業 務成本 | K6: 小計 | L6: 保險成本 | M6: 其他業 務成本 | N6: 其他業 務成本
A8: 服務費用 | B8: =SUM(B9:B18) -> 1447456 | C8: =SUM(D8:G8) -> 328896 | D8: =SUM(D9:D18) -> 68000 | E8: =SUM(E9:E18) -> 0 | F8: =SUM(F9:F18) -> 260896 | G8: =SUM(G9:G18) -> 0 | H8: =SUM(I8:J8) -> 938707 | I8: =SUM(I9:I18) -> 2791 | J8: =SUM(J9:J18) -> 935916 | K8: =SUM(L8:M8) -> 179853 | L8: =SUM(L9:L18) -> 0 | M8: =SUM(M9:M18) -> 179853 | N8: =SUM(N9:N18) -> 0
A9: 水電費 | B9: =+C9+H9+K9+N9 -> 576 | C9: =SUM(D9:G9) -> 0 | D9: 0 | E9: 0 | F9: 0 | G9: 0 | H9: =SUM(I9:J9) -> 7 | I9: 7 | J9: 0 | K9: =SUM(L9:M9) -> 569 | L9: 0 | M9: 569 | N9: 0
A10: 郵電費 | B10: =+C10+H10+K10+N10 -> 872 | C10: =SUM(D10:G10) -> 0 | D10: 0 | E10: 0 | F10: 0 | G10: 0 | H10: =SUM(I10:J10) -> 0 | I10: 0 | J10: 0 | K10: =SUM(L10:M10) -> 872 | L10: 0 | M10: 872 | N10: 0
A11: 旅運費 | B11: =+C11+H11+K11+N11 -> 5967 | C11: =SUM(D11:G11) -> 0 | D11: 0 | E11: 0 | F11: 0 | G11: 0 | H11: =SUM(I11:J11) -> 0 | I11: 0 | J11: 0 | K11: =SUM(L11:M11) -> 5967 | L11: 0 | M11: 5967 | N11: 0
A12: 印刷裝訂及公告費 | B12: =+C12+H12+K12+N12 -> 1701 | C12: =SUM(D12:G12) -> 0 | D12: 0 | E12: 0 | F12: 0 | G12: 0 | H12: =SUM(I12:J12) -> 1 | I12: 1 | J12: 0 | K12: =SUM(L12:M12) -> 1700 | L12: 0 | M12: 1700 | N12: 0
A13: 修理保養及保固費 | B13: =+C13+H13+K13+N13 -> 2118 | C13: =SUM(D13:G13) -> 0 | D13: 0 | E13: 0 | F13: 0 | G13: 0 | H13: =SUM(I13:J13) -> 2118 | I13: 2118 | J13: 0 | K13: =SUM(L13:M13) -> 0 | L13: 0 | M13: 0 | N13: 0
A14: 保險費 | B14: =+C14+H14+K14+N14 -> 181 | C14: =SUM(D14:G14) -> 0 | D14: 0 | E14: 0 | F14: 0 | G14: 0 | H14: =SUM(I14:J14) -> 121 | I14: 121 | J14: 0 | K14: =SUM(L14:M14) -> 60 | L14: 0 | M14: 60 | N14: 0
A15: 一般服務費 | B15: =+C15+H15+K15+N15 -> 1118587 | C15: =SUM(D15:G15) -> 68000 | D15: 68000 | E15: 0 | F15: 0 | G15: 0 | H15: =SUM(I15:J15) -> 900728 | I15: 394 | J15: =956243+13091-1000-D15 -> 900334 | K15: =SUM(L15:M15) -> 149859 | L15: 0 | M15: 149859 | N15: 0
A16: 專業服務費 | B16: =+C16+H16+K16+N16 -> 307752 | C16: =SUM(D16:G16) -> 260896 | D16: 0 | E16: 0 | F16: 260896 | G16: 0 | H16: =SUM(I16:J16) -> 35732 | I16: 150 | J16: 35582 | K16: =SUM(L16:M16) -> 11124 | L16: 0 | M16: =11124 -> 11124 | N16: 0
A17: 媒體政策及業務宣導費 | B17: =+C17+H17+K17+N17 -> 672 | C17: =SUM(D17:G17) -> 0 | D17: 0 | E17: 0 | F17: 0 | G17: 0 | H17: =SUM(I17:J17) -> 0 | K17: =SUM(L17:M17) -> 672 | L17: 0 | M17: 672 | N17: 0
A18: 行銷推廣費 | B18: =+C18+H18+K18+N18 -> 9030 | C18: =SUM(D18:G18) -> 0 | D18: 0 | E18: 0 | F18: 0 | G18: 0 | H18: =SUM(I18:J18) -> 0 | K18: =SUM(L18:M18) -> 9030 | L18: 0 | M18: =10030-1000 -> 9030 | N18: 0
A19: 材料及用品費 | B19: =+B21+B20 -> 3100 | C19: =SUM(D19:G19) -> 0 | D19: =D21+D20 -> 0 | E19: =E21+E20 -> 0 | F19: =F21+F20 -> 0 | G19: =G21+G20 -> 0 | H19: =SUM(I19:J19) -> 0 | I19: =I21 -> 0 | J19: =J21 -> 0 | K19: =SUM(L19:M19) -> 3100 | L19: =L21+L20 -> 0 | M19: =SUM(M20:M21) -> 3100 | N19: =N21+N20 -> 0
A20: 使用材料費 | B20: =+C20+H20+K20+N20 -> 1567 | C20: =SUM(D20:G20) -> 0 | D20: 0 | E20: 0 | F20: 0 | G20: 0 | H20: =SUM(I20:J20) -> 0 | I20: 0 | J20: 0 | K20: =SUM(L20:M20) -> 1567 | L20: 0 | M20: 1567 | N20: 0
A21: 用品消耗 | B21: =+C21+H21+K21+N21 -> 1533 | C21: =SUM(D21:G21) -> 0 | D21: 0 | E21: 0 | F21: 0 | G21: 0 | H21: =SUM(I21:J21) -> 0 | I21: 0 | J21: 0 | K21: =SUM(L21:M21) -> 1533 | L21: 0 | M21: 1533 | N21: 0
A22: 租金與利息 | B22: =SUM(B23:B28) -> 16657 | C22: =SUM(D22:G22) -> 13818 | D22: =SUM(D23:D28) -> 0 | E22: =SUM(E23:E28) -> 0 | F22: =SUM(F23:F28) -> 13818 | G22: =SUM(G23:G28) -> 0 | H22: =SUM(I22:J22) -> 0 | I22: =SUM(I23:I28) -> 0 | J22: =SUM(J23:J28) -> 0 | K22: =SUM(L22:M22) -> 2839 | L22: =SUM(L23:L28) -> 0 | M22: =SUM(M23:M28) -> 2839 | N22: =SUM(N23:N28) -> 0
A23: 地租及水租 | B23: =+C23+H23+K23+N23 -> 10 | C23: =SUM(D23:G23) -> 0 | D23: 0 | E23: 0 | F23: 0 | G23: 0 | H23: =SUM(I23:J23) -> 0 | I23: 0 | J23: 0 | K23: =SUM(L23:M23) -> 10 | L23: 0 | M23: 10 | N23: 0
A24: 房租 | B24: =+C24+H24+K24+N24 -> 1189 | C24: =SUM(D24:G24) -> 0 | D24: 0 | E24: 0 | F24: 0 | G24: 0 | H24: =SUM(I24:J24) -> 0 | I24: 0 | J24: 0 | K24: =SUM(L24:M24) -> 1189 | L24: 0 | M24: 1189 | N24: 0
A25: 機器租金 | B25: =+C25+H25+K25+N25 -> 500 | C25: =SUM(D25:G25) -> 0 | D25: 0 | E25: 0 | F25: 0 | G25: 0 | H25: =SUM(I25:J25) -> 0 | I25: 0 | J25: 0 | K25: =SUM(L25:M25) -> 500 | L25: 0 | M25: 500 | N25: 0
A26: 交通及運輸設備租金 | B26: =+C26+H26+K26+N26 -> 1100 | C26: =SUM(D26:G26) -> 0 | D26: 0 | E26: 0 | F26: 0 | G26: 0 | H26: =SUM(I26:J26) -> 0 | I26: 0 | J26: 0 | K26: =SUM(L26:M26) -> 1100 | L26: 0 | M26: 1100 | N26: 0
A27: 什項設備租金 | B27: =+C27+H27+K27+N27 -> 40 | C27: =SUM(D27:G27) -> 0 | D27: 0 | E27: 0 | F27: 0 | G27: 0 | H27: =SUM(I27:J27) -> 0 | I27: 0 | J27: 0 | K27: =SUM(L27:M27) -> 40 | L27: 0 | M27: 40 | N27: 0
A28: 利息 | B28: =+C28+H28+K28+N28 -> 13818 | C28: =SUM(D28:G28) -> 13818 | D28: 0 | E28: 0 | F28: 13818 | G28: 0 | H28: =SUM(I28:J28) -> 0 | I28: 0 | J28: 0 | K28: =SUM(L28:M28) -> 0 | L28: 0 | M28: 0 | N28: 0
A29: 折舊、折耗及攤銷 | B29: =+B30+B31 -> 16764 | C29: =SUM(D29:G29) -> 0 | D29: =D31 -> 0 | E29: =E31 -> 0 | F29: =F31 -> 0 | G29: =G31 -> 0 | H29: =SUM(I29:J29) -> 16764 | I29: =I30+I31 -> 16764 | J29: =J30+J31 -> 0 | K29: =SUM(L29:M29) -> 0 | L29: =L31 -> 0 | M29: =M30+M31 -> 0 | N29: =N31 -> 0
A30: 投資性不動產折舊 | B30: =+C30+H30+K30+N30 -> 16155 | C30: =SUM(D30:G30) -> 0 | D30: 0 | E30: 0 | F30: 0 | G30: 0 | H30: =SUM(I30:J30) -> 16155 | I30: 16155 | J30: 0 | K30: =SUM(L30:M30) -> 0 | L30: 0 | M30: 0 | N30: 0
A31: 攤銷 | B31: =+C31+H31+K31+N31 -> 609 | C31: =SUM(D31:G31) -> 0 | D31: 0 | E31: 0 | F31: 0 | G31: 0 | H31: =SUM(I31:J31) -> 609 | I31: 609 | J31: 0 | K31: =SUM(L31:M31) -> 0 | L31: 0 | M31: 0 | N31: 0
A32: 稅捐與規費(強制費) | B32: =+B33+B34+B35 -> 20021 | C32: =SUM(D32:G32) -> 0 | D32: =SUM(D33:D35) -> 0 | E32: =SUM(E33:E35) -> 0 | F32: =SUM(F33:F35) -> 0 | G32: =SUM(G33:G35) -> 0 | H32: =SUM(I32:J32) -> 20021 | I32: =I33+I34+I35 -> 20021 | J32: =J33+J34+J35 -> 0 | K32: =SUM(L32:M32) -> 0 | L32: =SUM(L33:L35) -> 0 | M32: =M33+M34+M35 -> 0 | N32: =SUM(N33:N35) -> 0
A33: 土地稅 | B33: =+C33+H33+K33+N33 -> 20000 | C33: =SUM(D33:G33) -> 0 | D33: 0 | E33: 0 | F33: 0 | G33: 0 | H33: =SUM(I33:J33) -> 20000 | I33: 20000 | J33: 0 | K33: =SUM(L33:M33) -> 0 | L33: 0 | M33: 0 | N33: 0
A34: 房屋稅 | B34: =+C34+H34+K34+N34 -> 13 | C34: =SUM(D34:G34) -> 0 | D34: 0 | E34: 0 | F34: 0 | G34: 0 | H34: =SUM(I34:J34) -> 13 | I34: 13 | J34: 0 | K34: =SUM(L34:M34) -> 0 | L34: 0 | M34: 0 | N34: 0
A35: 規費 | B35: =+C35+H35+K35+N35 -> 8 | C35: =SUM(D35:G35) -> 0 | D35: 0 | E35: 0 | F35: 0 | G35: 0 | H35: =SUM(I35:J35) -> 8 | I35: 8 | J35: 0 | K35: =SUM(L35:M35) -> 0 | L35: 0 | M35: 0 | N35: 0
A36: 會費、捐助、補助、分攤、救助（濟）與交流活動費 | B36: =+B38+B39 -> 537108 | C36: =SUM(D36:G36) -> 0 | D36: =SUM(D38:D40) -> 0 | E36: =SUM(E38:E39) -> 0 | F36: =SUM(F38:F39) -> 0 | G36: =SUM(G38:G39) -> 0 | H36: =SUM(I36:J36) -> 0 | I36: =I37+I38+I39 -> 0 | J36: =J37+J38+J39 -> 0 | K36: =SUM(L36:M36) -> 537108 | L36: =SUM(L38:L39) -> 0 | M36: =M37+M38+M39 -> 537108 | N36: =SUM(N38:N39) -> 0
I37: 0 | J37: 0 | M37: 0
A38: 捐助、補助與獎助 | B38: =+C38+H38+K38+N38 -> 507108 | C38: =SUM(D38:G38) -> 0 | D38: 0 | E38: 0 | F38: 0 | G38: 0 | H38: =SUM(I38:J38) -> 0 | I38: 0 | J38: 0 | K38: =SUM(L38:M38) -> 507108 | L38: 0 | M38: =457108+50000 -> 507108 | N38: 0
A39: 補貼（償）、獎勵、慰 問與救助（濟） | B39: =+C39+H39+K39+N39 -> 30000 | C39: =SUM(D39:G39) -> 0 | D39: 0 | E39: 0 | F39: 0 | G39: 0 | H39: =SUM(I39:J39) -> 0 | I39: 0 | J39: 0 | K39: =SUM(L39:M39) -> 30000 | L39: 0 | M39: 30000 | N39: 0
A40: 短絀、賠償與保險給付 | B40: =+B41+B42+B43 -> 564507112 | C40: =SUM(D40:G40) -> 564136674 | D40: =SUM(D41:D43) -> 0 | E40: =SUM(E41:E43) -> 564136674 | F40: =SUM(F41:F43) -> 0 | G40: =SUM(G41:G43) -> 0 | H40: =SUM(I40:J40) -> 0 | I40: =I41+I42+I43 -> 0 | J40: =J41+J42+J43 -> 0 | K40: =SUM(L40:M40) -> 370438 | L40: =SUM(L41:L43) -> 354552 | M40: =M42+M43+M41 -> 15886 | N40: =SUM(N41:N43) -> 0
A41: 各項短絀 | B41: =+C41+H41+K41+N41 -> 917868 | C41: =SUM(D41:G41) -> 917868 | D41: 0 | E41: 917868 | F41: 0 | G41: 0 | H41: =SUM(I41:J41) -> 0 | I41: 0 | J41: 0 | K41: =SUM(L41:M41) -> 0 | L41: 0 | M41: 0 | N41: 0
A42: 保險給付 | B42: =+C42+H42+K42+N42 -> 558612612 | C42: =SUM(D42:G42) -> 558258184 | D42: 0 | E42: 558258184 | F42: 0 | G42: 0 | H42: =SUM(I42:J42) -> 0 | I42: 0 | J42: 0 | K42: =+L42+M42 -> 354428 | L42: =171207+168335-1000 -> 338542 | M42: 15886 | N42: 0
A43: 提存 | B43: =+C43+H43+K43+N43 -> 4976632 | C43: =SUM(D43:G43) -> 4960622 | D43: 0 | E43: =[11]各項費用彙計表!G43-'各項費用彙計表 (單位)'!L43 -> 4960622 | F43: 0 | G43: 0 | H43: =SUM(I43:J43) -> 0 | I43: 0 | J43: 0 | K43: =SUM(L43:M43) -> 16010 | L43: 16010 | M43: 0 | N43: 0
A44: 其他 | B44: =+B45 -> 3700246 | C44: =SUM(D44:G44) -> 73 | D44: =D45 -> 0 | E44: =E45 -> 0 | F44: =F45 -> 0 | G44: =G45 -> 73 | H44: =SUM(I44:J44) -> 162 | I44: =I45 -> 162 | J44: =J45 -> 0 | K44: =SUM(L44:M44) -> 0 | L44: =L45 -> 0 | M44: =M45 -> 0 | N44: =N45 -> 3700011
A45: 其他費用 | B45: =+C45+H45+K45+N45 -> 3700246 | C45: =SUM(D45:G45) -> 73 | D45: 0 | E45: 0 | F45: 0 | G45: 73 | H45: =SUM(I45:J45) -> 162 | I45: 162 | J45: 0 | K45: =SUM(L45:M45) -> 0 | L45: 0 | M45: 0 | N45: 3700011
A46: 總 計 | B46: =+B8+B19+B22+B29+B32+B40+B44+B36 -> 570248464 | C46: =SUM(D46:G46) -> 564479461 | D46: =+D8+D19+D22+D29+D32+D40+D44 -> 68000 | E46: =+E8+E19+E22+E29+E32+E40+E44 -> 564136674 | F46: =+F8+F19+F22+F29+F32+F40+F44 -> 274714 | G46: =+G8+G19+G22+G29+G32+G40+G44 -> 73 | H46: =SUM(I46:J46) -> 975654 | I46: =+I8+I19+I22+I29+I32+I40+I44+I36 -> 39738 | J46: =+J8+J19+J22+J29+J32+J40+J44+J36 -> 935916 | K46: =SUM(L46:M46) -> 1093338 | L46: =+L8+L19+L22+L29+L32+L40+L44 -> 354552 | M46: =+M8+M19+M22+M29+M32+M40+M44+M36 -> 738786 | N46: =+N8+N19+N22+N29+N32+N40+N44 -> 3700011

Sheet 不動產投資收入分析表
A1: 勞 動 部 勞 工 保 險 局
A2: 勞 工 保 險 局 作 業 基 金
A3: 投資性不動產收入分析表
A4: 中華民國111年度 單位：新臺幣千元
A5: 投資名稱 | B5: 投資金額 | E5: 本年度 收入
B6: 以前年度 已投資額 | C6: 本年度擬 投資金額 | D6: 合計
A8: 投資性不動產收入 | B8: =SUM(B9:B24) -> 2130336 | D8: =SUM(D9:D24) -> 2130336 | E8: =SUM(E9:E24) -> 280944
A9: 台北市羅斯福路1段4、6號、南海路1號9樓 | B9: 1640423 | D9: =SUM(B9:C9) -> 1640423 | E9: 147825
A10: 台北市南昌路1段5號(停車場) | B10: 0 | D10: 0 | E10: 1458
A11: 台北市濟南路2段42號 | B11: 149250 | D11: =SUM(B11:C11) -> 149250 | E11: 20013
A12: 台北市興隆路3段304巷27、27-1、29、31、33號 | B12: 101728 | D12: =SUM(B12:C12) -> 101728 | E12: 9737
A13: 宜蘭市和睦路1-10號 | B13: 941 | D13: =SUM(B13:C13) -> 941 | E13: 0
A14: 澎湖縣馬公市三民路36號 | B14: 1856 | D14: =SUM(B14:C14) -> 1856 | E14: 359
A15: 花蓮市自由街140號 | B15: 4059 | D15: =SUM(B15:C15) -> 4059 | E15: 996
A16: 台北市杭州南路1段111巷13-1、13-2號 | D16: =SUM(B16:C16) -> 0 | E16: 0
A17: 台北市中山區正義段3小段217地號 | B17: 21246 | D17: =SUM(B17:C17) -> 21246 | E17: 3897
A18: 台北市大安區懷生段4小段350地號 | B18: 22185 | D18: =SUM(B18:C18) -> 22185 | E18: 2002
A19: 台北市中正區河堤段4小段(96-1、96-2地號) | B19: 1142 | D19: =SUM(B19:C19) -> 1142 | E19: 93
A20: 台北市中正區成功段1小段10-1等地號(原希望廣場) | B20: 166581 | D20: =SUM(B20:C20) -> 166581 | E20: 91302
A21: 台北市林森北路85巷46-1、46-2、46-3號 | B21: 6329 | D21: =SUM(B21:C21) -> 6329 | E21: 0
A22: 台北市中正區中正段2小段119等地號 | B22: 14596 | D22: =SUM(B22:C22) -> 14596 | E22: 3262

Sheet 保費收入分析表
A1: 勞 動 部 勞 工 保 險 局
A2: 勞 工 保 險 局 作 業 基 金
A3: 保費收入分析表
A4: 中華民國111年度 單位：新臺幣千元
A5: 科目及業務項目 | B5: 預算數 | F5: 說明
B6: 投保人數 (人) | C6: 平均月投保 薪資 (元) | D6: 保險費 率(%) | E6: 金額
A9: 保費收入 | E9: =+E10+E31+E43+E52+E54 -> 479888341
A10: 勞工保險 | E10: =E11+E26 -> 439465515
A11: 保費收入 | E11: =SUM(E12:E25) -> 438997753 | F11: 1. | G11: 係參酌歷年統計資料及國發會勞動人口由105年開始縮減，另考量積極辦理輔導加保作業及近年來因景氣仍成微幅成長編列。 平均月投保薪資係參酌歷年統計資料編列。 | L11: =SUM(L12:L25)/12 -> 350533640000 | N11: =E11/12/C11/B11*100*1000 -> #DIV/0!
A12: 產業勞工及交通公 用事業之員工 | B12: 3180000 | C12: 36000 | D12: 10.58 | E12: =49180608+96163200 -> 145343808 | L12: =B12*C12*12 -> 1373760000000 | N12: =E12/12/C12/B12*100*1000 -> 10.58
A13: 公司、行號之員工 | B13: 3422000 | C13: 34700 | D13: 10.56 | E13: =50679683+99744456 -> 150424139 | L13: =B13*C13*12 -> 1424920800000 | N13: =E13/12/C13/B13*100*1000 -> 10.556667
A14: 新聞、文化、公益 及合作事業之員工 | B14: 351000 | C14: 37600 | D14: 10.54 | E14: =5606340+11085984 -> 16692324 | F14: 2. | L14: =B14*C14*12 -> 158371200000 | N14: =E14/12/C14/B14*100*1000 -> 10.54
A15: 政府機關及公、私 立學校之員工 | B15: 462300 | C15: 35900 | D15: 10.54 | E15: =7056862+13941119-1 -> 20997980 | L15: =B15*C15*12 -> 199158840000 | N15: =E15/12/C15/B15*100*1000 -> 10.543333
A16: 受僱從事漁業生產 之勞動者 | B16: 6000 | C16: 27100 | D16: 10.56 | E16: =69528+136584 -> 206112 | F16: 3. | G16: 有關勞工保險111年1月至4月投保人數10,600,000人，平均月投保薪資33,900元，配合勞工職業災害保險及保護業務於111年5月1日施行，111年5月至12月投保人數10,155,000人及平均月投保薪資34,085元。 保險費率包括： | L16: =B16*C16*12 -> 1951200000 | N16: =E16/12/C16/B16*100*1000 -> 10.563346
A17: 職業訓練機構接受 訓練者 | B17: 13000 | C17: 14400 | D17: 10.54 | E17: =79448+157248 -> 236696 | L17: =B17*C17*12 -> 2246400000 | N17: =E17/12/C17/B17*100*1000 -> 10.536681
A18: 職業勞工 | B18: 1977000 | C18: 29500 | D18: 10.58 | E18: =25078245+48990060 -> 74068305 | L18: =B18*C18*12 -> 699858000000 | N18: =E18/12/C18/B18*100*1000 -> 10.583333
A19: 漁會之甲類會員 | B19: 253000 | C19: 29700 | D19: 10.56 | E19: =3213029+6311844 -> 9524873 | L19: =B19*C19*12 -> 90169200000 | N19: =E19/12/C19/B19*100*1000 -> 10.563333
A20: 其他各業勞工 | B20: 427000 | C20: 34270 | D20: 10.54 | E20: =6216222+12291964-1 -> 18508185 | L20: =B20*C20*12 -> 175599480000 | N20: =E20/12/C20/B20*100*1000 -> 10.54
A21: 被裁減資遣員工 | B21: 12000 | C21: 39300 | D21: 10.5 | E21: =198072+396144 -> 594216 | F21: 4. | L21: =B21*C21*12 -> 5659200000 | N21: =E21/12/C21/B21*100*1000 -> 10.5
A22: 外僱船員 | B22: 1100 | C22: 45200 | D22: 10.81 | E22: =22712+41765 -> 64477 | G22: (1) | H22: 普通事故保險費率10.5%，係依照98年修正施行之勞工保險條例第13條規定，普通事故保險費率於施行後第3年調高0.5%，其後每年調高0.5%至費率為10%，並自10%當年起，每兩年調高0.5%至上限13%( | L22: =B22*C22*12 -> 596640000 | N22: =E22/12/C22/B22*100*1000 -> 10.806684
A23: 職災續保勞工 | B23: 1000 | C23: 29600 | D23: 10.5 | E23: 37296 | L23: =B23*C23*12 -> 355200000 | N23: =E23/12/C23/B23*100*1000 -> 10.5
A24: 已領取老年給付勞 工再參加職業災害 保險者 | B24: 445000 | C24: 29700 | D24: 0.2 | E24: 105732 | L24: =B24*C24*4 -> 52866000000 | N24: =E24/4/C24/B24*100*1000 -> 0.2
A25: 育嬰續保人員 | B25: 49600 | C25: 35100 | D25: 10.5 | E25: =731203+1462406+1 -> 2193610 | L25: =B25*C25*12 -> 20891520000 | N25: =E25/12/C25/B25*100*1000 -> 10.500002
A26: 滯納金收入 | E26: =462992+4770 -> 467762
H28: 依就業保險法第41條規定，勞工保險普通事故保險費率1%移作就業保險之費率)編列。
G29: (2) | H29: 職業災害平均費率0.20%。
A31: 就業保險 | E31: =E32+E40 -> 30396889
A32: 保費收入 | B32: =SUM(B33:B39) -> 7170000 | C32: 35300 | D32: 1 | E32: =SUM(E33:E39) -> 30372516 | F32: 1. | G32: 投保人數係參酌歷年統計資料就保人數均逐年穩定成長因素編列。
A33: 產業勞工及交通公 用事業之員工 | B33: 2737000 | C33: 36600 | D33: 1 | E33: 12020904
A34: 公司、行號之員工 | B34: 3193000 | C34: 34000 | D34: 1 | E34: 13027440 | F34: 2. | G34: 平均月投保薪資係參酌歷年統計資料編列。
A35: 新聞、文化、公益 及合作事業之員工 | B35: 343000 | C35: 37840 | D35: 1 | E35: 1557494
A36: 政府機關及公、私 立學校之員工 | B36: 446000 | C36: 36500 | D36: 1 | E36: 1953480
A37: 受僱從事漁業生產 之勞動者 | B37: 600 | C37: 37300 | D37: 1 | E37: 2686
A38: 其他各業勞工 | B38: 400800 | C38: 33300 | D38: 1 | E38: 1601597
A39: 育嬰續保人員 | B39: 49600 | C39: 35100 | D39: 1 | E39: 208915
A40: 滯納金收入 | E40: 24373
A42: 農保及農職保 | E42: =+E43+E52 -> 3265722
A43: 農保 | E43: =E44+E51 -> 3169722
A44: 保費收入 | B44: 1012000 | C44: 10200 | D44: 2.55 | E44: 3158654 | F44: 考量農保被保險人年齡層老化及凋零，申領農保重度身心障礙給付及喪葬津貼經本局逕予退保人數增加，暨主管機
F48: 關要求基層農會及本局積極清查農保被保險人加保資格，致農保退保人數增加，使農保投保總人數逐年下降等因素編列。
A51: 滯納金收入 | E51: 11068
A52: 農職保 | E52: =E53+E76 -> 96000
A53: 保費收入 | B53: 320000 | C53: 10200 | D53: 0.24 | E53: 96000
A54: 勞職保及保護 | E54: =E55+E70 -> 6760215
A55: 保費收入 | B55: =SUM(B56:B69) -> 10860000 | C55: 38700 | D55: 0.2 | E55: =SUM(E56:E69) -> 6749590 | F55: 1. | G55: 係參酌勞工保險歷年統計資料及111年5月1日開始施行之勞工職業災害保險及保護法其納保對象予以編列。 | L55: =SUM(L56:L69) -> 420276870000 | M55: =L55/B55 -> 38699.528 | N55: =E55/8/C55/B55*100*1000 -> 0.20074587
A56: 產業勞工及交通公 用事業之員工 | B56: 3208000 | C56: 41300 | D56: 0.24 | E56: 2543816 | L56: =B56*C56 -> 132490400000 | N56: =E56/8/C56/B56*100*1000 -> 0.24000003
A57: 公司、行號之員工 | B57: 3448500 | C57: 39900 | D57: 0.17 | E57: 1871294 | L57: =B57*C57 -> 137595150000 | N57: =E57/8/C57/B57*100*1000 -> 0.17
A58: 新聞、文化、公益 及合作事業之員工 | B58: 356000 | C58: 43500 | D58: 0.12 | E58: 148666 | F58: 2. | G58: 平均月投保薪資係參酌歷年勞工保險統計資料編列。 | L58: =B58*C58 -> 15486000000 | N58: =E58/8/C58/B58*100*1000 -> 0.12000032
A59: 政府機關及公、私 立學校之員工 | B59: 468300 | C59: 41300 | D59: 0.13 | E59: 201144 | L59: =B59*C59 -> 19340790000 | N59: =E59/8/C59/B59*100*1000 -> 0.12999986
A60: 其他各業勞工 | B60: 444700 | C60: 39600 | D60: 0.12 | E60: 169057 | L60: =B60*C60 -> 17610120000 | N60: =E60/8/C60/B60*100*1000 -> 0.11999989
A61: 家庭傭用外籍幫傭 與外籍看護工 | B61: 230000 | C61: 24000 | D61: 0.17 | E61: 75072 | L61: =B61*C61 -> 5520000000 | N61: =E61/8/C61/B61*100*1000 -> 0.17
A62: 受僱從事漁業生產 之勞動者 | B62: 6000 | C62: 31100 | D62: 0.19 | E62: 2836 | L62: =B62*C62 -> 186600000 | N62: =E62/8/C62/B62*100*1000 -> 0.18997856
A63: 職業勞工 | B63: 1977000 | C63: 34100 | D63: 0.25 | E63: 1348314 | L63: =B63*C63 -> 67415700000 | N63: =E63/8/C63/B63*100*1000 -> 0.25
A64: 漁會之甲類會員 | B64: 253000 | C64: 34300 | D64: 0.19 | E64: 131904 | L64: =B64*C64 -> 8677900000 | N64: =E64/8/C64/B64*100*1000 -> 0.18999988
A65: 職業訓練機構接受 訓練者 | B65: 13000 | C65: 13800 | D65: 0.11 | E65: 1579 | L65: =B65*C65 -> 179400000 | N65: =E65/8/C65/B65*100*1000 -> 0.11001951
A66: 非登記有案事業單 位之勞工，公告納 為自願加保者 | B66: 300 | C66: 38700 | D66: 0.11 | E66: 102 | L66: =B66*C66 -> 11610000 | N66: =E66/8/C66/B66*100*1000 -> 0.10981912
A67: 外僱船員 | B67: 1200 | C67: 52000 | D67: 0.92 | E67: 4593 | L67: =B67*C67 -> 62400000 | N67: =E67/8/C67/B67*100*1000 -> 0.92007212
A68: 特別加保對象 | B68: 9000 | C68: 38700 | D68: 0.2 | E68: 5573 | L68: =B68*C68 -> 348300000 | N68: =E68/8/C68/B68*100*1000 -> 0.20000718
A69: 已領取老年給付勞 工再參加勞職保及 保護者 | B69: 445000 | C69: 34500 | D69: 0.2 | E69: 245640 | L69: =B69*C69 -> 15352500000 | N69: =E69/8/C69/B69*100*1000 -> 0.2
A70: 滯納金收入 | E70: 10625

Sheet 保費收入分析表(附表)
A1: 勞 動 部 勞 工 保 險 局
A2: 勞 工 保 險 局 作 業 基 金
A3: 保費收入分析表(附表)
A4: 中華民國111年度 單位：新臺幣千元
A5: 科目及業務項目 | B5: 預算數 | C5: 說明
A9: 保費收入 | B9: =B10+B63+B95+B106 -> 479888341
A10: 勞工保險 | B10: =SUM(B11,B61) -> 439465515
A11: 保費收入 | B11: =SUM(B12,B16,B20,B24,B32,B39,B36,B42,B28,B46,B49,B52,B55,B57) -> 438997753 | C11: 普通事故436,121,456千元，職業災害2,876,297千元。 | D11: 436121456 | E11: 2876297 | F11: =D11+E11 -> 438997753
A12: 產業勞工及交通公 用事業之員工 | B12: =SUM(B13:B15) -> 145343808 | C12: 普通事故保險費由被保險人負擔20%，投保單位負擔70%，政府補助10%；職業災害保險費全部由投保單位負擔。
A13: 被保險人負擔 | B13: 28848960
A14: 投保單位負擔 | B14: 102070368
A15: 政府補助 | B15: 14424480
A16: 公司、行號之員工 | B16: =SUM(B17:B19) -> 150424139 | C16: 普通事故保險費由被保險人負擔20%，投保單位負擔70%，政府補助10%；職業災害保險費全部由投保單位負擔。
A17: 被保險人負擔 | B17: 29923337
A18: 投保單位負擔 | B18: 105539134
A19: 政府補助 | B19: 14961668
A20: 新聞、文化、公益 及合作事業之員工 | B20: =SUM(B21:B23) -> 16692324 | C20: 普通事故保險費由被保險人負擔20%，投保單位負擔70%，政府補助10%；職業災害保險費全部由投保單位負擔。
A21: 被保險人負擔 | B21: 3325795
A22: 投保單位負擔 | B22: 11703632
A23: 政府補助 | B23: 1662897
A24: 政府機關及公、私 立學校之員工 | B24: =SUM(B25:B27) -> 20997980 | C24: 普通事故保險費由被保險人負擔20%，投保單位負擔70%，政府補助10%；職業災害保險費全部由投保單位負擔。
A25: 被保險人負擔 | B25: 4182336
A26: 投保單位負擔 | B26: 14724476
A27: 政府補助 | B27: 2091168
A28: 受僱從事漁業生產 之勞動者 | B28: =SUM(B29:B31) -> 206112 | C28: 普通事故保險費由被保險人負擔20%，投保單位負擔70%，政府補助10%；職業災害保險費全部由投保單位負擔。
A29: 被保險人負擔 | B29: 40975
A30: 投保單位負擔 | B30: 144649
A31: 政府補助 | B31: 20488
A32: 職業訓練機構接受 訓練者 | B32: =SUM(B33:B35) -> 236696 | C32: 普通事故保險費由被保險人負擔20%，投保單位負擔70%，政府補助10%；職業災害保險費全部由投保單位負擔。
A33: 被保險人負擔 | B33: 47175
A34: 投保單位負擔 | B34: 165934
A35: 政府補助 | B35: 23587
A36: 職業勞工 | B36: =SUM(B37:B38) -> 74068305 | C36: 普通事故及職業災害保險費由被保險人負擔60%，政府補助40%。
A37: 被保險人負擔 | B37: 44440983
A38: 政府補助 | B38: 29627322
A39: 漁會之甲類會員 | B39: =SUM(B40:B41) -> 9524873 | C39: 普通事故及職業災害保險費由被保險人負擔20%，政府補助80%。
A40: 被保險人負擔 | B40: 1904974
A41: 政府補助 | B41: 7619899
A42: 其他各業勞工 | B42: =SUM(B43:B45) -> 18508185 | C42: 普通事故保險費由被保險人負擔20%，投保單位負擔70%，政府補助10%；職業災害保險費全部由投保單位負擔。
A43: 被保險人負擔 | B43: 3687589
A44: 投保單位負擔 | B44: 12976802
A45: 政府補助 | B45: 1843794
A46: 被裁減資遣員工 | B46: =SUM(B47:B48) -> 594216 | C46: 普通事故保險費由被保險人負擔80%，政府補助20%；無職業災害保險費。
A47: 被保險人負擔 | B47: 475373
A48: 政府補助 | B48: 118843
A49: 外僱船員 | B49: =SUM(B50:B51) -> 64477 | C49: 普通事故及職業災害保險費由被保險人負擔80%，政府補助20%。
A50: 被保險人負擔 | B50: 51582
A51: 政府補助 | B51: 12895
A52: 職災續保勞工 | B52: =SUM(B53:B54) -> 37296 | C52: 職業災害勞工醫療期間退保自願繼續加保者，其保險費由被保險人負擔39%，職業災害勞工保護法規定之專款及勞工職業災害保險基金補助61%。
A53: 被保險人負擔 | B53: 14545
A54: 專款補助 | B54: 22751
A55: 已領取老年給付勞 工再參加職業災害 保險者 | B55: =SUM(B56) -> 105732 | C55: 職業災害保險費全部由投保單位負擔。
A56: 投保單位負擔 | B56: 105732
A57: 育嬰續保人員 | B57: =SUM(B58:B60) -> 2193610 | C57: 普通事故保險費由被保險人負擔20%，投保單位負擔70%(其中依性別工作平等法第16條規定，政府補助1,458,093千元)，政府補助10%；無職業災害保險費。
A58: 被保險人負擔 | B58: 438722
A59: 投保單位負擔 | B59: 1535527
A60: 政府補助 | B60: 219361
A61: 滯納金收入 | B61: =462992+4770 -> 467762 | C61: 扣除政府機關及政府補助後依逾期繳納保費數之0.1%，普通事故按平均逾期27天計列462,992千元，職業災害按平均逾期38天計列4,770千元。
A63: 就業保險 | B63: =SUM(B64,B93) -> 30396889
A64: 保費收入 | B64: =SUM(B65,B69,B73,B77,B85,B81,B89) -> 30372516
A65: 產業勞工及交通公 用事業之員工 | B65: =SUM(B66:B68) -> 12020904 | C65: 保險費由被保險人負擔20%，投保單位負擔70%，政府補助10%。
A66: 被保險人負擔 | B66: 2404181
A67: 投保單位負擔 | B67: 8414633
A68: 政府補助 | B68: 1202090
A69: 公司、行號之員工 | B69: =SUM(B70:B72) -> 13027440 | C69: 保險費由被保險人負擔20%，投保單位負擔70%，政府補助10%。
A70: 被保險人負擔 | B70: 2605488
A71: 投保單位負擔 | B71: 9119208
A72: 政府補助 | B72: 1302744
A73: 新聞、文化、公益 及合作事業之員工 | B73: =SUM(B74:B76) -> 1557494 | C73: 保險費由被保險人負擔20%，投保單位負擔70%，政府補助10%。
A74: 被保險人負擔 | B74: 311499
A75: 投保單位負擔 | B75: 1090246
A76: 政府補助 | B76: 155749
A77: 政府機關及公、私 立學校之員工 | B77: =SUM(B78:B80) -> 1953480 | C77: 保險費由被保險人負擔20%，投保單位負擔70%，政府補助10%。
A78: 被保險人負擔 | B78: 390696
A79: 投保單位負擔 | B79: 1367436
A80: 政府補助 | B80: 195348
A81: 受僱從事漁業生產 之勞動者 | B81: =SUM(B82:B84) -> 2686 | C81: 保險費由被保險人負擔20%，投保單位負擔70%，政府補助10%。
A82: 被保險人負擔 | B82: 537
A83: 投保單位負擔 | B83: 1880
A84: 政府補助 | B84: 269
A85: 其他各業勞工 | B85: =SUM(B86:B88) -> 1601597 | C85: 保險費由被保險人負擔20%，投保單位負擔70%，政府補助10%。
A86: 被保險人負擔 | B86: 320319
A87: 投保單位負擔 | B87: 1121118
A88: 政府補助 | B88: 160160
A89: 育嬰續保人員 | B89: =SUM(B90:B92) -> 208915 | C89: 保險費由被保險人負擔20%，投保單位負擔70%(其中依性別工作平等法第16條規定，政府補助138,908千元)，政府補助10%。
A90: 被保險人負擔 | B90: 41783
A91: 投保單位負擔 | B91: 146241
A92: 政府補助 | B92: 20891
A93: 滯納金收入 | B93: 24373 | C93: 扣除政府機關及政府補助後依逾期繳納保費數之0.1%，逾期24天計列。
A95: 農保及農職保 | B95: =+B96+B101 -> 3265722
A96: 農保 | B96: =+B97+B100 -> 3169722
A97: 保費收入 | B97: =SUM(B98:B99) -> 3158654 | C97: 保險費由被保險人負擔30%，政府補助70%。
A98: 被保險人負擔 | B98: 947596
A99: 政府補助 | B99: 2211058
A100: 滯納金收入 | B100: 11068 | C100: 扣除政府補助後依逾期繳納保費數之0.2%，逾期292天計列。
A101: 農職保 | B101: =SUM(B102,B144) -> 96000
A102: 保費收入 | B102: =SUM(B103:B104) -> 96000 | C102: 保險費由被保險人負擔60%，政府補助40%。
A103: 被保險人負擔 | B103: 57600
A104: 政府補助 | B104: 38400
A106: 勞職保及保護 | B106: =SUM(B107,B139) -> 6760215
...

Sheet 保險給付分析表
A1: 勞 動 部 勞 工 保 險 局
A2: 勞 工 保 險 局 作 業 基 金
A3: 保險給付分析表
A4: 中華民國111年度 單位：新臺幣千元
A5: 科目及業務項目 | B5: 人次、人日、件數或給付次數 | C5: 每單位金額 （元） | D5: 預算數 | E5: 說明
A7: 保險給付 | D7: =D8+D86+D93+D102+D112+D161 -> 558596726
A8: 勞工保險 | D8: =SUM(D9:D10) -> 520975856 | E8: 本項業務111年1月至4月投保人數10,600,000人（含一般勞工10,155,000人及已領老年給付勞工445,000人），配合勞工職業災害保險及保護法於111年5月1日施行，111年5至12月投保人數10,155,000人（一般勞工）。
A9: 普通事故 | D9: =D13 -> 518440489
A10: 職業災害 | D10: =D14+D76 -> 2535367
A12: 現金給付 | D12: =SUM(D13:D14) -> 519739548
A13: 普通事故 | D13: =SUM(D17,D20,D26,D43,D49,D56) -> 518440489
A14: 職業災害 | D14: =SUM(D21,D30,D44,D61,D72) -> 1299059
A16: 生育給付 | D16: =SUM(D17) -> 8167500
A17: 普通事故 | B17: 121000 | C17: 67500 | D17: 8167500 | E17: 發生率11.9‰。 | H17: =B17*C17/1000-D17 -> 0
A19: 傷病給付 | D19: =SUM(D20:D21) -> 1811015
A20: 普通事故 | B20: 131016 | C20: 8390 | D20: 1099224 | E20: 發生率12.9‰。 | H20: =B20*C20/1000-D20 -> 0.24
A21: 職業災害 | D21: =SUM(D22:D23) -> 711791
A22: 一般勞工 | B22: =15368 -> 15368 | C22: 42924 | D22: =659656 -> 659656 | E22: 發生率4.54‰。 | H22: =B22*C22/1000-D22 -> 0.032
A23: 已領老年給付勞工 | B23: =1129 -> 1129 | C23: 46178 | D23: =52135 -> 52135 | E23: 發生率7.61‰。 | H23: =B23*C23/1000-D23 -> -0.038
A25: 失能給付 | D25: =SUM(D26,D30) -> 5229325
A26: 普通事故 | D26: =SUM(D27:D29) -> 4915497
A27: 一次金 | B27: 14553 | C27: 292759 | D27: 4260522 | E27: 發生率1.43‰。 | H27: =B27*C27/1000-D27 -> -0.273
A28: 差額金 | B28: 63 | C28: 598718 | D28: 37719 | H28: =B28*C28/1000-D28 -> 0.234
A29: 年金 | B29: 5376 | C29: 114817 | D29: 617256 | H29: =B29*C29/1000-D29 -> 0.192
A30: 職業災害 | D30: =SUM(D31,D36) -> 313828
A31: 一般勞工 | D31: =SUM(D32:D35) -> 288903
A32: 一次金 | B32: 697 | C32: 343575 | D32: 239472 | E32: 發生率0.21‰。 | H32: =B32*C32/1000-D32 -> -0.225
A33: 差額金 | B33: 3 | C33: 633973 | D33: 1902 | H33: =B33*C33/1000-D33 -> -0.081
A34: 年金 | B34: 576 | C34: 50724 | D34: 29217 | H34: =B34*C34/1000-D34 -> 0.024
A35: 補償一次金 | B35: 28 | C35: 654000 | D35: 18312 | H35: =B35*C35/1000-D35 -> 0
A36: 已領老年給付勞工 | D36: =SUM(D37:D40) -> 24925
A37: 一次金 | B37: 45 | C37: 520764 | D37: 23434 | E37: 發生率0.3‰。 | H37: =B37*C37/1000-D37 -> 0.38
A38: 差額金 | B38: 1 | C38: 627935 | D38: 628 | H38: =B38*C38/1000-D38 -> -0.065
A39: 年金 | B39: 16 | C39: 20150 | D39: 322 | H39: =B39*C39/1000-D39 -> 0.4
A40: 補償一次金 | B40: 1 | C40: 541000 | D40: 541 | H40: =B40*C40/1000-D40 -> 0
A42: 複檢費用 | D42: =SUM(D43:D44) -> 677
A43: 普通事故 | B43: 256 | C43: 2500 | D43: 640 | E43: 預估256件。 | H43: =B43*C43/1000-D43 -> 0
A44: 職業災害 | D44: =SUM(D45:D46) -> 37
A45: 一般勞工 | B45: 20 | C45: 1800 | D45: 36 | E45: 預估20件。 | H45: =B45*C45/1000-D45 -> 0
A46: 已領老年給付勞工 | B46: 1 | C46: 1000 | D46: 1 | E46: 預估1件。 | H46: =B46*C46/1000-D46 -> 0
A48: 老年給付 | D48: =SUM(D49) -> 471916128
A49: 普通事故 | D49: =SUM(D50:D53) -> 471916128
A50: 一次請領 | B50: 83500 | C50: 1432000 | D50: 119572000 | E50: 發生率8.2‰。 | H50: =B50*C50/1000-D50 -> 0
A51: 一次金 | B51: 19700 | C51: 102000 | D51: 2009400 | E51: 發生率1.94‰。 | H51: =B51*C51/1000-D51 -> 0
A52: 差額金 | B52: 5200 | C52: 740000 | D52: 3848000 | H52: =B52*C52/1000-D52 -> 0
A53: 年金 | B53: 1662200 | C53: 208451 | D53: 346486728 | H53: =B53*C53/1000-D53 -> 524.2
A55: 死亡給付 | D55: =SUM(D56,D61) -> 32613614
A56: 普通事故 | D56: =SUM(D57:D58) -> 32341500
A57: 家屬 | B57: 128156 | C57: 114147 | D57: 14628623 | E57: 發生率12.62‰。 | H57: =B57*C57/1000-D57 -> -0.068
A58: 本人 | D58: =SUM(D59:D60) -> 17712877
A59: 一次金 | B59: 12598 | C59: 907239 | D59: 11429397 | E59: 發生率1.24‰。 | H59: =B59*C59/1000-D59 -> -0.078
A60: 遺屬年金 | B60: 43599 | C60: 144120 | D60: 6283480 | H60: =B60*C60/1000-D60 -> 7.88
A61: 職業災害 | D61: =SUM(D62,D66) -> 272114
A62: 一般勞工 | D62: =SUM(D63:D65) -> 247069
A63: 一次金 | B63: 169 | C63: 880522 | D63: 148808 | E63: 發生率0.05‰。 | H63: =B63*C63/1000-D63 -> 0.218
A64: 遺屬年金 | B64: 1638 | C64: 47727 | D64: 78177 | H64: =B64*C64/1000-D64 -> -0.174
A65: 職災補償金 | B65: 66 | C65: 304310 | D65: 20084 | H65: =B65*C65/1000-D65 -> 0.46
A66: 已領老年給付勞工 | D66: =SUM(D67:D69) -> 25045
A67: 一次金 | B67: 22 | C67: 1120437 | D67: 24650 | E67: 發生率0.15‰。 | H67: =B67*C67/1000-D67 -> -0.386
A68: 遺屬年金 | B68: 1 | C68: 83000 | D68: 83 | H68: =B68*C68/1000-D68 -> 0
A69: 職災補償金 | B69: 1 | C69: 312000 | D69: 312 | H69: =B69*C69/1000-D69 -> 0
A71: 失蹤津貼 | D71: =SUM(D72) -> 1289
A72: 職業災害 | D72: =SUM(D73:D74) -> 1289
A73: 一般勞工 | B73: 2 | C73: 592730 | D73: 1185 | H73: =B73*C73/1000-D73 -> 0.46
A74: 已領老年給付勞工 | B74: 1 | C74: 104260 | D74: 104 | H74: =B74*C74/1000-D74 -> 0.26
A76: 醫療給付 | D76: =D77 -> 1236308
A77: 職業災害 | D77: =+D78+D81+D84 -> 1236308
A78: 住院費用 | D78: =SUM(D79:D80) -> 521208 | E78: 住院率0.3％。
A79: 一般勞工 | B79: 10400 | C79: 48260 | D79: 501904 | H79: =B79*C79/1000-D79 -> 0
A80: 已領老年給付勞工 | B80: 400 | C80: 48260 | D80: 19304 | H80: =B80*C80/1000-D80 -> 0
A81: 門診費用 | D81: =+D82+D83 -> 621600 | E81: 就診率16％。
A82: 一般勞工 | B82: 571200 | C82: 1050 | D82: 599760 | H82: =B82*C82/1000-D82 -> 0
A83: 已領老年給付勞工 | B83: 20800 | C83: 1050 | D83: 21840 | H83: =B83*C83/1000-D83 -> 0
A84: 預防職業病健康檢查 | B84: 85000 | C84: 1100 | D84: 93500 | E84: 按檢查類別，預估受檢人數。 | H84: =B84*C84/1000-D84 -> 0
A86: 就業保險 | D86: =SUM(D87:D91) -> 23777464 | E86: 投保人數7,170,000人。
A87: 失業給付 | B87: 102000 | D87: 11510398 | E87: 發生率14.23‰。
A88: 提早就業獎助津貼 | B88: 38760 | C88: 51000 | D88: 1976760 | E88: 發生率5.41‰。 | H88: =B88*C88/1000-D88 -> 0
A89: 職業訓練生活津貼 | B89: 8000 | D89: 655309 | E89: 發生率1.12‰。
A90: 育嬰留職停薪津貼 | B90: 79500 | C90: 113274 | D90: 9005283 | E90: 發生率11.09‰。 | H90: =B90*C90/1000-D90 -> 0
A91: 補助全民健保費 | B91: 817810 | C91: 770 | D91: 629714 | E91: 依照「失業被保險人及其眷屬全民健康保險保險費補助辦法」，被保險人及其非自願離職退保當時，隨同被保險人參加全民健康保險之眷屬，於被保險人依就業保險法請領失業給付或職業訓練生活津貼期間，按月補助其參加全民健康保險自付部分之保險費。 | H91: =B91*C91/1000-D91 -> -0.3
A92: 農保及農職保 | D92: =+D93+D102 -> 6752689
A93: 農保 | D93: =SUM(D94) -> 6623421 | E93: 投保人數1,012,000人。
A94: 現金給付 | D94: =SUM(D95,D98,D100,D99) -> 6623421
A95: 生育給付 | D95: =SUM(D96:D97) -> 43452
A96: 本人生育 | B96: 610 | C96: 20400 | D96: 12444 | E96: 預估610件。 | H96: =B96*C96/1000-D96 -> 0
A97: 配偶生育 | B97: 1520 | C97: 20400 | D97: 31008 | E97: 預估1,520件。 | H97: =B97*C97/1000-D97 -> 0
A98: 身心障礙給付 | B98: 11130 | C98: 214100 | D98: 2382933 | E98: 預估11,130件。 | H98: =B98*C98/1000-D98 -> 0
A99: 喪葬津貼 | B99: 27430 | C99: 153000 | D99: 4196790 | E99: 預估27,430件。 | H99: =B99*C99/1000-D99 -> 0
A100: 複檢費用 | B100: 225 | C100: 1095 | D100: 246 | E100: 預估225件。 | H100: =B100*C100/1000-D100 -> 0.375
A102: 農職保 | D102: =SUM(D103) -> 129268 | E102: 投保人數320,000人。
A103: 現金給付 | D103: =+D104+D105+D108+D109+D110 -> 129268
A104: 傷害給付 | B104: 5280 | C104: 11424 | D104: 60319 | E104: 預估5,280件。 | H104: =B104*C104/1000-D104 -> -0.28
A105: 就醫津貼 | D105: =SUM(D106:D107) -> 25597
A106: 門診就醫津貼 | B106: 238234 | C106: 50 | D106: 11912 | H106: =B106*C106/1000-D106 -> -0.3
A107: 住院就醫津貼 | B107: 15206 | C107: 900 | D107: 13685 | H107: =B107*C107/1000-D107 -> 0.4
A108: 身心障礙給付 | B108: 89 | C108: 157000 | D108: 13973 | E108: 預估89件。 | H108: =B108*C108/1000-D108 -> 0
A109: 喪葬津貼 | B109: 96 | C109: 306000 | D109: 29376 | E109: 預估96件。 | H109: =B109*C109/1000-D109 -> 0
A110: 複檢費用 | B110: 3 | C110: 1095 | D110: 3 | E110: 預估3件。 | H110: =B110*C110/1000-D110 -> 0.285
A112: 職業災害勞工保護 | D112: =D113+D251 -> 171207
A113: 已加保勞工 | D113: =SUM(D114,D119,D122,D123,D124,D125,D126,D131,D157,D158,D159) -> 171207
...

Sheet 雜項業務成本分析-職災保護
A1: 勞 動 部 勞 工 保 險 局
A2: 勞 工 保 險 局 作 業 基 金
A3: 雜項業務成本分析表─職業災害勞工保護
A4: 中華民國111年度 單位：新臺幣千元
A5: 科目及業務項目 | B5: 人次、人日、件數或給付次數 | C5: 每單位金額 （元） | D5: 預算數 | E5: 說明
A7: 職業災害勞工保護 | D7: =D8 -> 15886
A8: 未加保勞工 | D8: =SUM(D9,D10,D11,D16,D19,D20,D21,D22,D23,D24) -> 15886
A9: 失能補助 | B9: 8 | C9: 520000 | D9: 4160 | E9: 預估8件。 | G9: =B9*C9/1000-D9 -> 0
A10: 死亡補助 | B10: 4 | C10: 720000 | D10: 2880 | E10: 預估4件。 | G10: =B10*C10/1000-D10 -> 0
A11: 職業疾病生活津貼 | D11: =SUM(D12:D15) -> 161
A12: 職業疾病相當勞保失能給付 1-3等級且喪失全部工作能力 | B12: 8 | C12: 8700 | D12: 70 | E12: 預估8人次。 | G12: =B12*C12/1000-D12 -> -0.4
A13: 職業疾病相當勞保失能給付 1-7等級且喪失部分工作能力 | B13: 8 | C13: 6200 | D13: 50 | E13: 預估8人次。 | G13: =B13*C13/1000-D13 -> -0.4
A14: 職業疾病相當勞保失能給付 8-10等級且喪失部分工作能力 | B14: 8 | C14: 3200 | D14: 26 | E14: 預估8人次。 | G14: =B14*C14/1000-D14 -> -0.4
A15: 職業疾病相當勞保失能給付 11-15等級且喪失部分工作能力 | B15: 8 | C15: 1900 | D15: 15 | E15: 預估8人次。 | G15: =B15*C15/1000-D15 -> 0.2
A16: 失能生活津貼 | D16: =SUM(D17:D18) -> 2756
A17: 符合勞保失能給付 1-3等級且喪失全部工作能力 | B17: 160 | C17: 8700 | D17: 1392 | E17: 預估160人次。 | G17: =B17*C17/1000-D17 -> 0
A18: 符合勞保失能給付 1-7等級且喪失部分工作能力 | B18: 220 | C18: 6200 | D18: 1364 | E18: 預估220人次。 | G18: =B18*C18/1000-D18 -> 0
A19: 職業訓練生活津貼 | B19: 1 | C19: 14800 | D19: 15 | E19: 預估1人次。 | G19: =B19*C19/1000-D19 -> -0.2
A20: 器具補助 | B20: 3 | C20: 18000 | D20: 54 | E20: 預估3人次。 | G20: =B20*C20/1000-D20 -> 0
A21: 看護補助 | B21: 150 | C21: 12400 | D21: 1860 | E21: 預估150人次。 | G21: =B21*C21/1000-D21 -> 0
A22: 家屬補助 | B22: 40 | C22: 100000 | D22: 4000 | E22: 預估40人次。 | G22: =B22*C22/1000-D22 -> 0
A23: 複檢費用 | B23: 0 | C23: 2500 | D23: 0 | E23: 1月至4月預估無案件。 | G23: =B23*C23/1000-D23 -> 0
A24: 委託鑑定費用 | B24: 0 | C24: 10000 | D24: 0 | E24: 1月至4月預估無案件。 | G24: =B24*C24/1000-D24 -> 0

Sheet 雜項業務成本分析-勞職保及保護
A1: 勞 動 部 勞 工 保 險 局
A2: 勞 工 保 險 局 作 業 基 金
A3: 雜項業務成本分析表─勞職保及保護
A4: 中華民國111年度 單位：新臺幣千元
A5: 科目及業務項目 | B5: 人次、人日、件數或給付次數 | C5: 每單位金額 （元） | D5: 預算數 | E5: 說明
A7: 勞職保及保護 | D7: =D8+D32+D35+D30+D31 -> 983796
A8: 職業災害預防 | D8: =SUM(D9,D11,D16,D21,D25) -> 172765
A9: 職業傷病預防 | D9: =SUM(D10:D10) -> 5450 | G9: =B9*C9/1000 -> 0
A10: 職業病鑑定評估及預防介入改善計畫-勞工矽肺症與奈米危害全國調查分析(II) | D10: 5450 | G10: =B10*C10/1000 -> 0
A11: 職業衛生與健康管理 | D11: =SUM(D12:D15) -> 59740 | G11: =B11*C11/1000 -> 0
A12: 強化職業衛生危害調查、評估、控制技術與管理效能及系統 | D12: 11050 | G12: =B12*C12/1000 -> 0
A13: 提升勞工健康檢查品質與資訊管理 | D13: 5030 | G13: =B13*C13/1000 -> 0
A14: 建構職業健康專業能量發展網絡，強化職場新興危害及高危害物質健康防護(II) | D14: 36700 | G14: =B14*C14/1000 -> 0
A15: 前RCA勞工健康追蹤檢查 | D15: 6960 | G15: =B15*C15/1000 -> 0
A16: 職業及機械設備安全輔導 | D16: =SUM(D17:D20) -> 43425 | G16: =B16*C16/1000 -> 0
A17: 石化及化學工廠製程安全管理輔導 | D17: 2985 | G17: =B17*C17/1000 -> 0
A18: 營造業臨時性作業勞工安全監督輔導改善 | D18: 8985 | G18: =B18*C18/1000 -> 0
A19: 老舊危險性機械設備檢測 | D19: 1985 | G19: =B19*C19/1000 -> 0
A20: 推動機械設備器具安全驗證，新購安全機械及改善既有機械安全 | D20: 29470 | G20: =B20*C20/1000 -> 0
A21: 提升勞工職災預防及工安意識 | D21: =SUM(D22:D24) -> 30796
A22: 提升職業安全衛生知能及教育訓練品質 | D22: 20296
A23: 職場危害認知及工安意識促進活動 | D23: =5250-1000 -> 4250
A24: 職業安全衛生全國巡迴推廣計畫 | D24: 6250
A25: 高風險產業職災預防輔導 | D25: =SUM(D26:D29) -> 33354
A26: 機械災害預防及工業區職業安全衛生促進 | D26: 11720
A27: 營造業宣導輔導檢查及本質安全促進 | D27: 11334
A28: 高風險事業單位輔導 | D28: 3900
A29: 表面處理業危害監測採樣分析與資料庫建立 | D29: 6400
A30: 預防職業病健康檢查 | B30: 248000 | C30: 1052 | D30: 260896 | G30: =B30*C30/1000-D30 -> 0
A31: 職業傷病通報、職業災害勞工轉介及個案服務 | D31: 39231
A32: 職業災害勞工重建 | D32: =SUM(D33:D34) -> 360904
A33: 職業傷病防治網絡與傷病通報 | D33: 97429
A34: 職災勞工復工及重返職場服務 | D34: 263475
A35: 捐助成立財團法人 | D35: 150000

Sheet 收支餘絀預計表-勞
A1: 勞 動 部 勞 工 保 險 局
A2: 勞 工 保 險 局 作 業 基 金
A3: 收支餘絀預計表（勞工保險部分）
A4: 中華民國111年度 單位：新臺幣千元
A5: 前年度決算數 | C5: 科 目 | D5: 本年度預算數 | F5: 上年度預算數 | H5: 比較增減(-)
A6: 金 額 | B6: ％ | D6: 金 額 | E6: ％ | F6: 金 額 | G6: ％ | H6: 金 額 | I6: ％
A8: 654887893 | B8: 100 | C8: 業務收入 | D8: =+D9+D12+D25+D32 -> 523017788 | E8: 100 | F8: =+F9+F12+F25+F32 -> 494290788 | G8: 100 | H8: =D8-F8 -> 28727000 | I8: =ROUND(H8/F8*100,2) -> 5.81 | K8: =ROUND(A8/$A$8*100,4) -> 100 | L8: =ROUND(D8/$D$8*100,4) -> 100 | M8: =ROUND(F8/$F$8*100,4) -> 100
A9: 275588 | B9: =ROUND(A9/$A$8*100,2) -> 0.04 | C9: 租金及權利金收入 | D9: =+D10 -> 280944 | E9: =ROUND(D9/$D$8*100,2) -> 0.05 | F9: =+F10 -> 281663 | G9: =ROUND(F9/$F$8*100,2) -> 0.06 | H9: =D9-F9 -> -719 | I9: =ROUND(H9/F9*100,2) -> -0.26 | K9: =ROUND(A9/$A$8*100,4) -> 0.0421 | L9: =ROUND(D9/$D$8*100,4) -> 0.0537 | M9: =ROUND(F9/$F$8*100,4) -> 0.057
A10: 275588 | B10: =ROUND(A10/$A$8*100,2) -> 0.04 | C10: 投資性不動產收入 | D10: =D11 -> 280944 | E10: =ROUND(D10/$D$8*100,2) -> 0.05 | F10: =F11 -> 281663 | G10: =ROUND(F10/$F$8*100,2) -> 0.06 | H10: =D10-F10 -> -719 | I10: =ROUND(H10/F10*100,2) -> -0.26 | K10: =ROUND(A10/$A$8*100,4) -> 0.0421 | L10: =ROUND(D10/$D$8*100,4) -> 0.0537 | M10: =ROUND(F10/$F$8*100,4) -> 0.057
A11: 275588 | B11: =ROUND(A11/$A$8*100,2) -> 0.04 | C11: 普通事故 | D11: 280944 | E11: =ROUND(D11/$D$8*100,2) -> 0.05 | F11: 281663 | G11: =ROUND(F11/$F$8*100,2) -> 0.06 | H11: =D11-F11 -> -719 | I11: =ROUND(H11/F11*100,2) -> -0.26 | K11: =ROUND(A11/$A$8*100,4) -> 0.0421 | L11: =ROUND(D11/$D$8*100,4) -> 0.0537 | M11: =ROUND(F11/$F$8*100,4) -> 0.057
A12: 225922242 | B12: =ROUND(A12/$A$8*100,2) -> 34.5 | C12: 投融資業務收入 | D12: =+D13+D16+D20+D18+D22 -> 34702140 | E12: =ROUND(D12/$D$8*100,2) -> 6.63 | F12: =+F13+F16+F20+F18+F22 -> 28126938 | G12: =ROUND(F12/$F$8*100,2) -> 5.69 | H12: =D12-F12 -> 6575202 | I12: =ROUND(H12/F12*100,2) -> 23.38 | K12: =ROUND(A12/$A$8*100,4) -> 34.4978 | L12: =ROUND(D12/$D$8*100,4) -> 6.635 | M12: =ROUND(F12/$F$8*100,4) -> 5.6904
A13: 209685862 | B13: =ROUND(A13/$A$8*100,2) -> 32.02 | C13: 投資業務收入 | D13: =SUM(D14:D15) -> 33470074 | E13: =ROUND(D13/$D$8*100,2) -> 6.4 | F13: =SUM(F14:F15) -> 26619874 | G13: =ROUND(F13/$F$8*100,2) -> 5.39 | H13: =D13-F13 -> 6850200 | I13: =ROUND(H13/F13*100,2) -> 25.73 | K13: =ROUND(A13/$A$8*100,4) -> 32.0186 | L13: =ROUND(D13/$D$8*100,4) -> 6.3994 | M13: =ROUND(F13/$F$8*100,4) -> 5.3855
A14: 209646164 | B14: =ROUND(A14/$A$8*100,2) -> 32.01 | C14: 普通事故 | D14: 33454534 | E14: =ROUND(D14/$D$8*100,2) -> 6.4 | F14: 26579869 | G14: =ROUND(F14/$F$8*100,2) -> 5.38 | H14: =D14-F14 -> 6874665 | I14: =ROUND(H14/F14*100,2) -> 25.86 | K14: =ROUND(A14/$A$8*100,4) -> 32.0125 | L14: =ROUND(D14/$D$8*100,4) -> 6.3964 | M14: =ROUND(F14/$F$8*100,4) -> 5.3774
A15: 39698 | B15: =ROUND(A15/$A$8*100,2) -> 0.01 | C15: 職業災害 | D15: 15540 | E15: =ROUND(D15/$D$8*100,2) -> 0 | F15: 40005 | G15: =ROUND(F15/$F$8*100,2) -> 0.01 | H15: =D15-F15 -> -24465 | I15: =ROUND(H15/F15*100,2) -> -61.15 | K15: =ROUND(A15/$A$8*100,4) -> 0.0061 | L15: =ROUND(D15/$D$8*100,4) -> 0.003 | M15: =ROUND(F15/$F$8*100,4) -> 0.0081
A16: 608541 | B16: =ROUND(A16/$A$8*100,2) -> 0.09 | C16: 融資業務收入 | D16: =D17 -> 534618 | E16: =ROUND(D16/$D$8*100,2) -> 0.1 | F16: =F17 -> 550450 | G16: =ROUND(F16/$F$8*100,2) -> 0.11 | H16: =D16-F16 -> -15832 | I16: =ROUND(H16/F16*100,2) -> -2.88 | K16: =ROUND(A16/$A$8*100,4) -> 0.0929 | L16: =ROUND(D16/$D$8*100,4) -> 0.1022 | M16: =ROUND(F16/$F$8*100,4) -> 0.1114
A17: 608541 | B17: =ROUND(A17/$A$8*100,2) -> 0.09 | C17: 普通事故 | D17: 534618 | E17: =ROUND(D17/$D$8*100,2) -> 0.1 | F17: 550450 | G17: =ROUND(F17/$F$8*100,2) -> 0.11 | H17: =D17-F17 -> -15832 | I17: =ROUND(H17/F17*100,2) -> -2.88 | K17: =ROUND(A17/$A$8*100,4) -> 0.0929 | L17: =ROUND(D17/$D$8*100,4) -> 0.1022 | M17: =ROUND(F17/$F$8*100,4) -> 0.1114
A18: 14628318 | B18: =ROUND(A18/$A$8*100,2) -> 2.23 | C18: 兌換賸餘 | D18: =D19 -> 0 | E18: =ROUND(D18/$D$8*100,2) -> 0 | F18: =F19 -> 0 | G18: =ROUND(F18/$F$8*100,2) -> 0 | H18: =D18-F18 -> 0 | I18: 0 | K18: =ROUND(A18/$A$8*100,4) -> 2.2337 | L18: =ROUND(D18/$D$8*100,4) -> 0 | M18: =ROUND(F18/$F$8*100,4) -> 0
A19: 14628318 | B19: =ROUND(A19/$A$8*100,2) -> 2.23 | C19: 普通事故 | D19: 0 | E19: =ROUND(D19/$D$8*100,2) -> 0 | F19: 0 | G19: =ROUND(F19/$F$8*100,2) -> 0 | H19: =D19-F19 -> 0 | I19: 0 | K19: =ROUND(A19/$A$8*100,4) -> 2.2337 | L19: =ROUND(D19/$D$8*100,4) -> 0 | M19: =ROUND(F19/$F$8*100,4) -> 0
A20: 175326 | B20: =ROUND(A20/$A$8*100,2) -> 0.03 | C20: 手續費收入 | D20: =+D21 -> 0 | E20: =ROUND(D20/$D$8*100,2) -> 0 | F20: =+F21 -> 0 | G20: =ROUND(F20/$F$8*100,2) -> 0 | H20: =D20-F20 -> 0 | I20: 0 | K20: =ROUND(A20/$A$8*100,4) -> 0.0268 | L20: =ROUND(D20/$D$8*100,4) -> 0 | M20: =ROUND(F20/$F$8*100,4) -> 0
A21: 175326 | B21: =ROUND(A21/$A$8*100,2) -> 0.03 | C21: 普通事故 | D21: 0 | E21: =ROUND(D21/$D$8*100,2) -> 0 | F21: 0 | G21: =ROUND(F21/$F$8*100,2) -> 0 | H21: =D21-F21 -> 0 | I21: 0 | K21: =ROUND(A21/$A$8*100,4) -> 0.0268 | L21: =ROUND(D21/$D$8*100,4) -> 0 | M21: =ROUND(F21/$F$8*100,4) -> 0
A22: 824196 | B22: =ROUND(A22/$A$8*100,2) -> 0.13 | C22: 存款利息收入 | D22: =SUM(D23:D24) -> 697448 | E22: =ROUND(D22/$D$8*100,2) -> 0.13 | F22: =SUM(F23:F24) -> 956614 | G22: =ROUND(F22/$F$8*100,2) -> 0.19 | H22: =D22-F22 -> -259166 | I22: =ROUND(H22/F22*100,2) -> -27.09 | K22: =ROUND(A22/$A$8*100,4) -> 0.1259 | L22: =ROUND(D22/$D$8*100,4) -> 0.1334 | M22: =ROUND(F22/$F$8*100,4) -> 0.1935
A23: 687895 | B23: =ROUND(A23/$A$8*100,2) -> 0.11 | C23: 普通事故 | D23: 665941 | E23: =ROUND(D23/$D$8*100,2) -> 0.13 | F23: 821264 | G23: =ROUND(F23/$F$8*100,2) -> 0.17 | H23: =D23-F23 -> -155323 | I23: =ROUND(H23/F23*100,2) -> -18.91 | K23: =ROUND(A23/$A$8*100,4) -> 0.105 | L23: =ROUND(D23/$D$8*100,4) -> 0.1273 | M23: =ROUND(F23/$F$8*100,4) -> 0.1661
A24: 136301 | B24: =ROUND(A24/$A$8*100,2) -> 0.02 | C24: 職業災害 | D24: 31507 | E24: =ROUND(D24/$D$8*100,2) -> 0.01 | F24: 135350 | G24: =ROUND(F24/$F$8*100,2) -> 0.03 | H24: =D24-F24 -> -103843 | I24: =ROUND(H24/F24*100,2) -> -76.72 | K24: =ROUND(A24/$A$8*100,4) -> 0.0208 | L24: =ROUND(D24/$D$8*100,4) -> 0.006 | M24: =ROUND(F24/$F$8*100,4) -> 0.0274
A25: 408627181 | B25: =ROUND(A25/$A$8*100,2) -> 62.4 | C25: 保險收入 | D25: =D26+D29 -> 458034704 | E25: =ROUND(D25/$D$8*100,2) -> 87.58 | F25: =F26+F29 -> 443882187 | G25: =ROUND(F25/$F$8*100,2) -> 89.8 | H25: =D25-F25 -> 14152517 | I25: =ROUND(H25/F25*100,2) -> 3.19 | K25: =ROUND(A25/$A$8*100,4) -> 62.3965 | L25: =ROUND(D25/$D$8*100,4) -> 87.5754 | M25: =ROUND(F25/$F$8*100,4) -> 89.8018
A26: 408627181 | B26: =ROUND(A26/$A$8*100,2) -> 62.4 | C26: 保費收入 | D26: =SUM(D27:D28) -> 439465515 | E26: =ROUND(D26/$D$8*100,2) -> 84.02 | F26: =SUM(F27:F28) -> 433065251 | G26: =ROUND(F26/$F$8*100,2) -> 87.61 | H26: =D26-F26 -> 6400264 | I26: =ROUND(H26/F26*100,2) -> 1.48 | K26: =ROUND(A26/$A$8*100,4) -> 62.3965 | L26: =ROUND(D26/$D$8*100,4) -> 84.025 | M26: =ROUND(F26/$F$8*100,4) -> 87.6135
A27: 400600454 | B27: =ROUND(A27/$A$8*100,2) -> 61.17 | C27: 普通事故 | D27: 436584448 | E27: =ROUND(D27/$D$8*100,2) -> 83.47 | F27: 424680213 | G27: =ROUND(F27/$F$8*100,2) -> 85.92 | H27: =D27-F27 -> 11904235 | I27: =ROUND(H27/F27*100,2) -> 2.8 | K27: =ROUND(A27/$A$8*100,4) -> 61.1708 | L27: =ROUND(D27/$D$8*100,4) -> 83.4741 | M27: =ROUND(F27/$F$8*100,4) -> 85.9171
A28: 8026727 | B28: =ROUND(A28/$A$8*100,2) -> 1.23 | C28: 職業災害 | D28: 2881067 | E28: =ROUND(D28/$D$8*100,2) -> 0.55 | F28: 8385038 | G28: =ROUND(F28/$F$8*100,2) -> 1.7 | H28: =D28-F28 -> -5503971 | I28: =ROUND(H28/F28*100,2) -> -65.64 | K28: =ROUND(A28/$A$8*100,4) -> 1.2257 | L28: =ROUND(D28/$D$8*100,4) -> 0.5509 | M28: =ROUND(F28/$F$8*100,4) -> 1.6964
A29: 0 | B29: =ROUND(A29/$A$8*100,2) -> 0 | C29: 收回責任準備 | D29: =SUM(D30:D31) -> 18569189 | E29: =ROUND(D29/$D$8*100,2) -> 3.55 | F29: =SUM(F30:F31) -> 10816936 | G29: =ROUND(F29/$F$8*100,2) -> 2.19 | H29: =D29-F29 -> 7752253 | I29: =ROUND(H29/F29*100,2) -> 71.67 | K29: =ROUND(A29/$A$8*100,4) -> 0 | L29: =ROUND(D29/$D$8*100,4) -> 3.5504 | M29: =ROUND(F29/$F$8*100,4) -> 2.1884
A30: 0 | B30: =ROUND(A30/$A$8*100,2) -> 0 | C30: 普通事故 | D30: 18569189 | E30: =ROUND(D30/$D$8*100,2) -> 3.55 | F30: 10816936 | G30: =ROUND(F30/$F$8*100,2) -> 2.19 | H30: =D30-F30 -> 7752253 | I30: =ROUND(H30/F30*100,2) -> 71.67 | K30: =ROUND(A30/$A$8*100,4) -> 0 | L30: =ROUND(D30/$D$8*100,4) -> 3.5504 | M30: =ROUND(F30/$F$8*100,4) -> 2.1884
A31: 0 | B31: =ROUND(A31/$A$8*100,2) -> 0 | C31: 職業災害 | D31: 0 | E31: =ROUND(D31/$D$8*100,2) -> 0 | F31: 0 | G31: =ROUND(F31/$F$8*100,2) -> 0 | H31: =D31-F31 -> 0 | I31: =ROUND(H31/F31*100,2) -> #DIV/0! | K31: =ROUND(A31/$A$8*100,4) -> 0 | L31: =ROUND(D31/$D$8*100,4) -> 0 | M31: =ROUND(F31/$F$8*100,4) -> 0
A32: 20062881 | B32: =ROUND(A32/$A$8*100,2) -> 3.06 | C32: 其他業務收入 | D32: =+D33+D35 -> 30000000 | E32: =ROUND(D32/$D$8*100,2) -> 5.74 | F32: =+F33+F35 -> 22000000 | G32: =ROUND(F32/$F$8*100,2) -> 4.45 | H32: =D32-F32 -> 8000000 | I32: =ROUND(H32/F32*100,2) -> 36.36 | K32: =ROUND(A32/$A$8*100,4) -> 3.0636 | L32: =ROUND(D32/$D$8*100,4) -> 5.7359 | M32: =ROUND(F32/$F$8*100,4) -> 4.4508
A33: 20000000 | B33: =ROUND(A33/$A$8*100,2) -> 3.05 | C33: 其他補助收入 | D33: =D34 -> 30000000 | E33: =ROUND(D33/$D$8*100,2) -> 5.74 | F33: =F34 -> 22000000 | G33: =ROUND(F33/$F$8*100,2) -> 4.45 | H33: =D33-F33 -> 8000000 | I33: =ROUND(H33/F33*100,2) -> 36.36 | K33: =ROUND(A33/$A$8*100,4) -> 3.054 | L33: =ROUND(D33/$D$8*100,4) -> 5.7359 | M33: =ROUND(F33/$F$8*100,4) -> 4.4508
A34: 20000000 | B34: =ROUND(A34/$A$8*100,2) -> 3.05 | C34: 普通事故 | D34: 30000000 | E34: =ROUND(D34/$D$8*100,2) -> 5.74 | F34: 22000000 | G34: =ROUND(F34/$F$8*100,2) -> 4.45 | H34: =D34-F34 -> 8000000 | I34: =ROUND(H34/F34*100,2) -> 36.36 | K34: =ROUND(A34/$A$8*100,4) -> 3.054 | L34: =ROUND(D34/$D$8*100,4) -> 5.7359 | M34: =ROUND(F34/$F$8*100,4) -> 4.4508
A35: 62881 | B35: =ROUND(A35/$A$8*100,2) -> 0.01 | C35: 雜項業務收入 | D35: =D36 -> 0 | E35: =ROUND(D35/$D$8*100,2) -> 0 | F35: =F36 -> 0 | G35: =ROUND(F35/$F$8*100,2) -> 0 | H35: =D35-F35 -> 0 | I35: 0 | K35: =ROUND(A35/$A$8*100,4) -> 0.0096 | L35: =ROUND(D35/$D$8*100,4) -> 0 | M35: =ROUND(F35/$F$8*100,4) -> 0
A36: 62881 | B36: =ROUND(A36/$A$8*100,2) -> 0.01 | C36: 普通事故 | D36: 0 | E36: =ROUND(D36/$D$8*100,2) -> 0 | F36: 0 | G36: =ROUND(F36/$F$8*100,2) -> 0 | H36: =D36-F36 -> 0 | I36: 0 | K36: =ROUND(A36/$A$8*100,4) -> 0.0096 | L36: =ROUND(D36/$D$8*100,4) -> 0 | M36: =ROUND(F36/$F$8*100,4) -> 0
A37: 655199124 | B37: =ROUND(A37/$A$8*100,2) -> 100.05 | C37: 業務成本與費用 | D37: =D38+D41+D49+D59 -> 523250581 | E37: =ROUND(D37/$D$8*100,2) -> 100.04 | F37: =F38+F41+F49+F59 -> 494507257 | G37: =ROUND(F37/$F$8*100,2) -> 100.04 | H37: =D37-F37 -> 28743324 | I37: =ROUND(H37/F37*100,2) -> 5.81 | K37: =ROUND(A37/$A$8*100,4) -> 100.0475 | L37: =ROUND(D37/$D$8*100,4) -> 100.0445 | M37: =ROUND(F37/$F$8*100,4) -> 100.0438
A38: 37228 | B38: =ROUND(A38/$A$8*100,2) -> 0.01 | C38: 出租資產成本 | D38: =+D39 -> 39738 | E38: =ROUND(D38/$D$8*100,2) -> 0.01 | F38: =+F39 -> 21280 | G38: =ROUND(F38/$F$8*100,2) -> 0 | H38: =D38-F38 -> 18458 | I38: =ROUND(H38/F38*100,2) -> 86.74 | K38: =ROUND(A38/$A$8*100,4) -> 0.0057 | L38: =ROUND(D38/$D$8*100,4) -> 0.0076 | M38: =ROUND(F38/$F$8*100,4) -> 0.0043
A39: 37228 | B39: =ROUND(A39/$A$8*100,2) -> 0.01 | C39: 投資性不動產成本 | D39: =D40 -> 39738 | E39: =ROUND(D39/$D$8*100,2) -> 0.01 | F39: =F40 -> 21280 | G39: =ROUND(F39/$F$8*100,2) -> 0 | H39: =D39-F39 -> 18458 | I39: =ROUND(H39/F39*100,2) -> 86.74 | K39: =ROUND(A39/$A$8*100,4) -> 0.0057 | L39: =ROUND(D39/$D$8*100,4) -> 0.0076 | M39: =ROUND(F39/$F$8*100,4) -> 0.0043
A40: 37228 | B40: =ROUND(A40/$A$8*100,2) -> 0.01 | C40: 普通事故 | D40: 39738 | E40: =ROUND(D40/$D$8*100,2) -> 0.01 | F40: 21280 | G40: =ROUND(F40/$F$8*100,2) -> 0 | H40: =D40-F40 -> 18458 | I40: =ROUND(H40/F40*100,2) -> 86.74 | K40: =ROUND(A40/$A$8*100,4) -> 0.0057 | L40: =ROUND(D40/$D$8*100,4) -> 0.0076 | M40: =ROUND(F40/$F$8*100,4) -> 0.0043
A41: 161837678 | B41: =ROUND(A41/$A$8*100,2) -> 24.71 | C41: 投融資業務成本 | D41: =+D42+D45+D47 -> 1003459 | E41: =ROUND(D41/$D$8*100,2) -> 0.19 | F41: =+F42+F45+F47 -> 972909 | G41: =ROUND(F41/$F$8*100,2) -> 0.2 | H41: =D41-F41 -> 30550 | I41: =ROUND(H41/F41*100,2) -> 3.14 | K41: =ROUND(A41/$A$8*100,4) -> 24.7123 | L41: =ROUND(D41/$D$8*100,4) -> 0.1919 | M41: =ROUND(F41/$F$8*100,4) -> 0.1968
A42: 131380419 | B42: =ROUND(A42/$A$8*100,2) -> 20.06 | C42: 投資業務成本 | D42: =D43+D44 -> 935459 | E42: =ROUND(D42/$D$8*100,2) -> 0.18 | F42: =F43+F44 -> 904909 | G42: =ROUND(F42/$F$8*100,2) -> 0.18 | H42: =D42-F42 -> 30550 | I42: =ROUND(H42/F42*100,2) -> 3.38 | K42: =ROUND(A42/$A$8*100,4) -> 20.0615 | L42: =ROUND(D42/$D$8*100,4) -> 0.1789 | M42: =ROUND(F42/$F$8*100,4) -> 0.1831
A43: 131380419 | B43: =ROUND(A43/$A$8*100,2) -> 20.06 | C43: 普通事故 | D43: 935459 | E43: =ROUND(D43/$D$8*100,2) -> 0.18 | F43: 904909 | G43: =ROUND(F43/$F$8*100,2) -> 0.18 | H43: =D43-F43 -> 30550 | I43: =ROUND(H43/F43*100,2) -> 3.38 | K43: =ROUND(A43/$A$8*100,4) -> 20.0615 | L43: =ROUND(D43/$D$8*100,4) -> 0.1789 | M43: =ROUND(F43/$F$8*100,4) -> 0.1831
A44: 0 | B44: =ROUND(A44/$A$8*100,2) -> 0 | C44: 職業災害 | D44: 0 | E44: =ROUND(D44/$D$8*100,2) -> 0 | F44: 0 | G44: =ROUND(F44/$F$8*100,2) -> 0 | H44: =D44-F44 -> 0 | I44: 0 | K44: =ROUND(A44/$A$8*100,4) -> 0 | L44: =ROUND(D44/$D$8*100,4) -> 0 | M44: =ROUND(F44/$F$8*100,4) -> 0
A45: 43990 | B45: =ROUND(A45/$A$8*100,2) -> 0.01 | C45: 融資業務成本 | D45: =D46 -> 68000 | E45: =ROUND(D45/$D$8*100,2) -> 0.01 | F45: =F46 -> 68000 | G45: =ROUND(F45/$F$8*100,2) -> 0.01 | H45: =D45-F45 -> 0 | I45: =ROUND(H45/F45*100,2) -> 0 | K45: =ROUND(A45/$A$8*100,4) -> 0.0067 | L45: =ROUND(D45/$D$8*100,4) -> 0.013 | M45: =ROUND(F45/$F$8*100,4) -> 0.0138
A46: 43990 | B46: =ROUND(A46/$A$8*100,2) -> 0.01 | C46: 普通事故 | D46: 68000 | E46: =ROUND(D46/$D$8*100,2) -> 0.01 | F46: 68000 | G46: =ROUND(F46/$F$8*100,2) -> 0.01 | H46: =D46-F46 -> 0 | I46: =ROUND(H46/F46*100,2) -> 0 | K46: =ROUND(A46/$A$8*100,4) -> 0.0067 | L46: =ROUND(D46/$D$8*100,4) -> 0.013 | M46: =ROUND(F46/$F$8*100,4) -> 0.0138
A47: 30413269 | B47: =ROUND(A47/$A$8*100,2) -> 4.64 | C47: 兌換短絀 | D47: =D48 -> 0 | E47: =ROUND(D47/$D$8*100,2) -> 0 | F47: =F48 -> 0 | G47: =ROUND(F47/$F$8*100,2) -> 0 | H47: =D47-F47 -> 0 | I47: 0 | K47: =ROUND(A47/$A$8*100,4) -> 4.644 | L47: =ROUND(D47/$D$8*100,4) -> 0 | M47: =ROUND(F47/$F$8*100,4) -> 0
A48: 30413269 | B48: =ROUND(A48/$A$8*100,2) -> 4.64 | C48: 普通事故 | D48: 0 | E48: =ROUND(D48/$D$8*100,2) -> 0 | F48: 0 | G48: =ROUND(F48/$F$8*100,2) -> 0 | H48: =D48-F48 -> 0 | I48: 0 | K48: =ROUND(A48/$A$8*100,4) -> 4.644 | L48: =ROUND(D48/$D$8*100,4) -> 0 | M48: =ROUND(F48/$F$8*100,4) -> 0
A49: 493324218 | B49: =ROUND(A49/$A$8*100,2) -> 75.33 | C49: 保險成本 | D49: =D50+D53+D56 -> 522207384 | E49: =ROUND(D49/$D$8*100,2) -> 99.85 | F49: =F50+F53+F56 -> 493513068 | G49: =ROUND(F49/$F$8*100,2) -> 99.84 | H49: =D49-F49 -> 28694316 | I49: =ROUND(H49/F49*100,2) -> 5.81 | K49: =ROUND(A49/$A$8*100,4) -> 75.3296 | L49: =ROUND(D49/$D$8*100,4) -> 99.8451 | M49: =ROUND(F49/$F$8*100,4) -> 99.8427
A50: 456241973 | B50: =ROUND(A50/$A$8*100,2) -> 69.67 | C50: 保險給付 | D50: =D51+D52 -> 520975856 | E50: =ROUND(D50/$D$8*100,2) -> 99.61 | F50: =F51+F52 -> 491651979 | G50: =ROUND(F50/$F$8*100,2) -> 99.47 | H50: =D50-F50 -> 29323877 | I50: =ROUND(H50/F50*100,2) -> 5.96 | K50: =ROUND(A50/$A$8*100,4) -> 69.6672 | L50: =ROUND(D50/$D$8*100,4) -> 99.6096 | M50: =ROUND(F50/$F$8*100,4) -> 99.4661
A51: 448797088 | B51: =ROUND(A51/$A$8*100,2) -> 68.53 | C51: 普通事故 | D51: 518440489 | E51: =ROUND(D51/$D$8*100,2) -> 99.12 | F51: 484271046 | G51: =ROUND(F51/$F$8*100,2) -> 97.97 | H51: =D51-F51 -> 34169443 | I51: =ROUND(H51/F51*100,2) -> 7.06 | K51: =ROUND(A51/$A$8*100,4) -> 68.5304 | L51: =ROUND(D51/$D$8*100,4) -> 99.1248 | M51: =ROUND(F51/$F$8*100,4) -> 97.9729
A52: 7444884 | B52: =ROUND(A52/$A$8*100,2) -> 1.14 | C52: 職業災害 | D52: 2535367 | E52: =ROUND(D52/$D$8*100,2) -> 0.48 | F52: 7380933 | G52: =ROUND(F52/$F$8*100,2) -> 1.49 | H52: =D52-F52 -> -4845566 | I52: =ROUND(H52/F52*100,2) -> -65.65 | K52: =ROUND(A52/$A$8*100,4) -> 1.1368 | L52: =ROUND(D52/$D$8*100,4) -> 0.4848 | M52: =ROUND(F52/$F$8*100,4) -> 1.4932
A53: 36327167 | B53: =ROUND(A53/$A$8*100,2) -> 5.55 | C53: 提存責任準備 | D53: =SUM(D54:D55) -> 387583 | E53: =ROUND(D53/$D$8*100,2) -> 0.07 | F53: =SUM(F54:F55) -> 1159558 | G53: =ROUND(F53/$F$8*100,2) -> 0.23 | H53: =D53-F53 -> -771975 | I53: =ROUND(H53/F53*100,2) -> -66.57 | K53: =ROUND(A53/$A$8*100,4) -> 5.5471 | L53: =ROUND(D53/$D$8*100,4) -> 0.0741 | M53: =ROUND(F53/$F$8*100,4) -> 0.2346
A54: 35590076 | B54: =ROUND(A54/$A$8*100,2) -> 5.43 | C54: 普通事故 | D54: 0 | E54: =ROUND(D54/$D$8*100,2) -> 0 | F54: 0 | G54: =ROUND(F54/$F$8*100,2) -> 0 | H54: =D54-F54 -> 0 | I54: 0 | K54: =ROUND(A54/$A$8*100,4) -> 5.4345 | L54: =ROUND(D54/$D$8*100,4) -> 0 | M54: =ROUND(F54/$F$8*100,4) -> 0
A55: 737091 | B55: =ROUND(A55/$A$8*100,2) -> 0.11 | C55: 職業災害 | D55: 387583 | E55: =ROUND(D55/$D$8*100,2) -> 0.07 | F55: 1159558 | G55: =ROUND(F55/$F$8*100,2) -> 0.23 | H55: =D55-F55 -> -771975 | I55: =ROUND(H55/F55*100,2) -> -66.57 | K55: =ROUND(A55/$A$8*100,4) -> 0.1126 | L55: =ROUND(D55/$D$8*100,4) -> 0.0741 | M55: =ROUND(F55/$F$8*100,4) -> 0.2346
A56: 755078 | B56: =ROUND(A56/$A$8*100,2) -> 0.12 | C56: 呆帳 | D56: =D57+D58 -> 843945 | E56: =ROUND(D56/$D$8*100,2) -> 0.16 | F56: =F57+F58 -> 701531 | G56: =ROUND(F56/$F$8*100,2) -> 0.14 | H56: =D56-F56 -> 142414 | I56: =ROUND(H56/F56*100,2) -> 20.3 | K56: =ROUND(A56/$A$8*100,4) -> 0.1153 | L56: =ROUND(D56/$D$8*100,4) -> 0.1614 | M56: =ROUND(F56/$F$8*100,4) -> 0.1419
A57: 734129 | B57: =ROUND(A57/$A$8*100,2) -> 0.11 | C57: 普通事故 | D57: 835749 | E57: =ROUND(D57/$D$8*100,2) -> 0.16 | F57: 681537 | G57: =ROUND(F57/$F$8*100,2) -> 0.14 | H57: =D57-F57 -> 154212 | I57: =ROUND(H57/F57*100,2) -> 22.63 | K57: =ROUND(A57/$A$8*100,4) -> 0.1121 | L57: =ROUND(D57/$D$8*100,4) -> 0.1598 | M57: =ROUND(F57/$F$8*100,4) -> 0.1379
A58: 20949 | B58: =ROUND(A58/$A$8*100,2) -> 0 | C58: 職業災害 | D58: 8196 | E58: =ROUND(D58/$D$8*100,2) -> 0 | F58: 19994 | G58: =ROUND(F58/$F$8*100,2) -> 0 | H58: =D58-F58 -> -11798 | I58: =ROUND(H58/F58*100,2) -> -59.01 | K58: =ROUND(A58/$A$8*100,4) -> 0.0032 | L58: =ROUND(D58/$D$8*100,4) -> 0.0016 | M58: =ROUND(F58/$F$8*100,4) -> 0.004
A59: 0 | B59: =ROUND(A59/$A$8*100,2) -> 0 | C59: 其他業務成本 | D59: =+D60 -> 0 | E59: =ROUND(D59/$D$8*100,2) -> 0 | F59: =+F60 -> 0 | G59: =ROUND(F59/$F$8*100,2) -> 0 | H59: =D59-F59 -> 0 | I59: 0 | K59: =ROUND(A59/$A$8*100,4) -> 0 | L59: =ROUND(D59/$D$8*100,4) -> 0 | M59: =ROUND(F59/$F$8*100,4) -> 0
A60: 0 | B60: =ROUND(A60/$A$8*100,2) -> 0 | C60: 雜項業務成本 | D60: =+D61 -> 0 | E60: =ROUND(D60/$D$8*100,2) -> 0 | F60: =+F61 -> 0 | G60: =ROUND(F60/$F$8*100,2) -> 0 | H60: =D60-F60 -> 0 | I60: 0 | K60: =ROUND(A60/$A$8*100,4) -> 0 | L60: =ROUND(D60/$D$8*100,4) -> 0 | M60: =ROUND(F60/$F$8*100,4) -> 0
A61: 0 | B61: =ROUND(A61/$A$8*100,2) -> 0 | C61: 普通事故 | D61: 0 | E61: =ROUND(D61/$D$8*100,2) -> 0 | F61: 0 | G61: =ROUND(F61/$F$8*100,2) -> 0 | H61: =D61-F61 -> 0 | I61: 0 | K61: =ROUND(A61/$A$8*100,4) -> 0 | L61: =ROUND(D61/$D$8*100,4) -> 0 | M61: =ROUND(F61/$F$8*100,4) -> 0
A62: -311231 | B62: =ROUND(A62/$A$8*100,2) -> -0.05 | C62: 業務賸餘（短絀） | D62: =SUM(D63:D64) -> -232793 | E62: =ROUND(D62/$D$8*100,2) -> -0.04 | F62: =SUM(F63:F64) -> -216469 | G62: =ROUND(F62/$F$8*100,2) -> -0.04 | H62: =D62-F62 -> -16324 | I62: =ROUND(H62/F62*100,2) -> 7.54 | K62: =ROUND(A62/$A$8*100,4) -> -0.0475 | L62: =ROUND(D62/$D$8*100,4) -> -0.0445 | M62: =ROUND(F62/$F$8*100,4) -> -0.0438
A63: -311033 | B63: =ROUND(A63/$A$8*100,2) -> -0.05 | C63: 普通事故 | D63: =+D11+D14+D17++D21+D19+D23+D27+D34+D36-D40-D43-D46-D48-D51-D54-D57+D30 -> -229761 | E63: =ROUND(D63/$D$8*100,2) -> -0.04 | F63: =+F11+F14+F17++F21+F19+F23+F27+F34+F36-F40-F43-F46-F48-F51-F54-F57+F30 -> -216377 | G63: =ROUND(F63/$F$8*100,2) -> -0.04 | H63: =D63-F63 -> -13384 | I63: =ROUND(H63/F63*100,2) -> 6.19 | K63: =ROUND(A63/$A$8*100,4) -> -0.0475 | L63: =ROUND(D63/$D$8*100,4) -> -0.0439 | M63: =ROUND(F63/$F$8*100,4) -> -0.0438
A64: -198 | B64: =ROUND(A64/$A$8*100,2) -> 0 | C64: 職業災害 | D64: =D15+D24+D28+D31-D44-D52-D55-D58 -> -3032 | E64: =ROUND(D64/$D$8*100,2) -> 0 | F64: =F15+F24+F28+F31-F44-F52-F55-F58 -> -92 | G64: =ROUND(F64/$F$8*100,2) -> 0 | H64: =D64-F64 -> -2940 | I64: =ROUND(H64/F64*100,2) -> 3195.65 | K64: =ROUND(A64/$A$8*100,4) -> 0 | L64: =ROUND(D64/$D$8*100,4) -> -0.0006 | M64: =ROUND(F64/$F$8*100,4) -> 0
A65: 311356 | B65: =ROUND(A65/$A$8*100,2) -> 0.05 | C65: 業務外收入 | D65: =D66+D70 -> 232855 | E65: =ROUND(D65/$D$8*100,2) -> 0.04 | F65: =F66+F70 -> 216495 | G65: =ROUND(F65/$F$8*100,2) -> 0.04 | H65: =D65-F65 -> 16360 | I65: =ROUND(H65/F65*100,2) -> 7.56 | K65: =ROUND(A65/$A$8*100,4) -> 0.0475 | L65: =ROUND(D65/$D$8*100,4) -> 0.0445 | M65: =ROUND(F65/$F$8*100,4) -> 0.0438
A66: 621 | B66: =ROUND(A66/$A$8*100,2) -> 0 | C66: 財務收入 | D66: =D67 -> 332 | E66: =ROUND(D66/$D$8*100,2) -> 0 | F66: =F67 -> 341 | G66: =ROUND(F66/$F$8*100,2) -> 0 | H66: =D66-F66 -> -9 | I66: =ROUND(H66/F66*100,2) -> -2.64 | K66: =ROUND(A66/$A$8*100,4) -> 0.0001 | L66: =ROUND(D66/$D$8*100,4) -> 0.0001 | M66: =ROUND(F66/$F$8*100,4) -> 0.0001
A67: 621 | B67: =ROUND(A67/$A$8*100,2) -> 0 | C67: 利息收入 | D67: =SUM(D68:D69) -> 332 | E67: =ROUND(D67/$D$8*100,2) -> 0 | F67: =SUM(F68:F69) -> 341 | G67: =ROUND(F67/$F$8*100,2) -> 0 | H67: =D67-F67 -> -9 | I67: =ROUND(H67/F67*100,2) -> -2.64 | K67: =ROUND(A67/$A$8*100,4) -> 0.0001 | L67: =ROUND(D67/$D$8*100,4) -> 0.0001 | M67: =ROUND(F67/$F$8*100,4) -> 0.0001
A68: 599 | B68: =ROUND(A68/$A$8*100,2) -> 0 | C68: 普通事故 | D68: 326 | E68: =ROUND(D68/$D$8*100,2) -> 0 | F68: 320 | G68: =ROUND(F68/$F$8*100,2) -> 0 | H68: =D68-F68 -> 6 | I68: =ROUND(H68/F68*100,2) -> 1.88 | K68: =ROUND(A68/$A$8*100,4) -> 0.0001 | L68: =ROUND(D68/$D$8*100,4) -> 0.0001 | M68: =ROUND(F68/$F$8*100,4) -> 0.0001
A69: 22 | B69: =ROUND(A69/$A$8*100,2) -> 0 | C69: 職業災害 | D69: 6 | E69: =ROUND(D69/$D$8*100,2) -> 0 | F69: 21 | G69: =ROUND(F69/$F$8*100,2) -> 0 | H69: =D69-F69 -> -15 | I69: =ROUND(H69/F69*100,2) -> -71.43 | K69: =ROUND(A69/$A$8*100,4) -> 0 | L69: =ROUND(D69/$D$8*100,4) -> 0 | M69: =ROUND(F69/$F$8*100,4) -> 0
A70: 310735 | B70: =ROUND(A70/$A$8*100,2) -> 0.05 | C70: 其他業務外收入 | D70: =D71+D73+D76 -> 232523 | E70: =ROUND(D70/$D$8*100,2) -> 0.04 | F70: =F71+F73+F76 -> 216154 | G70: =ROUND(F70/$F$8*100,2) -> 0.04 | H70: =D70-F70 -> 16369 | I70: =ROUND(H70/F70*100,2) -> 7.57 | K70: =ROUND(A70/$A$8*100,4) -> 0.0474 | L70: =ROUND(D70/$D$8*100,4) -> 0.0445 | M70: =ROUND(F70/$F$8*100,4) -> 0.0437
A71: 474 | B71: =ROUND(A71/$A$8*100,2) -> 0 | C71: 違規罰款收入 | D71: =SUM(D72:D72) -> 700 | E71: =ROUND(D71/$D$8*100,2) -> 0 | F71: =SUM(F72:F72) -> 700 | G71: =ROUND(F71/$F$8*100,2) -> 0 | H71: =D71-F71 -> 0 | I71: 0 | K71: =ROUND(A71/$A$8*100,4) -> 0.0001 | L71: =ROUND(D71/$D$8*100,4) -> 0.0001 | M71: =ROUND(F71/$F$8*100,4) -> 0.0001
A72: 474 | B72: =ROUND(A72/$A$8*100,2) -> 0 | C72: 普通事故 | D72: 700 | E72: =ROUND(D72/$D$8*100,2) -> 0 | F72: 700 | G72: =ROUND(F72/$F$8*100,2) -> 0 | H72: =D72-F72 -> 0 | I72: 0 | K72: =ROUND(A72/$A$8*100,4) -> 0.0001 | L72: =ROUND(D72/$D$8*100,4) -> 0.0001 | M72: =ROUND(F72/$F$8*100,4) -> 0.0001
A73: 284605 | B73: =ROUND(A73/$A$8*100,2) -> 0.04 | C73: 收回呆帳 | D73: =SUM(D74:D75) -> 223444 | E73: =ROUND(D73/$D$8*100,2) -> 0.04 | F73: =SUM(F74:F75) -> 210505 | G73: =ROUND(F73/$F$8*100,2) -> 0.04 | H73: =D73-F73 -> 12939 | I73: =ROUND(H73/F73*100,2) -> 6.15 | K73: =ROUND(A73/$A$8*100,4) -> 0.0435 | L73: =ROUND(D73/$D$8*100,4) -> 0.0427 | M73: =ROUND(F73/$F$8*100,4) -> 0.0426
A74: 284516 | B74: =ROUND(A74/$A$8*100,2) -> 0.04 | C74: 普通事故 | D74: 220419 | E74: =ROUND(D74/$D$8*100,2) -> 0.04 | F74: 210435 | G74: =ROUND(F74/$F$8*100,2) -> 0.04 | H74: =D74-F74 -> 9984 | I74: =ROUND(H74/F74*100,2) -> 4.74 | K74: =ROUND(A74/$A$8*100,4) -> 0.0434 | L74: =ROUND(D74/$D$8*100,4) -> 0.0421 | M74: =ROUND(F74/$F$8*100,4) -> 0.0426
A75: 89 | B75: =ROUND(A75/$A$8*100,2) -> 0 | C75: 職業災害 | D75: 3025 | E75: =ROUND(D75/$D$8*100,2) -> 0 | F75: 70 | G75: =ROUND(F75/$F$8*100,2) -> 0 | H75: =D75-F75 -> 2955 | I75: =ROUND(H75/F75*100,2) -> 4221.43 | K75: =ROUND(A75/$A$8*100,4) -> 0 | L75: =ROUND(D75/$D$8*100,4) -> 0.0006 | M75: =ROUND(F75/$F$8*100,4) -> 0
A76: 25655 | B76: =ROUND(A76/$A$8*100,2) -> 0 | C76: 雜項收入 | D76: =SUM(D77:D78) -> 8379 | E76: =ROUND(D76/$D$8*100,2) -> 0 | F76: =SUM(F77:F78) -> 4949 | G76: =ROUND(F76/$F$8*100,2) -> 0 | H76: =D76-F76 -> 3430 | I76: =ROUND(H76/F76*100,2) -> 69.31 | K76: =ROUND(A76/$A$8*100,4) -> 0.0039 | L76: =ROUND(D76/$D$8*100,4) -> 0.0016 | M76: =ROUND(F76/$F$8*100,4) -> 0.001
A77: 25568 | B77: =ROUND(A77/$A$8*100,2) -> 0 | C77: 普通事故 | D77: 8378 | E77: =ROUND(D77/$D$8*100,2) -> 0 | F77: 4936 | G77: =ROUND(F77/$F$8*100,2) -> 0 | H77: =D77-F77 -> 3442 | I77: =ROUND(H77/F77*100,2) -> 69.73 | K77: =ROUND(A77/$A$8*100,4) -> 0.0039 | L77: =ROUND(D77/$D$8*100,4) -> 0.0016 | M77: =ROUND(F77/$F$8*100,4) -> 0.001
A78: 87 | B78: =ROUND(A78/$A$8*100,2) -> 0 | C78: 職業災害 | D78: 1 | E78: =ROUND(D78/$D$8*100,2) -> 0 | F78: 13 | G78: =ROUND(F78/$F$8*100,2) -> 0 | H78: =D78-F78 -> -12 | I78: =ROUND(H78/F78*100,2) -> -92.31 | K78: =ROUND(A78/$A$8*100,4) -> 0 | L78: =ROUND(D78/$D$8*100,4) -> 0 | M78: =ROUND(F78/$F$8*100,4) -> 0
A79: 125 | B79: =ROUND(A79/$A$8*100,2) -> 0 | C79: 業務外費用 | D79: =D80 -> 62 | E79: =ROUND(D79/$D$8*100,2) -> 0 | F79: =F80 -> 26 | G79: =ROUND(F79/$F$8*100,2) -> 0 | H79: =D79-F79 -> 36 | I79: =ROUND(H79/F79*100,2) -> 138.46 | K79: =ROUND(A79/$A$8*100,4) -> 0 | L79: =ROUND(D79/$D$8*100,4) -> 0 | M79: =ROUND(F79/$F$8*100,4) -> 0
A80: 125 | B80: =ROUND(A80/$A$8*100,2) -> 0 | C80: 其他業務外費用 | D80: =D81 -> 62 | E80: =ROUND(D80/$D$8*100,2) -> 0 | F80: =F81 -> 26 | G80: =ROUND(F80/$F$8*100,2) -> 0 | H80: =D80-F80 -> 36 | I80: =ROUND(H80/F80*100,2) -> 138.46 | K80: =ROUND(A80/$A$8*100,4) -> 0 | L80: =ROUND(D80/$D$8*100,4) -> 0 | M80: =ROUND(F80/$F$8*100,4) -> 0
A81: 125 | B81: =ROUND(A81/$A$8*100,2) -> 0 | C81: 雜項費用 | D81: =SUM(D82:D83) -> 62 | E81: =ROUND(D81/$D$8*100,2) -> 0 | F81: =SUM(F82:F83) -> 26 | G81: =ROUND(F81/$F$8*100,2) -> 0 | H81: =D81-F81 -> 36 | I81: =ROUND(H81/F81*100,2) -> 138.46 | K81: =ROUND(A81/$A$8*100,4) -> 0 | L81: =ROUND(D81/$D$8*100,4) -> 0 | M81: =ROUND(F81/$F$8*100,4) -> 0
A82: 125 | B82: =ROUND(A82/$A$8*100,2) -> 0 | C82: 普通事故 | D82: 62 | E82: =ROUND(D82/$D$8*100,2) -> 0 | F82: 14 | G82: =ROUND(F82/$F$8*100,2) -> 0 | H82: =D82-F82 -> 48 | I82: =ROUND(H82/F82*100,2) -> 342.86 | K82: =ROUND(A82/$A$8*100,4) -> 0 | L82: =ROUND(D82/$D$8*100,4) -> 0 | M82: =ROUND(F82/$F$8*100,4) -> 0
A83: 0 | B83: =ROUND(A83/$A$8*100,2) -> 0 | C83: 職業災害 | D83: 0 | E83: =ROUND(D83/$D$8*100,2) -> 0 | F83: 12 | G83: =ROUND(F83/$F$8*100,2) -> 0 | H83: =D83-F83 -> -12 | I83: =ROUND(H83/F83*100,2) -> -100 | K83: =ROUND(A83/$A$8*100,4) -> 0 | L83: =ROUND(D83/$D$8*100,4) -> 0 | M83: =ROUND(F83/$F$8*100,4) -> 0
A84: 311231 | B84: =ROUND(A84/$A$8*100,2) -> 0.05 | C84: 業務外賸餘（短絀） | D84: =SUM(D85:D86) -> 232793 | E84: =ROUND(D84/$D$8*100,2) -> 0.04 | F84: =SUM(F85:F86) -> 216469 | G84: =ROUND(F84/$F$8*100,2) -> 0.04 | H84: =D84-F84 -> 16324 | I84: =ROUND(H84/F84*100,2) -> 7.54 | K84: =ROUND(A84/$A$8*100,4) -> 0.0475 | L84: =ROUND(D84/$D$8*100,4) -> 0.0445 | M84: =ROUND(F84/$F$8*100,4) -> 0.0438
A85: 311033 | B85: =ROUND(A85/$A$8*100,2) -> 0.05 | C85: 普通事故 | D85: =D68+D72+D74+D77-D82 -> 229761 | E85: =ROUND(D85/$D$8*100,2) -> 0.04 | F85: =F68+F72+F74+F77-F82 -> 216377 | G85: =ROUND(F85/$F$8*100,2) -> 0.04 | H85: =D85-F85 -> 13384 | I85: =ROUND(H85/F85*100,2) -> 6.19 | K85: =ROUND(A85/$A$8*100,4) -> 0.0475 | L85: =ROUND(D85/$D$8*100,4) -> 0.0439 | M85: =ROUND(F85/$F$8*100,4) -> 0.0438
A86: 198 | B86: =ROUND(A86/$A$8*100,2) -> 0 | C86: 職業災害 | D86: =D69+D75+D78-D83 -> 3032 | E86: =ROUND(D86/$D$8*100,2) -> 0 | F86: =F69+F75+F78-F83 -> 92 | G86: =ROUND(F86/$F$8*100,2) -> 0 | H86: =D86-F86 -> 2940 | I86: =ROUND(H86/F86*100,2) -> 3195.65 | K86: =ROUND(A86/$A$8*100,4) -> 0 | L86: =ROUND(D86/$D$8*100,4) -> 0.0006 | M86: =ROUND(F86/$F$8*100,4) -> 0
A87: =A62+A84 -> 0 | B87: =ROUND(A87/$A$8*100,2) -> 0 | C87: 本期賸餘（短絀） | D87: =+D62+D84 -> 0 | E87: =ROUND(D87/$D$8*100,2) -> 0 | F87: =+F62+F84 -> 0 | G87: =ROUND(F87/$F$8*100,2) -> 0 | H87: =D87-F87 -> 0 | I87: 0
K89: =ROUND(A89/$A$8*100,4) -> 0 | L89: =ROUND(D89/$D$8*100,4) -> 0 | M89: =ROUND(F89/$F$8*100,4) -> 0
A90: 註：1.百分比及前年度決算數細數之和與總數或略有出入，係四捨五入關係。以下各表同。 2.111年5月1日配合「勞工職業災害保險及保護法」施行，將原列於「勞工保險業務」項下職業災害保險、「職業災害勞工保護業務」整併為「 勞職保及保護」編列。以下各表同。

Sheet 現金流量預計表-勞
A1: 勞 動 部 勞 工 保 險 局
A2: 勞 工 保 險 局 作 業 基 金
A3: 現金流量預計表（勞工保險部分）
A4: 中華民國111年度 單位：新臺幣千元
A5: 項目 | B5: 預算數 | C5: 說明
A9: 業務活動之現金流量
A10: 本期賸餘（短絀） | B10: 0
A11: 利息股利之調整 | B11: =-D11+D12 -> -4556312 | C11: 利息收入 | D11: 4556312 | E11: 千元
C12: 2.利息費用 | D12: 0 | E12: 千元
A13: 未計利息股利之本期賸餘（短絀） | B13: =+B10+B11 -> -4556312
A14: 調整項目 | B14: =D14+D16+D17+D15+D18+D19+D20 -> -15975518 | C14: 1.提存呆帳 | D14: 843945 | E14: 千元
C15: 2.收回責任準備 | D15: -18181606 | E15: 千元
C16: 3.折舊 | D16: 16155 | E16: 千元
C17: 4.攤銷 | D17: 609 | E17: 千元
C18: 5.流動資產淨減 | D18: 1489716 | E18: 千元
C19: 6.流動負債淨減 | D19: -83422 | E19: 千元
C20: 7.其他 | D20: -60915 | E20: 千元
A21: 未計利息股利之現金流入（流出） | B21: =+B13+B14 -> -20531830
A22: 收取利息 | B22: 332 | C22: 收取利息332千元。
A23: 業務活動之淨現金流入（流出） | B23: =+B21+B22 -> -20531498
A24: 投資活動之現金流量
A25: 減少流動金融資產及短期貸墊款 | B25: 22979800 | C25: 係減少流動金融資產22,632,800千元及短期貸款347,000千元。
A26: 減少投資、長期應收款、貸墊款及準備金 | B26: 24829790 | C26: 係減少投資-非流動金融資產13,929,790千元及長期貸款10,900,000千元。
A27: 收取利息 | B27: 4730004 | C27: 收取利息4,730,004千元。
A28: 增加流動金融資產及短期貸墊款 | B28: 0 | C28: 係增加短期貸款千元。
A29: 增加投資、長期應收款、貸墊款及準備金 | B29: -10169315 | C29: 係增加長期貸款10,169,315千元。
A30: 增加無形資產、遞延借項及其他資產 | B30: 0 | C30: 係增加無形資產。
A31: 投資活動之淨現金流入（流出） | B31: =SUM(B25:B30) -> 42370279
A32: 籌資活動之現金流量
A33: 增加短期債務、流動金融負債及其他負債 | B33: 0 | C33: 係增加其他負債0千元。
A34: 減少短期債務、流動金融負債及其他負債 | B34: -25492851 | C34: 係減少其他負債25,492,851千元。
A35: 其他籌資活動之現金流出 | C35: 111年4月底勞工保險職業災害部分之現金及約當現金2,209,559千元，配合「勞職保及保護」業務於111年5月1日開辦，移列至該業務。
A36: 籌資活動之淨現金流入（流出） | B36: =SUM(B33:B35) -> -25492851
A37: 現金及約當現金之淨增（淨減） | B37: =B23+B31+B36 -> -3654070
A38: 期初現金及約當現金 | B38: 36012266 | G38: 2209559
A39: 期末現金及約當現金 | B39: =+B37+B38 -> 32358196

Sheet 預計平衡表-勞
A1: 勞 動 部 勞 工 保 險 局
A2: 勞 工 保 險 局 作 業 基 金
A3: 預計平衡表（勞工保險部分）
A4: 中華民國111年12月31日 單位：新臺幣千元
A5: 109年12月31日 實際數 | B5: 科目 | C5: 111年12月31日 預計數 | D5: 110年12月31日 預計數 | E5: 比較增減
A9: 897736069 | B9: 資產 | C9: =C10+C16+C19+C21 -> 843940654 | D9: =D10+D16+D19+D21 -> 887759448 | E9: =E10+E16+E19+E21 -> -43818794
A10: 785781049 | B10: 流動資產 | C10: =SUM(C11:C15) -> 640549015 | D10: =SUM(D11:D15) -> 669797632 | E10: =SUM(E11:E15) -> -29248617
A11: 60826794 | B11: 現金 | C11: 32358196 | D11: 36012266 | E11: =C11-D11 -> -3654070
A12: 639040757 | B12: 流動金融資產 | C12: 510049866 | D12: 536445032 | E12: =C12-D12 -> -26395166
A13: 81806414 | B13: 應收款項 | C13: 95475953 | D13: 94328334 | E13: =C13-D13 -> 1147619
A14: 75378 | B14: 預付款項 | C14: 0 | D14: 0 | E14: =C14-D14 -> 0
A15: 4031706 | B15: 短期貸墊款 | C15: 2665000 | D15: 3012000 | E15: =C15-D15 -> -347000
A16: 86627160 | B16: 投資、長期應收款、貸墊款及準備金 | C16: =SUM(C17:C18) -> 177046394 | D16: =SUM(D17:D18) -> 190876184 | E16: =SUM(E17:E18) -> -13829790
A17: 78863945 | B17: 非流動金融資產 | C17: 166575394 | D17: 180505184 | E17: =C17-D17 -> -13929790
A18: 7763216 | B18: 長期貸款 | C18: 10471000 | D18: 10371000 | E18: =C18-D18 -> 100000
A19: 1417996 | B19: 投資性不動產 | C19: =+C20 -> 1385687 | D19: =+D20 -> 1401842 | E19: =+E20 -> -16155
A20: 1417996 | B20: 投資性不動產 | C20: 1385687 | D20: 1401842 | E20: =C20-D20 -> -16155
A21: 23909864 | B21: 其他資產 | C21: =SUM(C22:C24) -> 24959558 | D21: =SUM(D22:D24) -> 25683790 | E21: =SUM(E22:E24) -> -724232
A22: 39752 | B22: 遞延資產 | C22: 38534 | D22: 39143 | E22: =C22-D22 -> -609
A23: 23631800 | B23: 什項資產 | C23: 24682712 | D23: 25406335 | E23: =C23-D23 -> -723623
A24: 238312 | B24: 待處理資產 | C24: 238312 | D24: 238312 | E24: =C24-D24 -> 0
A29: =A9 -> 897736069 | B29: 合計 | C29: =C9 -> 843940654 | D29: =D9 -> 887759448 | E29: =E9 -> -43818794
A30: 897730860 | B30: 負債 | C30: =C31+C35 -> 843935445 | D30: =D31+D35 -> 887754239 | E30: =E31+E35 -> -43818794
A31: 29381181 | B31: 流動負債 | C31: =SUM(C32:C34) -> 29334266 | D31: =SUM(D32:D34) -> 29417688 | E31: =SUM(E32:E34) -> -83422
A32: 29106736 | B32: 應付款項 | C32: 29055139 | D32: 29133879 | E32: =C32-D32 -> -78740
A33: 142604 | B33: 預收款項 | C33: 147286 | D33: 151968 | E33: =C33-D33 -> -4682
A34: 131841 | B34: 流動金融負債 | C34: 131841 | D34: 131841 | E34: =C34-D34 -> 0
A35: 868349679 | B35: 其他負債 | C35: =SUM(C36:C38) -> 814601179 | D35: =SUM(D36:D38) -> 858336551 | E35: =SUM(E36:E38) -> -43735372
A36: 3975176 | B36: 遞延負債 | C36: 3853346 | D36: 3914261 | E36: =C36-D36 -> -60915
A37: 864304449 | B37: 負債準備 | C37: 810678310 | D37: 854352236 | E37: =C37-D37 -> -43673926
A38: 70053 | B38: 什項負債 | C38: 69523 | D38: 70054 | E38: =C38-D38 -> -531
A39: 5209 | B39: 淨值 | C39: =C40+C42+C44 -> 5209 | D39: =D40+D42+D44 -> 5209 | E39: =E40+E42+E44 -> 0
A40: =A41 -> 625 | B40: 基金 | C40: =C41 -> 625 | D40: =D41 -> 625 | E40: =E41 -> 0
A41: 625 | B41: 基金 | C41: 625 | D41: 625 | E41: =C41-D41 -> 0
A42: =A43 -> 4584 | B42: 公積 | C42: =+C43 -> 4584 | D42: =+D43 -> 4584 | E42: =E43 -> 0
A43: 4584 | B43: 資本公積 | C43: 4584 | D43: 4584 | E43: 0
A44: =A45 -> 0 | B44: 累積餘絀 | C44: =C45 -> 0 | D44: =D45 -> 0 | E44: =E45 -> 0
A45: 0 | B45: 累積賸餘 | C45: 0 | D45: 0 | E45: 0
A50: 897736069 | B50: 合計 | C50: =C30+C39 -> 843940654 | D50: =D30+D39 -> 887759448 | E50: =E30+E39 -> -43818794
A52: 註：本年度信託代理與保證資產（負債）預計為220,637千元，係包括（應付）保證品72,250千元及應收（受託）代收款148,387千元。
A55: =A50-A29 -> 0 | C55: =C50-C29 -> 0 | D55: =D50-D29 -> 0 | E55: =E50-E29 -> 0

Sheet 收支餘絀預計表-就
A1: 勞 動 部 勞 工 保 險 局
A2: 勞 工 保 險 局 作 業 基 金
A3: 收支餘絀預計表（就業保險部分）
A4: 中華民國111年度 單位：新臺幣千元
A5: 前年度決算數 | C5: 科 目 | D5: 本年度預算數 | F5: 上年度預算數 | H5: 比較增減(-)
A6: 金 額 | B6: ％ | D6: 金 額 | E6: ％ | F6: 金 額 | G6: ％ | H6: 金 額 | I6: ％
A8: 31758082 | B8: 100 | C8: 業務收入 | D8: =D13+D9 -> 32093341 | E8: 100 | F8: =F13+F9 -> 31811941 | G8: 100 | H8: =D8-F8 -> 281400 | I8: =ROUND(H8/F8*100,2) -> 0.88 | K8: =ROUND(A8/$A$8*100,4) -> 100 | L8: =ROUND(D8/$D$8*100,4) -> 100 | M8: =ROUND(F8/$F$8*100,4) -> 100
A9: 2693056 | B9: =ROUND(A9/$A$8*100,2) -> 8.48 | C9: 投融資業務收入 | D9: =SUM(D10:D12) -> 1696452 | E9: =ROUND(D9/$D$8*100,2) -> 5.29 | F9: =SUM(F10:F12) -> 2004257 | G9: =ROUND(F9/$F$8*100,2) -> 6.3 | H9: =D9-F9 -> -307805 | I9: =ROUND(H9/F9*100,2) -> -15.36 | K9: =ROUND(A9/$A$8*100,4) -> 8.4799 | L9: =ROUND(D9/$D$8*100,4) -> 5.286 | M9: =ROUND(F9/$F$8*100,4) -> 6.3003
A10: 1760176 | B10: =ROUND(A10/$A$8*100,2) -> 5.54 | C10: 投資業務收入 | D10: 1401654 | E10: =ROUND(D10/$D$8*100,2) -> 4.37 | F10: 1695791 | G10: =ROUND(F10/$F$8*100,2) -> 5.33 | H10: =D10-F10 -> -294137 | I10: =ROUND(H10/F10*100,2) -> -17.35 | K10: =ROUND(A10/$A$8*100,4) -> 5.5425 | L10: =ROUND(D10/$D$8*100,4) -> 4.3674 | M10: =ROUND(F10/$F$8*100,4) -> 5.3307
A11: 507449 | B11: =ROUND(A11/$A$8*100,2) -> 1.6 | C11: 兌換賸餘 | D11: 0 | E11: =ROUND(D11/$D$8*100,2) -> 0 | F11: 0 | G11: =ROUND(F11/$F$8*100,2) -> 0 | H11: =D11-F11 -> 0 | I11: 0 | K11: =ROUND(A11/$A$8*100,4) -> 1.5979 | L11: =ROUND(D11/$D$8*100,4) -> 0 | M11: =ROUND(F11/$F$8*100,4) -> 0
A12: 425431 | B12: =ROUND(A12/$A$8*100,2) -> 1.34 | C12: 存款利息收入 | D12: 294798 | E12: =ROUND(D12/$D$8*100,2) -> 0.92 | F12: 308466 | G12: =ROUND(F12/$F$8*100,2) -> 0.97 | H12: =D12-F12 -> -13668 | I12: =ROUND(H12/F12*100,2) -> -4.43 | K12: =ROUND(A12/$A$8*100,4) -> 1.3396 | L12: =ROUND(D12/$D$8*100,4) -> 0.9186 | M12: =ROUND(F12/$F$8*100,4) -> 0.9697
A13: 29065026 | B13: =ROUND(A13/$A$8*100,2) -> 91.52 | C13: 保險收入 | D13: =D14+D15 -> 30396889 | E13: =ROUND(D13/$D$8*100,2) -> 94.71 | F13: =F14+F15 -> 29807684 | G13: =ROUND(F13/$F$8*100,2) -> 93.7 | H13: =D13-F13 -> 589205 | I13: =ROUND(H13/F13*100,2) -> 1.98 | K13: =ROUND(A13/$A$8*100,4) -> 91.5201 | L13: =ROUND(D13/$D$8*100,4) -> 94.714 | M13: =ROUND(F13/$F$8*100,4) -> 93.6997
A14: 29065026 | B14: =ROUND(A14/$A$8*100,2) -> 91.52 | C14: 保費收入 | D14: 30396889 | E14: =ROUND(D14/$D$8*100,2) -> 94.71 | F14: 29807684 | G14: =ROUND(F14/$F$8*100,2) -> 93.7 | H14: =D14-F14 -> 589205 | I14: =ROUND(H14/F14*100,2) -> 1.98 | K14: =ROUND(A14/$A$8*100,4) -> 91.5201 | L14: =ROUND(D14/$D$8*100,4) -> 94.714 | M14: =ROUND(F14/$F$8*100,4) -> 93.6997
A15: 0 | B15: =ROUND(A15/$A$8*100,2) -> 0 | C15: 收回責任準備 | D15: 0 | E15: =ROUND(D15/$D$8*100,2) -> 0 | F15: 0 | G15: =ROUND(F15/$F$8*100,2) -> 0 | H15: =D15-F15 -> 0 | I15: 0 | K15: =ROUND(A15/$A$8*100,4) -> 0 | L15: =ROUND(D15/$D$8*100,4) -> 0 | M15: =ROUND(F15/$F$8*100,4) -> 0
A16: 31768275 | B16: =ROUND(A16/$A$8*100,2) -> 100.03 | C16: 業務成本與費用 | D16: =D17+D20+D24 -> 32101842 | E16: =ROUND(D16/$D$8*100,2) -> 100.03 | F16: =F17+F20+F24 -> 31820028 | G16: =ROUND(F16/$F$8*100,2) -> 100.03 | H16: =D16-F16 -> 281814 | I16: =ROUND(H16/F16*100,2) -> 0.89 | K16: =ROUND(A16/$A$8*100,4) -> 100.0321 | L16: =ROUND(D16/$D$8*100,4) -> 100.0265 | M16: =ROUND(F16/$F$8*100,4) -> 100.0254
A17: 1803181 | B17: =ROUND(A17/$A$8*100,2) -> 5.68 | C17: 投融資業務成本 | D17: =SUM(D18:D18) -> 450 | E17: =ROUND(D17/$D$8*100,2) -> 0 | F17: =SUM(F18:F18) -> 824 | G17: =ROUND(F17/$F$8*100,2) -> 0 | H17: =D17-F17 -> -374 | I17: =ROUND(H17/F17*100,2) -> -45.39 | K17: =ROUND(A17/$A$8*100,4) -> 5.6779 | L17: =ROUND(D17/$D$8*100,4) -> 0.0014 | M17: =ROUND(F17/$F$8*100,4) -> 0.0026
A18: 8306 | B18: =ROUND(A18/$A$8*100,2) -> 0.03 | C18: 投資業務成本 | D18: 450 | E18: =ROUND(D18/$D$8*100,2) -> 0 | F18: 824 | G18: =ROUND(F18/$F$8*100,2) -> 0 | H18: =D18-F18 -> -374 | I18: =ROUND(H18/F18*100,2) -> -45.39 | K18: =ROUND(A18/$A$8*100,4) -> 0.0262 | L18: =ROUND(D18/$D$8*100,4) -> 0.0014 | M18: =ROUND(F18/$F$8*100,4) -> 0.0026
A19: 1794875 | B19: =ROUND(A19/$A$8*100,2) -> 5.65 | C19: 兌換短絀 | D19: 0 | E19: =ROUND(D19/$D$8*100,2) -> 0 | F19: 0 | G19: =ROUND(F19/$F$8*100,2) -> 0 | H19: =D19-F19 -> 0 | I19: 0 | K19: =ROUND(A19/$A$8*100,4) -> 5.6517 | L19: =ROUND(D19/$D$8*100,4) -> 0 | M19: =ROUND(F19/$F$8*100,4) -> 0
A20: 27464684 | B20: =ROUND(A20/$A$8*100,2) -> 86.48 | C20: 保險成本 | D20: =SUM(D21:D23) -> 28401381 | E20: =ROUND(D20/$D$8*100,2) -> 88.5 | F20: =SUM(F21:F23) -> 28391151 | G20: =ROUND(F20/$F$8*100,2) -> 89.25 | H20: =D20-F20 -> 10230 | I20: =ROUND(H20/F20*100,2) -> 0.04 | K20: =ROUND(A20/$A$8*100,4) -> 86.4809 | L20: =ROUND(D20/$D$8*100,4) -> 88.4962 | M20: =ROUND(F20/$F$8*100,4) -> 89.2468
A21: 23106476 | B21: =ROUND(A21/$A$8*100,2) -> 72.76 | C21: 保險給付 | D21: 23777464 | E21: =ROUND(D21/$D$8*100,2) -> 74.09 | F21: 22823256 | G21: =ROUND(F21/$F$8*100,2) -> 71.74 | H21: =D21-F21 -> 954208 | I21: =ROUND(H21/F21*100,2) -> 4.18 | K21: =ROUND(A21/$A$8*100,4) -> 72.7578 | L21: =ROUND(D21/$D$8*100,4) -> 74.0885 | M21: =ROUND(F21/$F$8*100,4) -> 71.7443
A22: 4319223 | B22: =ROUND(A22/$A$8*100,2) -> 13.6 | C22: 提存責任準備 | D22: 4573039 | E22: =ROUND(D22/$D$8*100,2) -> 14.25 | F22: 5527767 | G22: =ROUND(F22/$F$8*100,2) -> 17.38 | H22: =D22-F22 -> -954728 | I22: =ROUND(H22/F22*100,2) -> -17.27 | K22: =ROUND(A22/$A$8*100,4) -> 13.6004 | L22: =ROUND(D22/$D$8*100,4) -> 14.2492 | M22: =ROUND(F22/$F$8*100,4) -> 17.3764
A23: 38985 | B23: =ROUND(A23/$A$8*100,2) -> 0.12 | C23: 呆帳 | D23: 50878 | E23: =ROUND(D23/$D$8*100,2) -> 0.16 | F23: 40128 | G23: =ROUND(F23/$F$8*100,2) -> 0.13 | H23: =D23-F23 -> 10750 | I23: =ROUND(H23/F23*100,2) -> 26.79 | K23: =ROUND(A23/$A$8*100,4) -> 0.1228 | L23: =ROUND(D23/$D$8*100,4) -> 0.1585 | M23: =ROUND(F23/$F$8*100,4) -> 0.1261
A24: 2500411 | B24: =ROUND(A24/$A$8*100,2) -> 7.87 | C24: 其他業務成本 | D24: =SUM(D25:D25) -> 3700011 | E24: =ROUND(D24/$D$8*100,2) -> 11.53 | F24: =SUM(F25:F25) -> 3428053 | G24: =ROUND(F24/$F$8*100,2) -> 10.78 | H24: =D24-F24 -> 271958 | I24: =ROUND(H24/F24*100,2) -> 7.93 | K24: =ROUND(A24/$A$8*100,4) -> 7.8733 | L24: =ROUND(D24/$D$8*100,4) -> 11.5289 | M24: =ROUND(F24/$F$8*100,4) -> 10.776
A25: 2500411 | B25: =ROUND(A25/$A$8*100,2) -> 7.87 | C25: 雜項業務成本 | D25: 3700011 | E25: =ROUND(D25/$D$8*100,2) -> 11.53 | F25: 3428053 | G25: =ROUND(F25/$F$8*100,2) -> 10.78 | H25: =D25-F25 -> 271958 | I25: =ROUND(H25/F25*100,2) -> 7.93 | K25: =ROUND(A25/$A$8*100,4) -> 7.8733 | L25: =ROUND(D25/$D$8*100,4) -> 11.5289 | M25: =ROUND(F25/$F$8*100,4) -> 10.776
A26: -10193 | B26: =ROUND(A26/$A$8*100,2) -> -0.03 | C26: 業務賸餘（短絀） | D26: =+D8-D16 -> -8501 | E26: =ROUND(D26/$D$8*100,2) -> -0.03 | F26: =+F8-F16 -> -8087 | G26: =ROUND(F26/$F$8*100,2) -> -0.03 | H26: =D26-F26 -> -414 | I26: =ROUND(H26/F26*100,2) -> 5.12 | K26: =ROUND(A26/$A$8*100,4) -> -0.0321 | L26: =ROUND(D26/$D$8*100,4) -> -0.0265 | M26: =ROUND(F26/$F$8*100,4) -> -0.0254
A27: 10208 | B27: =ROUND(A27/$A$8*100,2) -> 0.03 | C27: 業務外收入 | D27: =D28+D30 -> 8512 | E27: =ROUND(D27/$D$8*100,2) -> 0.03 | F27: =F28+F30 -> 8098 | G27: =ROUND(F27/$F$8*100,2) -> 0.03 | H27: =D27-F27 -> 414 | I27: =ROUND(H27/F27*100,2) -> 5.11 | K27: =ROUND(A27/$A$8*100,4) -> 0.0321 | L27: =ROUND(D27/$D$8*100,4) -> 0.0265 | M27: =ROUND(F27/$F$8*100,4) -> 0.0255
A28: 57 | B28: =ROUND(A28/$A$8*100,2) -> 0 | C28: 財務收入 | D28: =D29 -> 73 | E28: =ROUND(D28/$D$8*100,2) -> 0 | F28: =F29 -> 42 | G28: =ROUND(F28/$F$8*100,2) -> 0 | H28: =H29 -> 31 | I28: =ROUND(H28/F28*100,2) -> 73.81 | K28: =ROUND(A28/$A$8*100,4) -> 0.0002 | L28: =ROUND(D28/$D$8*100,4) -> 0.0002 | M28: =ROUND(F28/$F$8*100,4) -> 0.0001
A29: 57 | B29: =ROUND(A29/$A$8*100,2) -> 0 | C29: 利息收入 | D29: 73 | E29: =ROUND(D29/$D$8*100,2) -> 0 | F29: 42 | G29: =ROUND(F29/$F$8*100,2) -> 0 | H29: =D29-F29 -> 31 | I29: =ROUND(H29/F29*100,2) -> 73.81 | K29: =ROUND(A29/$A$8*100,4) -> 0.0002 | L29: =ROUND(D29/$D$8*100,4) -> 0.0002 | M29: =ROUND(F29/$F$8*100,4) -> 0.0001
A30: 10152 | B30: =ROUND(A30/$A$8*100,2) -> 0.03 | C30: 其他業務外收入 | D30: =SUM(D32:D33) -> 8439 | E30: =ROUND(D30/$D$8*100,2) -> 0.03 | F30: =SUM(F32:F33) -> 8056 | G30: =ROUND(F30/$F$8*100,2) -> 0.03 | H30: =+D30-F30 -> 383 | I30: =ROUND(H30/F30*100,2) -> 4.75 | K30: =ROUND(A30/$A$8*100,4) -> 0.032 | L30: =ROUND(D30/$D$8*100,4) -> 0.0263 | M30: =ROUND(F30/$F$8*100,4) -> 0.0253
A31: 0 | B31: =ROUND(A31/$A$8*100,2) -> 0 | C31: 違規罰款收入 | D31: 0 | E31: =ROUND(D31/$D$8*100,2) -> 0 | F31: 0 | G31: =ROUND(F31/$F$8*100,2) -> 0 | H31: =D31-F31 -> 0 | I31: 0 | K31: =ROUND(A31/$A$8*100,4) -> 0 | L31: =ROUND(D31/$D$8*100,4) -> 0 | M31: =ROUND(F31/$F$8*100,4) -> 0
A32: 9874 | B32: =ROUND(A32/$A$8*100,2) -> 0.03 | C32: 收回呆帳 | D32: 8060 | E32: =ROUND(D32/$D$8*100,2) -> 0.03 | F32: 7845 | G32: =ROUND(F32/$F$8*100,2) -> 0.02 | H32: =D32-F32 -> 215 | I32: =ROUND(H32/F32*100,2) -> 2.74 | K32: =ROUND(A32/$A$8*100,4) -> 0.0311 | L32: =ROUND(D32/$D$8*100,4) -> 0.0251 | M32: =ROUND(F32/$F$8*100,4) -> 0.0247
A33: 277 | B33: =ROUND(A33/$A$8*100,2) -> 0 | C33: 雜項收入 | D33: 379 | E33: =ROUND(D33/$D$8*100,2) -> 0 | F33: 211 | G33: =ROUND(F33/$F$8*100,2) -> 0 | H33: =D33-F33 -> 168 | I33: =ROUND(H33/F33*100,2) -> 79.62 | K33: =ROUND(A33/$A$8*100,4) -> 0.0009 | L33: =ROUND(D33/$D$8*100,4) -> 0.0012 | M33: =ROUND(F33/$F$8*100,4) -> 0.0007
A34: 15 | B34: =ROUND(A34/$A$8*100,2) -> 0 | C34: 業務外費用 | D34: =D35 -> 11 | E34: =ROUND(D34/$D$8*100,2) -> 0 | F34: =F35 -> 11 | G34: =ROUND(F34/$F$8*100,2) -> 0 | H34: =D34-F34 -> 0 | I34: 0 | K34: =ROUND(A34/$A$8*100,4) -> 0 | L34: =ROUND(D34/$D$8*100,4) -> 0 | M34: =ROUND(F34/$F$8*100,4) -> 0
A35: 15 | B35: =ROUND(A35/$A$8*100,2) -> 0 | C35: 其他業務外費用 | D35: =D36 -> 11 | E35: =ROUND(D35/$D$8*100,2) -> 0 | F35: =F36 -> 11 | G35: =ROUND(F35/$F$8*100,2) -> 0 | H35: =+D35-F35 -> 0 | I35: 0 | K35: =ROUND(A35/$A$8*100,4) -> 0 | L35: =ROUND(D35/$D$8*100,4) -> 0 | M35: =ROUND(F35/$F$8*100,4) -> 0
A36: 15 | B36: =ROUND(A36/$A$8*100,2) -> 0 | C36: 雜項費用 | D36: 11 | E36: =ROUND(D36/$D$8*100,2) -> 0 | F36: 11 | G36: =ROUND(F36/$F$8*100,2) -> 0 | H36: =D36-F36 -> 0 | I36: 0 | K36: =ROUND(A36/$A$8*100,4) -> 0 | L36: =ROUND(D36/$D$8*100,4) -> 0 | M36: =ROUND(F36/$F$8*100,4) -> 0
A37: 10193 | B37: =ROUND(A37/$A$8*100,2) -> 0.03 | C37: 業務外賸餘（短絀） | D37: =+D27-D34 -> 8501 | E37: =ROUND(D37/$D$8*100,2) -> 0.03 | F37: =+F27-F34 -> 8087 | G37: =ROUND(F37/$F$8*100,2) -> 0.03 | H37: =D37-F37 -> 414 | I37: =ROUND(H37/F37*100,2) -> 5.12 | K37: =ROUND(A37/$A$8*100,4) -> 0.0321 | L37: =ROUND(D37/$D$8*100,4) -> 0.0265 | M37: =ROUND(F37/$F$8*100,4) -> 0.0254
A38: =A26+A37 -> 0 | B38: =ROUND(A38/$A$8*100,2) -> 0 | C38: 本期賸餘（短絀） | D38: =+D26+D37 -> 0 | E38: =ROUND(D38/$D$8*100,2) -> 0 | F38: =+F26+F37 -> 0 | G38: =ROUND(F38/$F$8*100,2) -> 0 | H38: =D38-F38 -> 0 | I38: 0 | K38: =ROUND(A38/$A$8*100,4) -> 0 | L38: =ROUND(D38/$D$8*100,4) -> 0 | M38: =ROUND(F38/$F$8*100,4) -> 0
A54: 註：百分比及前年度決算數細數之和與總數或略有出入，係四捨五入關係。以下各表同。

Sheet 現金流量預計表-就
A1: 勞 動 部 勞 工 保 險 局
A2: 勞 工 保 險 局 作 業 基 金
A3: 現金流量預計表（就業保險部分）
A4: 中華民國111年度 單位：新臺幣千元
A5: 項目 | B5: 預算數 | C5: 說明
A9: 業務活動之現金流量
A10: 本期賸餘（短絀） | B10: 0
A11: 利息股利之調整 | B11: =-D11+D12 -> -1696525 | C11: 利息收入 | D11: 1696525 | E11: 千元
C12: 2.利息費用 | D12: 0 | E12: 千元
A13: 未計利息股利之本期賸餘（短絀） | B13: =+B10+B11 -> -1696525
A14: 調整項目 | B14: =D14+D15+D17+D16+D18+D19 -> 4554391 | C14: 1.提存呆帳 | D14: 50878 | E14: 千元
C15: 2.折舊 | E15: 千元
C16: 2.提存責任準備 | D16: =4571039+2000 -> 4573039 | E16: 千元
C17: 3.攤銷 | D17: 0 | E17: 千元
C18: 3.流動資產淨增 | D18: -69526 | E18: 千元
C19: 5.流動負債淨增 | D19: 0 | E19: 千元
A20: 未計利息股利之現金流入（流出） | B20: =+B13+B14 -> 2857866
A21: 收取利息 | B21: 73 | C21: 收取利息73千元。
A22: 業務活動之淨現金流入（流出） | B22: =+B20+B21 -> 2857939
A23: 投資活動之現金流量
A24: 減少流動金融資產及短期貸墊款 | B24: 0
A25: 收取利息 | B25: 1701619 | C25: 收取利息1,701,619千元。
A26: 增加流動金融資產及短期貸墊款 | B26: -1799991 | C26: 係增加流動金融資產1,799,991千元。
A27: 增加投資、長期應收款、貸墊款及準備金 | B27: -3743675 | C27: 係增加投資-非流動金融資產3,743,675千元。
A28: 增加無形資產、遞延借項及其他資產 | B28: 0 | C28: 係增加無形資產。
A29: 投資活動之淨現金流入（流出） | B29: =SUM(B24:B28) -> -3842047
A30: 籌資活動之現金流量
A31: 增加短期債務、流動金融負債及其他負債 | B31: 0 | C31: 係增加短期債務 千元及勞工保險業務其他負債 千元。
A32: 減少短期債務、流動金融負債及其他負債 | B32: 0 | C32: 係減少其他負債千元。
A33: 支付利息 | B33: 0 | C33: 支付利息 千元。
A34: 籌資活動之淨現金流入（流出） | B34: =SUM(B31:B33) -> 0
A35: 現金及約當現金之淨增（淨減） | B35: =B22+B29+B34 -> -984108
A36: 期初現金及約當現金 | B36: 3443404
A37: 期末現金及約當現金 | B37: =+B35+B36 -> 2459296

Sheet 預計平衡表-就
A1: 勞 動 部 勞 工 保 險 局
A2: 勞 工 保 險 局 作 業 基 金
A3: 預計平衡表（就業保險部分）
A4: 中華民國111年12月31日 單位：新臺幣千元
A5: 109年12月31日 實際數 | B5: 科目 | C5: 111年12月31日 預計數 | D5: 110年12月31日 預計數 | E5: 比較增減
A9: 143253298 | B9: 資產 | C9: =C10+C14+C18+C16 -> 153354105 | D9: =D10+D14+D18+D16 -> 148781066 | E9: =E10+E14+E18+E16 -> 4573039
A10: 73473657 | B10: 流動資產 | C10: =SUM(C11:C13) -> 60488077 | D10: =SUM(D11:D13) -> 59677262 | E10: =SUM(E11:E13) -> 810815
A11: 4932998 | B11: 現金 | C11: =2457296+2000 -> 2459296 | D11: 3443404 | E11: =C11-D11 -> -984108
A12: 62566804 | B12: 流動金融資產 | C12: 51920240 | D12: 50120249 | E12: =C12-D12 -> 1799991
A13: 5973855 | B13: 應收款項 | C13: 6108541 | D13: 6113609 | E13: =C13-D13 -> -5068
A14: 69529081 | B14: 投資、長期應收款、貸墊款及準備金 | C14: =+C15 -> 92579337 | D14: =+D15 -> 88835662 | E14: =+E15 -> 3743675
A15: 69529081 | B15: 非流動金融資產 | C15: 92579337 | D15: 88835662 | E15: =C15-D15 -> 3743675
A16: 530 | B16: 無形資產 | C16: =SUM(C17:C17) -> 24 | D16: =SUM(D17:D17) -> 24 | E16: =SUM(E17:E17) -> 0
A17: 530 | B17: 無形資產 | C17: 24 | D17: 24 | E17: =C17-D17 -> 0
A18: 250031 | B18: 其他資產 | C18: =SUM(C19:C19) -> 286667 | D18: =SUM(D19:D19) -> 268118 | E18: =SUM(E19:E19) -> 18549
A19: 250031 | B19: 什項資產 | C19: 286667 | D19: 268118 | E19: =C19-D19 -> 18549
A20: 143253298 | B20: 合計 | C20: =C9 -> 153354105 | D20: =D9 -> 148781066 | E20: =E9 -> 4573039
A21: 143253298 | B21: 負債 | C21: =C22+C25 -> 153354105 | D21: =D22+D25 -> 148781066 | E21: =E22+E25 -> 4573039
A22: 2534 | B22: 流動負債 | C22: =SUM(C23:C24) -> 2534 | D22: =SUM(D23:D24) -> 2534 | E22: =SUM(E23:E24) -> 0
A23: 33 | B23: 應付款項 | C23: 33 | D23: 33 | E23: =C23-D23 -> 0
A24: 2501 | B24: 預收款項 | C24: 2501 | D24: 2501 | E24: =C24-D24 -> 0
A25: 143250764 | B25: 其他負債 | C25: =SUM(C26:C27) -> 153351571 | D25: =SUM(D26:D27) -> 148778532 | E25: =SUM(E26:E27) -> 4573039
A26: 143249661 | B26: 負債準備 | C26: =153348467+2000 -> 153350467 | D26: 148777428 | E26: =C26-D26 -> 4573039
A27: 1104 | B27: 什項負債 | C27: 1104 | D27: 1104 | E27: =C27-D27 -> 0
A28: =A29 -> 0 | B28: 淨值 | C28: =C29 -> 0 | D28: =D29 -> 0 | E28: =E29 -> 0
A29: 0 | B29: 累積餘絀 | C29: =C30 -> 0 | D29: =D30 -> 0 | E29: =E30 -> 0
A30: 0 | B30: 累積賸餘 | C30: 0 | D30: 0 | E30: 0
A31: 143253298 | B31: 合計 | C31: =C21+C28 -> 153354105 | D31: =D21+D28 -> 148781066 | E31: =E21+E28 -> 4573039
A33: 註：本年度信託代理與保證資產（負債）預計為14,691千元，係應收（受託）代收款。

Sheet 收支餘絀預計表-農
A1: 勞 動 部 勞 工 保 險 局
A2: 勞 工 保 險 局 作 業 基 金
A3: 收支餘絀預計表（農保及農職保部分）
A4: 中華民國111年度 單位：新臺幣千元
A5: 前年度決算數 | C5: 科 目 | D5: 本年度預算數 | F5: 上年度預算數 | H5: 比較增減(-)
A6: 金 額 | B6: ％ | D6: 金 額 | E6: ％ | F6: 金 額 | G6: ％ | H6: 金 額 | I6: ％
A8: 7222081 | B8: 100 | C8: 業務收入 | D8: =D13+D19+D9 -> 6767096 | E8: 100 | F8: =F13+F19+F9 -> 6952583 | G8: 100 | H8: =D8-F8 -> -185487 | I8: =ROUND(H8/F8*100,2) -> -2.67 | K8: =ROUND(A8/$A$8*100,4) -> 100 | L8: =ROUND(D8/$D$8*100,4) -> 100 | M8: =ROUND(F8/$F$8*100,4) -> 100
A9: 247 | B9: =ROUND(A9/$A$8*100,2) -> 0 | C9: 投融資業務收入 | D9: =D10 -> 184 | E9: =ROUND(D9/$D$8*100,2) -> 0 | F9: =F10 -> 204 | G9: =ROUND(F9/$F$8*100,2) -> 0 | H9: =D9-F9 -> -20 | I9: =ROUND(H9/F9*100,2) -> -9.8 | K9: =ROUND(A9/$A$8*100,4) -> 0.0034 | L9: =ROUND(D9/$D$8*100,4) -> 0.0027 | M9: =ROUND(F9/$F$8*100,4) -> 0.0029
A10: 247 | B10: =ROUND(A10/$A$8*100,2) -> 0 | C10: 存款利息收入 | D10: =+D11+D12 -> 184 | E10: =ROUND(D10/$D$8*100,2) -> 0 | F10: =+F11+F12 -> 204 | G10: =ROUND(F10/$F$8*100,2) -> 0 | H10: =D10-F10 -> -20 | I10: =ROUND(H10/F10*100,2) -> -9.8 | K10: =ROUND(A10/$A$8*100,4) -> 0.0034 | L10: =ROUND(D10/$D$8*100,4) -> 0.0027 | M10: =ROUND(F10/$F$8*100,4) -> 0.0029
A11: 124 | B11: =ROUND(A11/$A$8*100,2) -> 0 | C11: 農保 | D11: 92 | E11: =ROUND(D11/$D$8*100,2) -> 0 | F11: 184 | G11: =ROUND(F11/$F$8*100,2) -> 0 | H11: =D11-F11 -> -92 | I11: =ROUND(H11/F11*100,2) -> -50 | K11: =ROUND(A11/$A$8*100,4) -> 0.0017 | L11: =ROUND(D11/$D$8*100,4) -> 0.0014 | M11: =ROUND(F11/$F$8*100,4) -> 0.0026
A12: 123 | B12: =ROUND(A12/$A$8*100,2) -> 0 | C12: 農職保 | D12: 92 | E12: =ROUND(D12/$D$8*100,2) -> 0 | F12: 20 | G12: =ROUND(F12/$F$8*100,2) -> 0 | H12: =D12-F12 -> 72 | I12: =ROUND(H12/F12*100,2) -> 360 | K12: =ROUND(A12/$A$8*100,4) -> 0.0017 | L12: =ROUND(D12/$D$8*100,4) -> 0.0014 | M12: =ROUND(F12/$F$8*100,4) -> 0.0003
A13: 3359510 | B13: =ROUND(A13/$A$8*100,2) -> 46.52 | C13: 保險收入 | D13: =D14+D17 -> 3298898 | E13: =ROUND(D13/$D$8*100,2) -> 48.75 | F13: =F14+F17 -> 3358886 | G13: =ROUND(F13/$F$8*100,2) -> 48.31 | H13: =D13-F13 -> -59988 | I13: =ROUND(H13/F13*100,2) -> -1.79 | K13: =ROUND(A13/$A$8*100,4) -> 46.5172 | L13: =ROUND(D13/$D$8*100,4) -> 48.7491 | M13: =ROUND(F13/$F$8*100,4) -> 48.3113
A14: 3359510 | B14: =ROUND(A14/$A$8*100,2) -> 46.52 | C14: 保費收入 | D14: =+D15+D16 -> 3265722 | E14: =ROUND(D14/$D$8*100,2) -> 48.26 | F14: =+F15+F16 -> 3358886 | G14: =ROUND(F14/$F$8*100,2) -> 48.31 | H14: =D14-F14 -> -93164 | I14: =ROUND(H14/F14*100,2) -> -2.77 | K14: =ROUND(A14/$A$8*100,4) -> 46.5172 | L14: =ROUND(D14/$D$8*100,4) -> 48.2588 | M14: =ROUND(F14/$F$8*100,4) -> 48.3113
A15: 3281172 | B15: =ROUND(A15/$A$8*100,2) -> 45.43 | C15: 農保 | D15: 3169722 | E15: =ROUND(D15/$D$8*100,2) -> 46.84 | F15: 3250886 | G15: =ROUND(F15/$F$8*100,2) -> 46.76 | H15: =D15-F15 -> -81164 | I15: =ROUND(H15/F15*100,2) -> -2.5 | K15: =ROUND(A15/$A$8*100,4) -> 45.4325 | L15: =ROUND(D15/$D$8*100,4) -> 46.8402 | M15: =ROUND(F15/$F$8*100,4) -> 46.758
A16: 78338 | B16: =ROUND(A16/$A$8*100,2) -> 1.08 | C16: 農職保 | D16: 96000 | E16: =ROUND(D16/$D$8*100,2) -> 1.42 | F16: 108000 | G16: =ROUND(F16/$F$8*100,2) -> 1.55 | H16: =D16-F16 -> -12000 | I16: =ROUND(H16/F16*100,2) -> -11.11 | K16: =ROUND(A16/$A$8*100,4) -> 1.0847 | L16: =ROUND(D16/$D$8*100,4) -> 1.4186 | M16: =ROUND(F16/$F$8*100,4) -> 1.5534
A17: 0 | B17: =ROUND(A17/$A$8*100,2) -> 0 | C17: 收回責任準備 | D17: =D18 -> 33176 | E17: =ROUND(D17/$D$8*100,2) -> 0.49 | F17: 0 | G17: =ROUND(F17/$F$8*100,2) -> 0 | H17: =D17-F17 -> 33176 | I17: 0
A18: 0 | B18: =ROUND(A18/$A$8*100,2) -> 0 | C18: 農職保 | D18: 33176 | E18: =ROUND(D18/$D$8*100,2) -> 0.49 | F18: 0 | G18: =ROUND(F18/$F$8*100,2) -> 0 | H18: =D18-F18 -> 33176 | I18: 0
A19: 3862324 | B19: =ROUND(A19/$A$8*100,2) -> 53.48 | C19: 其他業務收入 | D19: =+D20 -> 3468014 | E19: =ROUND(D19/$D$8*100,2) -> 51.25 | F19: =+F20 -> 3593493 | G19: =ROUND(F19/$F$8*100,2) -> 51.69 | H19: =D19-F19 -> -125479 | I19: =ROUND(H19/F19*100,2) -> -3.49 | K19: =ROUND(A19/$A$8*100,4) -> 53.4794 | L19: =ROUND(D19/$D$8*100,4) -> 51.2482 | M19: =ROUND(F19/$F$8*100,4) -> 51.6857
A20: 3862324 | B20: =ROUND(A20/$A$8*100,2) -> 53.48 | C20: 其他補助收入 | D20: =+D21+D22 -> 3468014 | E20: =ROUND(D20/$D$8*100,2) -> 51.25 | F20: =+F21+F22 -> 3593493 | G20: =ROUND(F20/$F$8*100,2) -> 51.69 | H20: =D20-F20 -> -125479 | I20: =ROUND(H20/F20*100,2) -> -3.49 | K20: =ROUND(A20/$A$8*100,4) -> 53.4794 | L20: =ROUND(D20/$D$8*100,4) -> 51.2482 | M20: =ROUND(F20/$F$8*100,4) -> 51.6857
A21: 3662324 | B21: =ROUND(A21/$A$8*100,2) -> 50.71 | C21: 農保 | D21: 3468014 | E21: =ROUND(D21/$D$8*100,2) -> 51.25 | F21: 3579664 | G21: =ROUND(F21/$F$8*100,2) -> 51.49 | H21: =D21-F21 -> -111650 | I21: =ROUND(H21/F21*100,2) -> -3.12 | K21: =ROUND(A21/$A$8*100,4) -> 50.7101 | L21: =ROUND(D21/$D$8*100,4) -> 51.2482 | M21: =ROUND(F21/$F$8*100,4) -> 51.4868
A22: 200000 | B22: =ROUND(A22/$A$8*100,2) -> 2.77 | C22: 農職保 | D22: 0 | E22: =ROUND(D22/$D$8*100,2) -> 0 | F22: 13829 | G22: =ROUND(F22/$F$8*100,2) -> 0.2 | H22: =D22-F22 -> -13829 | I22: =ROUND(H22/F22*100,2) -> -100 | K22: =ROUND(A22/$A$8*100,4) -> 2.7693 | L22: =ROUND(D22/$D$8*100,4) -> 0 | M22: =ROUND(F22/$F$8*100,4) -> 0.1989
A23: 7228916 | B23: =ROUND(A23/$A$8*100,2) -> 100.09 | C23: 業務成本與費用 | D23: =+D24+D32 -> 6773161 | E23: =ROUND(D23/$D$8*100,2) -> 100.09 | F23: =+F24+F32 -> 6957871 | G23: =ROUND(F23/$F$8*100,2) -> 100.08 | H23: =D23-F23 -> -184710 | I23: =ROUND(H23/F23*100,2) -> -2.65 | K23: =ROUND(A23/$A$8*100,4) -> 100.0946 | L23: =ROUND(D23/$D$8*100,4) -> 100.0896 | M23: =ROUND(F23/$F$8*100,4) -> 100.0761
A24: 7152718 | B24: =ROUND(A24/$A$8*100,2) -> 99.04 | C24: 保險成本 | D24: =+D25+D30 -> 6759343 | E24: =ROUND(D24/$D$8*100,2) -> 99.89 | F24: =+F25+F30 -> 6925121 | G24: =ROUND(F24/$F$8*100,2) -> 99.61 | H24: =D24-F24 -> -165778 | I24: =ROUND(H24/F24*100,2) -> -2.39 | K24: =ROUND(A24/$A$8*100,4) -> 99.0396 | L24: =ROUND(D24/$D$8*100,4) -> 99.8854 | M24: =ROUND(F24/$F$8*100,4) -> 99.605
A25: 6940840 | B25: =ROUND(A25/$A$8*100,2) -> 96.11 | C25: 保險給付 | D25: =+D26+D27 -> 6752689 | E25: =ROUND(D25/$D$8*100,2) -> 99.79 | F25: =+F26+F27 -> 6916286 | G25: =ROUND(F25/$F$8*100,2) -> 99.48 | H25: =D25-F25 -> -163597 | I25: =ROUND(H25/F25*100,2) -> -2.37 | K25: =ROUND(A25/$A$8*100,4) -> 96.1058 | L25: =ROUND(D25/$D$8*100,4) -> 99.7871 | M25: =ROUND(F25/$F$8*100,4) -> 99.4779
A26: 6868551 | B26: =ROUND(A26/$A$8*100,2) -> 95.1 | C26: 農保 | D26: 6623421 | E26: =ROUND(D26/$D$8*100,2) -> 97.88 | F26: 6794437 | G26: =ROUND(F26/$F$8*100,2) -> 97.73 | H26: =D26-F26 -> -171016 | I26: =ROUND(H26/F26*100,2) -> -2.52 | K26: =ROUND(A26/$A$8*100,4) -> 95.1049 | L26: =ROUND(D26/$D$8*100,4) -> 97.8769 | M26: =ROUND(F26/$F$8*100,4) -> 97.7254
A27: 72288 | B27: =ROUND(A27/$A$8*100,2) -> 1 | C27: 農職保 | D27: 129268 | E27: =ROUND(D27/$D$8*100,2) -> 1.91 | F27: 121849 | G27: =ROUND(F27/$F$8*100,2) -> 1.75 | H27: =D27-F27 -> 7419 | I27: =ROUND(H27/F27*100,2) -> 6.09 | K27: =ROUND(A27/$A$8*100,4) -> 1.0009 | L27: =ROUND(D27/$D$8*100,4) -> 1.9102 | M27: =ROUND(F27/$F$8*100,4) -> 1.7526
A28: 206173 | B28: =ROUND(A28/$A$8*100,2) -> 2.85 | C28: 提存責任準備 | D28: 0 | E28: =ROUND(D28/$D$8*100,2) -> 0 | F28: 0 | G28: =ROUND(F28/$F$8*100,2) -> 0 | H28: =D28-F28 -> 0 | I28: 0
A29: 206173 | B29: =ROUND(A29/$A$8*100,2) -> 2.85 | C29: 農職保 | D29: 0 | E29: =ROUND(D29/$D$8*100,2) -> 0 | F29: 0 | G29: =ROUND(F29/$F$8*100,2) -> 0 | H29: =D29-F29 -> 0 | I29: 0
A30: 5706 | B30: =ROUND(A30/$A$8*100,2) -> 0.08 | C30: 呆帳 | D30: =+D31 -> 6654 | E30: =ROUND(D30/$D$8*100,2) -> 0.1 | F30: =+F31 -> 8835 | G30: =ROUND(F30/$F$8*100,2) -> 0.13 | H30: =D30-F30 -> -2181 | I30: =ROUND(H30/F30*100,2) -> -24.69 | K30: =ROUND(A30/$A$8*100,4) -> 0.079 | L30: =ROUND(D30/$D$8*100,4) -> 0.0983 | M30: =ROUND(F30/$F$8*100,4) -> 0.1271
A31: 5706 | B31: =ROUND(A31/$A$8*100,2) -> 0.08 | C31: 農保 | D31: 6654 | E31: =ROUND(D31/$D$8*100,2) -> 0.1 | F31: 8835 | G31: =ROUND(F31/$F$8*100,2) -> 0.13 | H31: =D31-F31 -> -2181 | I31: =ROUND(H31/F31*100,2) -> -24.69 | K31: =ROUND(A31/$A$8*100,4) -> 0.079 | L31: =ROUND(D31/$D$8*100,4) -> 0.0983 | M31: =ROUND(F31/$F$8*100,4) -> 0.1271
A32: 76198 | B32: =ROUND(A32/$A$8*100,2) -> 1.06 | C32: 其他業務成本 | D32: =SUM(D33:D33) -> 13818 | E32: =ROUND(D32/$D$8*100,2) -> 0.2 | F32: =SUM(F33:F33) -> 32750 | G32: =ROUND(F32/$F$8*100,2) -> 0.47 | H32: =D32-F32 -> -18932 | I32: =ROUND(H32/F32*100,2) -> -57.81 | K32: =ROUND(A32/$A$8*100,4) -> 1.0551 | L32: =ROUND(D32/$D$8*100,4) -> 0.2042 | M32: =ROUND(F32/$F$8*100,4) -> 0.471
A33: 76198 | B33: =ROUND(A33/$A$8*100,2) -> 1.06 | C33: 雜項業務成本 | D33: =+D34 -> 13818 | E33: =ROUND(D33/$D$8*100,2) -> 0.2 | F33: =+F34 -> 32750 | G33: =ROUND(F33/$F$8*100,2) -> 0.47 | H33: =D33-F33 -> -18932 | I33: =ROUND(H33/F33*100,2) -> -57.81 | K33: =ROUND(A33/$A$8*100,4) -> 1.0551 | L33: =ROUND(D33/$D$8*100,4) -> 0.2042 | M33: =ROUND(F33/$F$8*100,4) -> 0.471
A34: 76198 | B34: =ROUND(A34/$A$8*100,2) -> 1.06 | C34: 農保 | D34: 13818 | E34: =ROUND(D34/$D$8*100,2) -> 0.2 | F34: 32750 | G34: =ROUND(F34/$F$8*100,2) -> 0.47 | H34: =D34-F34 -> -18932 | I34: =ROUND(H34/F34*100,2) -> -57.81 | K34: =ROUND(A34/$A$8*100,4) -> 1.0551 | L34: =ROUND(D34/$D$8*100,4) -> 0.2042 | M34: =ROUND(F34/$F$8*100,4) -> 0.471
A35: -6835 | B35: =ROUND(A35/$A$8*100,2) -> -0.09 | C35: 業務賸餘（短絀） | D35: =+D36+D37 -> -6065 | E35: =ROUND(D35/$D$8*100,2) -> -0.09 | F35: =+F36+F37 -> -5288 | G35: =ROUND(F35/$F$8*100,2) -> -0.08 | H35: =D35-F35 -> -777 | I35: =ROUND(H35/F35*100,2) -> 14.69 | K35: =ROUND(A35/$A$8*100,4) -> -0.0946 | L35: =ROUND(D35/$D$8*100,4) -> -0.0896 | M35: =ROUND(F35/$F$8*100,4) -> -0.0761
A36: -6835 | B36: =ROUND(A36/$A$8*100,2) -> -0.09 | C36: 農保 | D36: =+D11+D15+D21-D26-D31-D34 -> -6065 | E36: =ROUND(D36/$D$8*100,2) -> -0.09 | F36: =+F11+F15+F21-F26-F31-F34 -> -5288 | G36: =ROUND(F36/$F$8*100,2) -> -0.08 | H36: =D36-F36 -> -777 | I36: =ROUND(H36/F36*100,2) -> 14.69 | K36: =ROUND(A36/$A$8*100,4) -> -0.0946 | L36: =ROUND(D36/$D$8*100,4) -> -0.0896 | M36: =ROUND(F36/$F$8*100,4) -> -0.0761
A37: 0 | B37: =ROUND(A37/$A$8*100,2) -> 0 | C37: 農職保 | D37: =+D12+D16+D22-D27+D18 -> 0 | E37: =ROUND(D37/$D$8*100,2) -> 0 | F37: =+F12+F16+F22-F27 -> 0 | G37: =ROUND(F37/$F$8*100,2) -> 0 | H37: =D37-F37 -> 0 | I37: 0 | K37: =ROUND(A37/$A$8*100,4) -> 0 | L37: =ROUND(D37/$D$8*100,4) -> 0 | M37: =ROUND(F37/$F$8*100,4) -> 0
A38: 6835 | B38: =ROUND(A38/$A$8*100,2) -> 0.09 | C38: 業務外收入 | D38: =+D41+D44 -> 6065 | E38: =ROUND(D38/$D$8*100,2) -> 0.09 | F38: =+F41+F44 -> 5288 | G38: =ROUND(F38/$F$8*100,2) -> 0.08 | H38: =D38-F38 -> 777 | I38: =ROUND(H38/F38*100,2) -> 14.69 | K38: =ROUND(A38/$A$8*100,4) -> 0.0946 | L38: =ROUND(D38/$D$8*100,4) -> 0.0896 | M38: =ROUND(F38/$F$8*100,4) -> 0.0761
A39: 7 | B39: =ROUND(A39/$A$8*100,2) -> 0 | C39: 財務收入 | D39: =+D40 -> 3 | E39: =ROUND(D39/$D$8*100,2) -> 0 | F39: =+F40 -> 4 | G39: =ROUND(F39/$F$8*100,2) -> 0 | H39: =D39-F39 -> -1 | I39: =ROUND(H39/F39*100,2) -> -25 | K39: =ROUND(A39/$A$8*100,4) -> 0.0001 | L39: =ROUND(D39/$D$8*100,4) -> 0 | M39: =ROUND(F39/$F$8*100,4) -> 0.0001
A40: 7 | B40: =ROUND(A40/$A$8*100,2) -> 0 | C40: 利息收入 | D40: =+D41 -> 3 | E40: =ROUND(D40/$D$8*100,2) -> 0 | F40: =+F41 -> 4 | G40: =ROUND(F40/$F$8*100,2) -> 0 | H40: =D40-F40 -> -1 | I40: =ROUND(H40/F40*100,2) -> -25 | K40: =ROUND(A40/$A$8*100,4) -> 0.0001 | L40: =ROUND(D40/$D$8*100,4) -> 0 | M40: =ROUND(F40/$F$8*100,4) -> 0.0001
A41: 7 | B41: =ROUND(A41/$A$8*100,2) -> 0 | C41: 農保 | D41: 3 | E41: =ROUND(D41/$D$8*100,2) -> 0 | F41: 4 | G41: =ROUND(F41/$F$8*100,2) -> 0 | H41: =D41-F41 -> -1 | I41: =ROUND(H41/F41*100,2) -> -25 | K41: =ROUND(A41/$A$8*100,4) -> 0.0001 | L41: =ROUND(D41/$D$8*100,4) -> 0 | M41: =ROUND(F41/$F$8*100,4) -> 0.0001
A42: 6828 | B42: =ROUND(A42/$A$8*100,2) -> 0.09 | C42: 其他業務外收入 | D42: =+D43 -> 6062 | E42: =ROUND(D42/$D$8*100,2) -> 0.09 | F42: =+F43 -> 5284 | G42: =ROUND(F42/$F$8*100,2) -> 0.08 | H42: =D42-F42 -> 778 | I42: =ROUND(H42/F42*100,2) -> 14.72 | K42: =ROUND(A42/$A$8*100,4) -> 0.0945 | L42: =ROUND(D42/$D$8*100,4) -> 0.0896 | M42: =ROUND(F42/$F$8*100,4) -> 0.076
A43: 6828 | B43: =ROUND(A43/$A$8*100,2) -> 0.09 | C43: 收回呆帳 | D43: =+D44 -> 6062 | E43: =ROUND(D43/$D$8*100,2) -> 0.09 | F43: =+F44 -> 5284 | G43: =ROUND(F43/$F$8*100,2) -> 0.08 | H43: =D43-F43 -> 778 | I43: =ROUND(H43/F43*100,2) -> 14.72 | K43: =ROUND(A43/$A$8*100,4) -> 0.0945 | L43: =ROUND(D43/$D$8*100,4) -> 0.0896 | M43: =ROUND(F43/$F$8*100,4) -> 0.076
A44: 6828 | B44: =ROUND(A44/$A$8*100,2) -> 0.09 | C44: 農保 | D44: 6062 | E44: =ROUND(D44/$D$8*100,2) -> 0.09 | F44: 5284 | G44: =ROUND(F44/$F$8*100,2) -> 0.08 | H44: =D44-F44 -> 778 | I44: =ROUND(H44/F44*100,2) -> 14.72 | K44: =ROUND(A44/$A$8*100,4) -> 0.0945 | L44: =ROUND(D44/$D$8*100,4) -> 0.0896 | M44: =ROUND(F44/$F$8*100,4) -> 0.076
A45: 6835 | B45: =ROUND(A45/$A$8*100,2) -> 0.09 | C45: 業務外賸餘（短絀） | D45: =+D46 -> 6065 | E45: =ROUND(D45/$D$8*100,2) -> 0.09 | F45: =+F46 -> 5288 | G45: =ROUND(F45/$F$8*100,2) -> 0.08 | H45: =D45-F45 -> 777 | I45: =ROUND(H45/F45*100,2) -> 14.69 | K45: =ROUND(A45/$A$8*100,4) -> 0.0946 | L45: =ROUND(D45/$D$8*100,4) -> 0.0896 | M45: =ROUND(F45/$F$8*100,4) -> 0.0761
A46: 6835 | B46: =ROUND(A46/$A$8*100,2) -> 0.09 | C46: 農保 | D46: =+D41+D44 -> 6065 | E46: =ROUND(D46/$D$8*100,2) -> 0.09 | F46: =+F41+F44 -> 5288 | G46: =ROUND(F46/$F$8*100,2) -> 0.08 | H46: =D46-F46 -> 777 | I46: =ROUND(H46/F46*100,2) -> 14.69 | K46: =ROUND(A46/$A$8*100,4) -> 0.0946 | L46: =ROUND(D46/$D$8*100,4) -> 0.0896 | M46: =ROUND(F46/$F$8*100,4) -> 0.0761
A47: =+A35+A45 -> 0 | B47: =ROUND(A47/$A$8*100,2) -> 0 | C47: 本期賸餘（短絀） | D47: =+D35+D45 -> 0 | E47: =ROUND(D47/$D$8*100,2) -> 0 | F47: =+F35+F45 -> 0 | G47: =ROUND(F47/$F$8*100,2) -> 0 | H47: =D47-F47 -> 0 | I47: 0 | K47: =ROUND(A47/$A$8*100,4) -> 0 | L47: =ROUND(D47/$D$8*100,4) -> 0 | M47: =ROUND(F47/$F$8*100,4) -> 0
A55: 註：百分比及前年度決算數細數之和與總數或略有出入，係四捨五入關係。以下各表同。

Sheet 現金流量預計表-農
A1: 勞 動 部 勞 工 保 險 局
A2: 勞 工 保 險 局 作 業 基 金
A3: 現金流量預計表（農保及農職保部分）
A4: 中華民國111年度 單位：新臺幣千元
A5: 項目 | B5: 預算數 | C5: 說明
A9: 業務活動之現金流量
A10: 本期賸餘（短絀） | B10: 0
A11: 利息股利之調整 | B11: =-D11+D12 -> 13631 | C11: 1.利息收入 | D11: 187 | E11: 千元
C12: 2.利息費用 | D12: 13818 | E12: 千元
A13: 未計利息股利之本期賸餘（短絀） | B13: =+B10+B11 -> 13631
A14: 調整項目 | B14: =D14+D15+D16+D17+D18+D19 -> 316905 | C14: 1.提存呆帳 | D14: 6654 | E14: 千元
C15: 2.折舊 | D15: 0 | E15: 千元
C16: 3.攤銷 | D16: 0 | E16: 千元
C17: 2.收回責任準備 | D17: -33176 | E17: 千元
C18: 3.流動資產淨減 | D18: 343427 | E18: 千元
C19: 3.流動負債淨減 | D19: 0 | E19: 千元
A20: 未計利息股利之現金流入（流出） | B20: =+B13+B14 -> 330536
A21: 收取利息 | B21: 3 | C21: 收取利息3千元。
A22: 業務活動之淨現金流入（流出） | B22: =+B20+B21 -> 330539
A23: 投資活動之現金流量
A24: 減少流動金融資產及短期貸墊款 | B24: 0
A25: 收取利息 | B25: 184 | C25: 收取利息184千元。
A26: 增加流動金融資產及短期貸墊款 | B26: 0 | C26: 係增加流動金融資產 千元及短期貸款 千元。
A27: 增加投資、長期應收款、貸墊款及準備金 | B27: 0 | C27: 係增加長期投資 千元及長期貸款 千元。
A28: 增加無形資產、遞延借項及其他資產 | B28: 0 | C28: 係增加無形資產。
A29: 投資活動之淨現金流入（流出） | B29: =SUM(B24:B28) -> 184
A30: 籌資活動之現金流量
A31: 增加短期債務、流動金融負債及其他負債 | C31: 係增加短期債務千元。
A32: 減少短期債務、流動金融負債及其他負債 | B32: -347000 | C32: 係減少短期債務347,000千元。
A33: 支付利息 | B33: -13818 | C33: 支付利息13,818千元。
A34: 籌資活動之淨現金流入（流出） | B34: =SUM(B31:B33) -> -360818
A35: 現金及約當現金之淨增（淨減） | B35: =B22+B29+B34 -> -30095
A36: 期初現金及約當現金 | B36: 468106
A37: 期末現金及約當現金 | B37: =B36+B35 -> 438011

Sheet 預計平衡表-農
A1: 勞 動 部 勞 工 保 險 局
A2: 勞 工 保 險 局 作 業 基 金
A3: 預計平衡表（農保及農職保部分）
A4: 中華民國111年12月31日 單位：新臺幣千元
A5: 109年12月31日 實際數 | B5: 科目 | C5: 111年12月31日 預計數 | D5: 110年12月31日 預計數 | E5: 比較增減
A9: 4416815 | B9: 資產 | C9: =C10+C13 -> 2948625 | D9: =D10+D13 -> 3328801 | E9: =E10+E13 -> -380176
A10: 4401390 | B10: 流動資產 | C10: =SUM(C11:C12) -> 2933301 | D10: =SUM(D11:D12) -> 3312760 | E10: =SUM(E11:E12) -> -379459
A11: 480314 | B11: 現金 | C11: 438011 | D11: 468106 | E11: =C11-D11 -> -30095
A12: 3921076 | B12: 應收款項 | C12: 2495290 | D12: 2844654 | E12: =C12-D12 -> -349364
A13: 15425 | B13: 其他資產 | C13: =SUM(C14:C14) -> 15324 | D13: =SUM(D14:D14) -> 16041 | E13: =SUM(E14:E14) -> -717
A14: 15425 | B14: 什項資產 | C14: 15324 | D14: 16041 | E14: =C14-D14 -> -717
A30: 4416815 | B30: 合計 | C30: =C9 -> 2948625 | D30: =D9 -> 3328801 | E30: =E9 -> -380176
A32: 4416815 | B32: 負債 | C32: =C33+C37 -> 2948625 | D32: =D33+D37 -> 3328801 | E32: =E33+E37 -> -380176
A33: 4191646 | B33: 流動負債 | C33: =SUM(C34:C36) -> 2770461 | D33: =SUM(D34:D36) -> 3117461 | E33: =SUM(E34:E36) -> -347000
A34: 3840000 | B34: 短期債務 | C34: 2380000 | D34: 2727000 | E34: =C34-D34 -> -347000
A35: 125158 | B35: 應付款項 | C35: 125158 | D35: 125158 | E35: =C35-D35 -> 0
A36: 226488 | B36: 預收款項 | C36: 265303 | D36: 265303 | E36: =C36-D36 -> 0
A37: 225169 | B37: 其他負債 | C37: =SUM(C38:C38) -> 178164 | D37: =SUM(D38:D38) -> 211340 | E37: =SUM(E38:E38) -> -33176
A38: 225169 | B38: 負債準備 | C38: 178164 | D38: 211340 | E38: =C38-D38 -> -33176
A39: =A40 -> 0 | B39: 淨值 | C39: =C40 -> 0 | D39: =D40 -> 0 | E39: =E40 -> 0
A40: =A41 -> 0 | B40: 累積餘絀 | C40: =C41 -> 0 | D40: =D41 -> 0 | E40: =E41 -> 0
A41: 0 | B41: 累積賸餘 | C41: 0 | D41: 0 | E41: 0
A52: 4416815 | B52: 合計 | C52: =C32+C39 -> 2948625 | D52: =D32+D39 -> 3328801 | E52: =E32+E39 -> -380176

Sheet 收支餘絀預計表-職護
A1: 勞 動 部 勞 工 保 險 局
A2: 勞 工 保 險 局 作 業 基 金
A3: 收支餘絀預計表（職業災害勞工保護部分）
A4: 中華民國111年度 單位：新臺幣千元
A5: 前年度決算數 | C5: 科 目 | D5: 本年度預算數 | F5: 上年度預算數 | H5: 比較增減(-)
A6: 金 額 | B6: ％ | D6: 金 額 | E6: ％ | F6: 金 額 | G6: ％ | H6: 金 額 | I6: ％
A8: 563283 | B8: 100 | C8: 業務收入 | D8: =D13+D9+D17 -> 202325 | E8: 100 | F8: =F13+F9+F17 -> 675637 | G8: 100 | H8: =D8-F8 -> -473312 | I8: =ROUND(H8/F8*100,2) -> -70.05 | K8: =ROUND(A8/$A$8*100,4) -> 100 | L8: =ROUND(D8/$D$8*100,4) -> 100 | M8: =ROUND(F8/$F$8*100,4) -> 100
A9: 87985 | B9: =ROUND(A9/$A$8*100,2) -> 15.62 | C9: 投融資業務收入 | D9: =D10 -> 20600 | E9: =ROUND(D9/$D$8*100,2) -> 10.18 | F9: =F10 -> 72525 | G9: =ROUND(F9/$F$8*100,2) -> 10.73 | H9: =D9-F9 -> -51925 | I9: =ROUND(H9/F9*100,2) -> -71.6 | K9: =ROUND(A9/$A$8*100,4) -> 15.62 | L9: =ROUND(D9/$D$8*100,4) -> 10.1816 | M9: =ROUND(F9/$F$8*100,4) -> 10.7343
A10: 87985 | B10: =ROUND(A10/$A$8*100,2) -> 15.62 | C10: 存款利息收入 | D10: =SUM(D11:D12) -> 20600 | E10: =ROUND(D10/$D$8*100,2) -> 10.18 | F10: =SUM(F11:F12) -> 72525 | G10: =ROUND(F10/$F$8*100,2) -> 10.73 | H10: =D10-F10 -> -51925 | I10: =ROUND(H10/F10*100,2) -> -71.6 | K10: =ROUND(A10/$A$8*100,4) -> 15.62 | L10: =ROUND(D10/$D$8*100,4) -> 10.1816 | M10: =ROUND(F10/$F$8*100,4) -> 10.7343
A11: 87353 | B11: =ROUND(A11/$A$8*100,2) -> 15.51 | C11: 已加保勞工 | D11: 20484 | E11: =ROUND(D11/$D$8*100,2) -> 10.12 | F11: 72194 | G11: =ROUND(F11/$F$8*100,2) -> 10.69 | H11: =D11-F11 -> -51710 | I11: =ROUND(H11/F11*100,2) -> -71.63 | K11: =ROUND(A11/$A$8*100,4) -> 15.5078 | L11: =ROUND(D11/$D$8*100,4) -> 10.1243 | M11: =ROUND(F11/$F$8*100,4) -> 10.6853
A12: 632 | B12: =ROUND(A12/$A$8*100,2) -> 0.11 | C12: 未加保勞工 | D12: 116 | E12: =ROUND(D12/$D$8*100,2) -> 0.06 | F12: 331 | G12: =ROUND(F12/$F$8*100,2) -> 0.05 | H12: =D12-F12 -> -215 | I12: =ROUND(H12/F12*100,2) -> -64.95 | K12: =ROUND(A12/$A$8*100,4) -> 0.1122 | L12: =ROUND(D12/$D$8*100,4) -> 0.0573 | M12: =ROUND(F12/$F$8*100,4) -> 0.049
A13: 455298 | B13: =ROUND(A13/$A$8*100,2) -> 80.83 | C13: 保險收入 | D13: =D14 -> 150725 | E13: =ROUND(D13/$D$8*100,2) -> 74.5 | F13: =F14 -> 563112 | G13: =ROUND(F13/$F$8*100,2) -> 83.35 | H13: =D13-F13 -> -412387 | I13: =ROUND(H13/F13*100,2) -> -73.23 | K13: =ROUND(A13/$A$8*100,4) -> 80.8294 | L13: =ROUND(D13/$D$8*100,4) -> 74.4965 | M13: =ROUND(F13/$F$8*100,4) -> 83.3453
A14: 455298 | B14: =ROUND(A14/$A$8*100,2) -> 80.83 | C14: 收回責任準備 | D14: =SUM(D15:D16) -> 150725 | E14: =ROUND(D14/$D$8*100,2) -> 74.5 | F14: =SUM(F15:F16) -> 563112 | G14: =ROUND(F14/$F$8*100,2) -> 83.35 | H14: =D14-F14 -> -412387 | I14: =ROUND(H14/F14*100,2) -> -73.23 | K14: =ROUND(A14/$A$8*100,4) -> 80.8294 | L14: =ROUND(D14/$D$8*100,4) -> 74.4965 | M14: =ROUND(F14/$F$8*100,4) -> 83.3453
A15: 437779 | B15: =ROUND(A15/$A$8*100,2) -> 77.72 | C15: 已加保勞工 | D15: 150725 | E15: =ROUND(D15/$D$8*100,2) -> 74.5 | F15: 555233 | G15: =ROUND(F15/$F$8*100,2) -> 82.18 | H15: =D15-F15 -> -404508 | I15: =ROUND(H15/F15*100,2) -> -72.85 | K15: =ROUND(A15/$A$8*100,4) -> 77.7192 | L15: =ROUND(D15/$D$8*100,4) -> 74.4965 | M15: =ROUND(F15/$F$8*100,4) -> 82.1792
A16: 17519 | B16: =ROUND(A16/$A$8*100,2) -> 3.11 | C16: 未加保勞工 | D16: 0 | E16: =ROUND(D16/$D$8*100,2) -> 0 | F16: 7879 | G16: =ROUND(F16/$F$8*100,2) -> 1.17 | H16: =D16-F16 -> -7879 | I16: =ROUND(H16/F16*100,2) -> -100 | K16: =ROUND(A16/$A$8*100,4) -> 3.1102 | L16: =ROUND(D16/$D$8*100,4) -> 0 | M16: =ROUND(F16/$F$8*100,4) -> 1.1662
A17: 20000 | B17: =ROUND(A17/$A$8*100,2) -> 3.55 | C17: 其他業務收入 | D17: =+D20+D18 -> 31000 | E17: =ROUND(D17/$D$8*100,2) -> 15.32 | F17: =+F20+F18 -> 40000 | G17: =ROUND(F17/$F$8*100,2) -> 5.92 | H17: =D17-F17 -> -9000 | I17: =ROUND(H17/F17*100,2) -> -22.5 | K17: =ROUND(A17/$A$8*100,4) -> 3.5506 | L17: =ROUND(D17/$D$8*100,4) -> 15.3219 | M17: =ROUND(F17/$F$8*100,4) -> 5.9203
A18: 20000 | B18: =ROUND(A18/$A$8*100,2) -> 3.55 | C18: 其他補助收入 | D18: =D19 -> 31000 | E18: =ROUND(D18/$D$8*100,2) -> 15.32 | F18: =F19 -> 40000 | G18: =ROUND(F18/$F$8*100,2) -> 5.92 | H18: =D18-F18 -> -9000 | I18: =ROUND(H18/F18*100,2) -> -22.5 | K18: =ROUND(A18/$A$8*100,4) -> 3.5506 | L18: =ROUND(D18/$D$8*100,4) -> 15.3219 | M18: =ROUND(F18/$F$8*100,4) -> 5.9203
A19: 20000 | B19: =ROUND(A19/$A$8*100,2) -> 3.55 | C19: 未加保勞工 | D19: 31000 | E19: =ROUND(D19/$D$8*100,2) -> 15.32 | F19: 40000 | G19: =ROUND(F19/$F$8*100,2) -> 5.92 | H19: =D19-F19 -> -9000 | I19: =ROUND(H19/F19*100,2) -> -22.5 | K19: =ROUND(A19/$A$8*100,4) -> 3.5506 | L19: =ROUND(D19/$D$8*100,4) -> 15.3219 | M19: =ROUND(F19/$F$8*100,4) -> 5.9203
A20: 0 | B20: =ROUND(A20/$A$8*100,2) -> 0 | C20: 雜項業務收入 | D20: =D22 -> 0 | E20: =ROUND(D20/$D$8*100,2) -> 0 | F20: =F22 -> 0 | G20: =ROUND(F20/$F$8*100,2) -> 0 | H20: =D20-F20 -> 0 | I20: =ROUND(H20/F20*100,2) -> #DIV/0! | K20: =ROUND(A20/$A$8*100,4) -> 0 | L20: =ROUND(D20/$D$8*100,4) -> 0 | M20: =ROUND(F20/$F$8*100,4) -> 0
A21: 0 | B21: =ROUND(A21/$A$8*100,2) -> 0 | C21: 已加保勞工 | D21: 0 | E21: =ROUND(D21/$D$8*100,2) -> 0 | F21: 0 | G21: =ROUND(F21/$F$8*100,2) -> 0 | H21: =D21-F21 -> 0 | I21: 0 | K21: =ROUND(A21/$A$8*100,4) -> 0 | L21: =ROUND(D21/$D$8*100,4) -> 0 | M21: =ROUND(F21/$F$8*100,4) -> 0
A22: 0 | B22: =ROUND(A22/$A$8*100,2) -> 0 | C22: 未加保勞工 | D22: 0 | E22: =ROUND(D22/$D$8*100,2) -> 0 | F22: 0 | G22: =ROUND(F22/$F$8*100,2) -> 0 | H22: =D22-F22 -> 0 | I22: =ROUND(H22/F22*100,2) -> #DIV/0! | K22: =ROUND(A22/$A$8*100,4) -> 0 | L22: =ROUND(D22/$D$8*100,4) -> 0 | M22: =ROUND(F22/$F$8*100,4) -> 0
A23: 567477 | B23: =ROUND(A23/$A$8*100,2) -> 100.74 | C23: 業務成本與費用 | D23: =D28+D36+D24 -> 203105 | E23: =ROUND(D23/$D$8*100,2) -> 100.39 | F23: =F28+F36+F24 -> 679387 | G23: =ROUND(F23/$F$8*100,2) -> 100.56 | H23: =D23-F23 -> -476282 | I23: =ROUND(H23/F23*100,2) -> -70.1 | K23: =ROUND(A23/$A$8*100,4) -> 100.7446 | L23: =ROUND(D23/$D$8*100,4) -> 100.3855 | M23: =ROUND(F23/$F$8*100,4) -> 100.555
A24: 25 | B24: =ROUND(A24/$A$8*100,2) -> 0 | C24: 投融資業務成本 | D24: =+D25 -> 2 | E24: =ROUND(D24/$D$8*100,2) -> 0 | F24: =+F25 -> 30 | G24: =ROUND(F24/$F$8*100,2) -> 0 | H24: =D24-F24 -> -28 | I24: =ROUND(H24/F24*100,2) -> -93.33 | K24: =ROUND(A24/$A$8*100,4) -> 0.0044 | L24: =ROUND(D24/$D$8*100,4) -> 0.001 | M24: =ROUND(F24/$F$8*100,4) -> 0.0044
A25: 25 | B25: =ROUND(A25/$A$8*100,2) -> 0 | C25: 投資業務成本 | D25: =+D26+D27 -> 2 | E25: =ROUND(D25/$D$8*100,2) -> 0 | F25: =+F26+F27 -> 30 | G25: =ROUND(F25/$F$8*100,2) -> 0 | H25: =D25-F25 -> -28 | I25: =ROUND(H25/F25*100,2) -> -93.33 | K25: =ROUND(A25/$A$8*100,4) -> 0.0044 | L25: =ROUND(D25/$D$8*100,4) -> 0.001 | M25: =ROUND(F25/$F$8*100,4) -> 0.0044
A26: 25 | B26: =ROUND(A26/$A$8*100,2) -> 0 | C26: 已加保勞工 | D26: 2 | E26: =ROUND(D26/$D$8*100,2) -> 0 | F26: 30 | G26: =ROUND(F26/$F$8*100,2) -> 0 | H26: =D26-F26 -> -28 | I26: =ROUND(H26/F26*100,2) -> -93.33 | K26: =ROUND(A26/$A$8*100,4) -> 0.0044 | L26: =ROUND(D26/$D$8*100,4) -> 0.001 | M26: =ROUND(F26/$F$8*100,4) -> 0.0044
A27: 0 | B27: =ROUND(A27/$A$8*100,2) -> 0 | C27: 未加保勞工 | D27: 0 | E27: =ROUND(D27/$D$8*100,2) -> 0 | F27: 0 | G27: =ROUND(F27/$F$8*100,2) -> 0 | H27: =D27-F27 -> 0 | I27: 0 | K27: =ROUND(A27/$A$8*100,4) -> 0 | L27: =ROUND(D27/$D$8*100,4) -> 0 | M27: =ROUND(F27/$F$8*100,4) -> 0
A28: 527184 | B28: =ROUND(A28/$A$8*100,2) -> 93.59 | C28: 保險成本 | D28: =+D29+D33+D31 -> 187217 | E28: =ROUND(D28/$D$8*100,2) -> 92.53 | F28: =+F29+F33 -> 627397 | G28: =ROUND(F28/$F$8*100,2) -> 92.86 | H28: =D28-F28 -> -440180 | I28: =ROUND(H28/F28*100,2) -> -70.16 | K28: =ROUND(A28/$A$8*100,4) -> 93.5913 | L28: =ROUND(D28/$D$8*100,4) -> 92.5328 | M28: =ROUND(F28/$F$8*100,4) -> 92.8601
A29: 526300 | B29: =ROUND(A29/$A$8*100,2) -> 93.43 | C29: 保險給付 | D29: =+D30 -> 171207 | E29: =ROUND(D29/$D$8*100,2) -> 84.62 | F29: =+F30 -> 627397 | G29: =ROUND(F29/$F$8*100,2) -> 92.86 | H29: =D29-F29 -> -456190 | I29: =ROUND(H29/F29*100,2) -> -72.71 | K29: =ROUND(A29/$A$8*100,4) -> 93.4344 | L29: =ROUND(D29/$D$8*100,4) -> 84.6198 | M29: =ROUND(F29/$F$8*100,4) -> 92.8601
A30: 526300 | B30: =ROUND(A30/$A$8*100,2) -> 93.43 | C30: 已加保勞工 | D30: 171207 | E30: =ROUND(D30/$D$8*100,2) -> 84.62 | F30: 627397 | G30: =ROUND(F30/$F$8*100,2) -> 92.86 | H30: =D30-F30 -> -456190 | I30: =ROUND(H30/F30*100,2) -> -72.71 | K30: =ROUND(A30/$A$8*100,4) -> 93.4344 | L30: =ROUND(D30/$D$8*100,4) -> 84.6198 | M30: =ROUND(F30/$F$8*100,4) -> 92.8601
A31: 0 | B31: =ROUND(A31/$A$8*100,2) -> 0 | C31: 提存責任準備 | D31: =SUM(D32:D32) -> 16010 | E31: =ROUND(D31/$D$8*100,2) -> 7.91 | F31: =SUM(F32:F32) -> 0 | G31: =ROUND(F31/$F$8*100,2) -> 0 | H31: =D31-F31 -> 16010 | I31: 0 | K31: =ROUND(A31/$A$8*100,4) -> 0 | L31: =ROUND(D31/$D$8*100,4) -> 7.913 | M31: =ROUND(F31/$F$8*100,4) -> 0
A32: 0 | B32: =ROUND(A32/$A$8*100,2) -> 0 | C32: 未加保勞工 | D32: 16010 | E32: =ROUND(D32/$D$8*100,2) -> 7.91 | F32: 0 | G32: =ROUND(F32/$F$8*100,2) -> 0 | H32: =D32-F32 -> 16010 | I32: 0 | K32: =ROUND(A32/$A$8*100,4) -> 0 | L32: =ROUND(D32/$D$8*100,4) -> 7.913 | M32: =ROUND(F32/$F$8*100,4) -> 0
A33: 884 | B33: =ROUND(A33/$A$8*100,2) -> 0.16 | C33: 呆帳 | D33: =SUM(D34:D35) -> 0 | E33: =ROUND(D33/$D$8*100,2) -> 0 | F33: =SUM(F34:F35) -> 0 | G33: =ROUND(F33/$F$8*100,2) -> 0 | H33: =D33-F33 -> 0 | I33: 0 | K33: =ROUND(A33/$A$8*100,4) -> 0.1569 | L33: =ROUND(D33/$D$8*100,4) -> 0 | M33: =ROUND(F33/$F$8*100,4) -> 0
A34: 140 | B34: =ROUND(A34/$A$8*100,2) -> 0.02 | C34: 已加保勞工 | D34: 0 | E34: =ROUND(D34/$D$8*100,2) -> 0 | F34: 0 | G34: =ROUND(F34/$F$8*100,2) -> 0 | H34: =D34-F34 -> 0 | I34: 0 | K34: =ROUND(A34/$A$8*100,4) -> 0.0249 | L34: =ROUND(D34/$D$8*100,4) -> 0 | M34: =ROUND(F34/$F$8*100,4) -> 0
A35: 743 | B35: =ROUND(A35/$A$8*100,2) -> 0.13 | C35: 未加保勞工 | D35: 0 | E35: =ROUND(D35/$D$8*100,2) -> 0 | F35: 0 | G35: =ROUND(F35/$F$8*100,2) -> 0 | H35: =D35-F35 -> 0 | I35: 0 | K35: =ROUND(A35/$A$8*100,4) -> 0.1319 | L35: =ROUND(D35/$D$8*100,4) -> 0 | M35: =ROUND(F35/$F$8*100,4) -> 0
A36: 40268 | B36: =ROUND(A36/$A$8*100,2) -> 7.15 | C36: 其他業務成本 | D36: =SUM(D37:D37) -> 15886 | E36: =ROUND(D36/$D$8*100,2) -> 7.85 | F36: =SUM(F37:F37) -> 51960 | G36: =ROUND(F36/$F$8*100,2) -> 7.69 | H36: =D36-F36 -> -36074 | I36: =ROUND(H36/F36*100,2) -> -69.43 | K36: =ROUND(A36/$A$8*100,4) -> 7.1488 | L36: =ROUND(D36/$D$8*100,4) -> 7.8517 | M36: =ROUND(F36/$F$8*100,4) -> 7.6905
A37: 40268 | B37: =ROUND(A37/$A$8*100,2) -> 7.15 | C37: 雜項業務成本 | D37: =SUM(D38:D38) -> 15886 | E37: =ROUND(D37/$D$8*100,2) -> 7.85 | F37: =SUM(F38:F38) -> 51960 | G37: =ROUND(F37/$F$8*100,2) -> 7.69 | H37: =D37-F37 -> -36074 | I37: =ROUND(H37/F37*100,2) -> -69.43 | K37: =ROUND(A37/$A$8*100,4) -> 7.1488 | L37: =ROUND(D37/$D$8*100,4) -> 7.8517 | M37: =ROUND(F37/$F$8*100,4) -> 7.6905
A38: 40268 | B38: =ROUND(A38/$A$8*100,2) -> 7.15 | C38: 未加保勞工 | D38: 15886 | E38: =ROUND(D38/$D$8*100,2) -> 7.85 | F38: 51960 | G38: =ROUND(F38/$F$8*100,2) -> 7.69 | H38: =D38-F38 -> -36074 | I38: =ROUND(H38/F38*100,2) -> -69.43 | K38: =ROUND(A38/$A$8*100,4) -> 7.1488 | L38: =ROUND(D38/$D$8*100,4) -> 7.8517 | M38: =ROUND(F38/$F$8*100,4) -> 7.6905
A39: -4194 | B39: =ROUND(A39/$A$8*100,2) -> -0.74 | C39: 業務賸餘（短絀） | D39: =SUM(D40:D41) -> -780 | E39: =ROUND(D39/$D$8*100,2) -> -0.39 | F39: =SUM(F40:F41) -> -3750 | G39: =ROUND(F39/$F$8*100,2) -> -0.56 | H39: =D39-F39 -> 2970 | I39: =ROUND(H39/F39*100,2) -> -79.2 | K39: =ROUND(A39/$A$8*100,4) -> -0.7446 | L39: =ROUND(D39/$D$8*100,4) -> -0.3855 | M39: =ROUND(F39/$F$8*100,4) -> -0.555
A40: -1334 | B40: =ROUND(A40/$A$8*100,2) -> -0.24 | C40: 已加保勞工 | D40: =D11+D15+D21-D30-D34-D26 -> 0 | E40: =ROUND(D40/$D$8*100,2) -> 0 | F40: =F11+F15+F21-F30-F34-F26 -> 0 | G40: =ROUND(F40/$F$8*100,2) -> 0 | H40: =D40-F40 -> 0 | I40: 0 | K40: =ROUND(A40/$A$8*100,4) -> -0.2368 | L40: =ROUND(D40/$D$8*100,4) -> 0 | M40: =ROUND(F40/$F$8*100,4) -> 0
A41: -2860 | B41: =ROUND(A41/$A$8*100,2) -> -0.51 | C41: 未加保勞工 | D41: =D12+D19+D22-D32-D35-D38+D16 -> -780 | E41: =ROUND(D41/$D$8*100,2) -> -0.39 | F41: =F12+F19+F22-F32-F35-F38+F16 -> -3750 | G41: =ROUND(F41/$F$8*100,2) -> -0.56 | H41: =D41-F41 -> 2970 | I41: =ROUND(H41/F41*100,2) -> -79.2 | K41: =ROUND(A41/$A$8*100,4) -> -0.5077 | L41: =ROUND(D41/$D$8*100,4) -> -0.3855 | M41: =ROUND(F41/$F$8*100,4) -> -0.555
A42: 4194 | B42: =ROUND(A42/$A$8*100,2) -> 0.74 | C42: 業務外收入 | D42: =+D43 -> 780 | E42: =ROUND(D42/$D$8*100,2) -> 0.39 | F42: =+F43 -> 3750 | G42: =ROUND(F42/$F$8*100,2) -> 0.56 | H42: =D42-F42 -> -2970 | I42: =ROUND(H42/F42*100,2) -> -79.2 | K42: =ROUND(A42/$A$8*100,4) -> 0.7446 | L42: =ROUND(D42/$D$8*100,4) -> 0.3855 | M42: =ROUND(F42/$F$8*100,4) -> 0.555
A43: 4194 | B43: =ROUND(A43/$A$8*100,2) -> 0.74 | C43: 其他業務外收入 | D43: =+D44+D47+D49 -> 780 | E43: =ROUND(D43/$D$8*100,2) -> 0.39 | F43: =+F44+F47+F49 -> 3750 | G43: =ROUND(F43/$F$8*100,2) -> 0.56 | H43: =D43-F43 -> -2970 | I43: =ROUND(H43/F43*100,2) -> -79.2 | K43: =ROUND(A43/$A$8*100,4) -> 0.7446 | L43: =ROUND(D43/$D$8*100,4) -> 0.3855 | M43: =ROUND(F43/$F$8*100,4) -> 0.555
A44: 2453 | B44: =ROUND(A44/$A$8*100,2) -> 0.44 | C44: 違規罰款收入 | D44: =+D45+D46 -> 780 | E44: =ROUND(D44/$D$8*100,2) -> 0.39 | F44: =+F45+F46 -> 3750 | G44: =ROUND(F44/$F$8*100,2) -> 0.56 | H44: =D44-F44 -> -2970 | I44: =ROUND(H44/F44*100,2) -> -79.2 | K44: =ROUND(A44/$A$8*100,4) -> 0.4355 | L44: =ROUND(D44/$D$8*100,4) -> 0.3855 | M44: =ROUND(F44/$F$8*100,4) -> 0.555
A45: 233 | B45: =ROUND(A45/$A$8*100,2) -> 0.04 | C45: 已加保勞工 | D45: 0 | E45: =ROUND(D45/$D$8*100,2) -> 0 | F45: 0 | G45: =ROUND(F45/$F$8*100,2) -> 0 | H45: =D45-F45 -> 0 | I45: 0 | K45: =ROUND(A45/$A$8*100,4) -> 0.0414 | L45: =ROUND(D45/$D$8*100,4) -> 0 | M45: =ROUND(F45/$F$8*100,4) -> 0
A46: 2220 | B46: =ROUND(A46/$A$8*100,2) -> 0.39 | C46: 未加保勞工 | D46: 780 | E46: =ROUND(D46/$D$8*100,2) -> 0.39 | F46: 3750 | G46: =ROUND(F46/$F$8*100,2) -> 0.56 | H46: =D46-F46 -> -2970 | I46: =ROUND(H46/F46*100,2) -> -79.2 | K46: =ROUND(A46/$A$8*100,4) -> 0.3941 | L46: =ROUND(D46/$D$8*100,4) -> 0.3855 | M46: =ROUND(F46/$F$8*100,4) -> 0.555
A47: 12 | B47: =ROUND(A47/$A$8*100,2) -> 0 | C47: 收回呆帳 | D47: =+D48 -> 0 | E47: =ROUND(D47/$D$8*100,2) -> 0 | F47: =+F48 -> 0 | G47: =ROUND(F47/$F$8*100,2) -> 0 | H47: =D47-F47 -> 0 | I47: 0 | K47: =ROUND(A47/$A$8*100,4) -> 0.0021 | L47: =ROUND(D47/$D$8*100,4) -> 0 | M47: =ROUND(F47/$F$8*100,4) -> 0
A48: 12 | B48: =ROUND(A48/$A$8*100,2) -> 0 | C48: 未加保勞工 | D48: 0 | E48: =ROUND(D48/$D$8*100,2) -> 0 | F48: 0 | G48: =ROUND(F48/$F$8*100,2) -> 0 | H48: =D48-F48 -> 0 | I48: 0 | K48: =ROUND(A48/$A$8*100,4) -> 0.0021 | L48: =ROUND(D48/$D$8*100,4) -> 0 | M48: =ROUND(F48/$F$8*100,4) -> 0
A49: 1729 | B49: =ROUND(A49/$A$8*100,2) -> 0.31 | C49: 雜項收入 | D49: =+D50+D51 -> 0 | E49: =ROUND(D49/$D$8*100,2) -> 0 | F49: =+F50+F51 -> 0 | G49: =ROUND(F49/$F$8*100,2) -> 0 | H49: =D49-F49 -> 0 | I49: 0 | K49: =ROUND(A49/$A$8*100,4) -> 0.307 | L49: =ROUND(D49/$D$8*100,4) -> 0 | M49: =ROUND(F49/$F$8*100,4) -> 0
A50: 1101 | B50: =ROUND(A50/$A$8*100,2) -> 0.2 | C50: 已加保勞工 | D50: 0 | E50: =ROUND(D50/$D$8*100,2) -> 0 | F50: 0 | G50: =ROUND(F50/$F$8*100,2) -> 0 | H50: =D50-F50 -> 0 | I50: 0 | K50: =ROUND(A50/$A$8*100,4) -> 0.1955 | L50: =ROUND(D50/$D$8*100,4) -> 0 | M50: =ROUND(F50/$F$8*100,4) -> 0
A51: 628 | B51: =ROUND(A51/$A$8*100,2) -> 0.11 | C51: 未加保勞工 | D51: 0 | E51: =ROUND(D51/$D$8*100,2) -> 0 | F51: 0 | G51: =ROUND(F51/$F$8*100,2) -> 0 | H51: =D51-F51 -> 0 | I51: 0 | K51: =ROUND(A51/$A$8*100,4) -> 0.1115 | L51: =ROUND(D51/$D$8*100,4) -> 0 | M51: =ROUND(F51/$F$8*100,4) -> 0
A52: 0 | B52: =ROUND(A52/$A$8*100,2) -> 0 | C52: 業務外費用 | D52: =+D53 -> 0 | E52: =ROUND(D52/$D$8*100,2) -> 0 | F52: =+F53 -> 0 | G52: =ROUND(F52/$F$8*100,2) -> 0 | H52: =D52-F52 -> 0 | I52: =+I53 -> 0 | K52: =ROUND(A52/$A$8*100,4) -> 0 | L52: =ROUND(D52/$D$8*100,4) -> 0 | M52: =ROUND(F52/$F$8*100,4) -> 0
A53: 0 | B53: =ROUND(A53/$A$8*100,2) -> 0 | C53: 其他業務外費用 | D53: =+D54 -> 0 | E53: =ROUND(D53/$D$8*100,2) -> 0 | F53: =+F54 -> 0 | G53: =ROUND(F53/$F$8*100,2) -> 0 | H53: =D53-F53 -> 0 | I53: =+I54 -> 0 | K53: =ROUND(A53/$A$8*100,4) -> 0 | L53: =ROUND(D53/$D$8*100,4) -> 0 | M53: =ROUND(F53/$F$8*100,4) -> 0
A54: 0 | B54: =ROUND(A54/$A$8*100,2) -> 0 | C54: 雜項費用 | D54: =+D55 -> 0 | E54: =ROUND(D54/$D$8*100,2) -> 0 | F54: =+F55 -> 0 | G54: =ROUND(F54/$F$8*100,2) -> 0 | H54: =D54-F54 -> 0 | I54: =+I55 -> 0 | K54: =ROUND(A54/$A$8*100,4) -> 0 | L54: =ROUND(D54/$D$8*100,4) -> 0 | M54: =ROUND(F54/$F$8*100,4) -> 0
A55: 0 | B55: =ROUND(A55/$A$8*100,2) -> 0 | C55: 未加保勞工 | D55: 0 | E55: =ROUND(D55/$D$8*100,2) -> 0 | F55: 0 | G55: =ROUND(F55/$F$8*100,2) -> 0 | H55: =D55-F55 -> 0 | I55: 0 | K55: =ROUND(A55/$A$8*100,4) -> 0 | L55: =ROUND(D55/$D$8*100,4) -> 0 | M55: =ROUND(F55/$F$8*100,4) -> 0
A56: 4194 | B56: =ROUND(A56/$A$8*100,2) -> 0.74 | C56: 業務外賸餘（短絀） | D56: =+D57+D58 -> 780 | E56: =ROUND(D56/$D$8*100,2) -> 0.39 | F56: =+F57+F58 -> 3750 | G56: =ROUND(F56/$F$8*100,2) -> 0.56 | H56: =D56-F56 -> -2970 | I56: =ROUND(H56/F56*100,2) -> -79.2 | K56: =ROUND(A56/$A$8*100,4) -> 0.7446 | L56: =ROUND(D56/$D$8*100,4) -> 0.3855 | M56: =ROUND(F56/$F$8*100,4) -> 0.555
A57: 1334 | B57: =ROUND(A57/$A$8*100,2) -> 0.24 | C57: 已加保勞工 | D57: =+D45+D50 -> 0 | E57: =ROUND(D57/$D$8*100,2) -> 0 | F57: =+F45+F50 -> 0 | G57: =ROUND(F57/$F$8*100,2) -> 0 | H57: =D57-F57 -> 0 | I57: 0 | K57: =ROUND(A57/$A$8*100,4) -> 0.2368 | L57: =ROUND(D57/$D$8*100,4) -> 0 | M57: =ROUND(F57/$F$8*100,4) -> 0
A58: 2860 | B58: =ROUND(A58/$A$8*100,2) -> 0.51 | C58: 未加保勞工 | D58: =+D46+D48+D51-D55 -> 780 | E58: =ROUND(D58/$D$8*100,2) -> 0.39 | F58: =+F46+F48+F51-F55 -> 3750 | G58: =ROUND(F58/$F$8*100,2) -> 0.56 | H58: =D58-F58 -> -2970 | I58: =ROUND(H58/F58*100,2) -> -79.2 | K58: =ROUND(A58/$A$8*100,4) -> 0.5077 | L58: =ROUND(D58/$D$8*100,4) -> 0.3855 | M58: =ROUND(F58/$F$8*100,4) -> 0.555
A59: 0 | B59: =ROUND(A59/$A$8*100,2) -> 0 | C59: 本期賸餘（短絀） | D59: =+D56+D39 -> 0 | E59: =ROUND(D59/$D$8*100,2) -> 0 | F59: =+F56+F39 -> 0 | G59: =ROUND(F59/$F$8*100,2) -> 0 | H59: =D59-F59 -> 0 | I59: 0 | K59: =ROUND(A59/$A$8*100,4) -> 0 | L59: =ROUND(D59/$D$8*100,4) -> 0 | M59: =ROUND(F59/$F$8*100,4) -> 0
A64: 註：1.百分比及前年度決算數細數之和與總數或略有出入，係四捨五入關係。以下各表同。 2.111年5月1日配合「勞工職業災害保險及保護法」施行，將原列於「勞工保險業務」項下職業災害保險、「職業災害勞工保護業務」整併為「 勞職保及保護」編列。以下各表同。

Sheet 現金流量預計表-職護
A1: 勞 動 部 勞 工 保 險 局
A2: 勞 工 保 險 局 作 業 基 金
A3: 現金流量預計表（職業災害勞工保護部分）
A4: 中華民國111年度 單位：新臺幣千元
A5: 項目 | B5: 預算數 | C5: 說明
A9: 業務活動之現金流量
A10: 本期賸餘（短絀） | B10: 0
A11: 利息股利之調整 | B11: =-D11+D12 -> -20600 | C11: 利息收入 | D11: 20600 | E11: 千元
C12: 2.利息費用 | D12: 0 | E12: 千元
A13: 未計利息股利之本期賸餘（短絀） | B13: =+B10+B11 -> -20600
A14: 調整項目 | B14: =D14+D15+D16+D17+D18+D19 -> -131704 | C14: 1.收回責任準備 | D14: -134715 | E14: 千元
C15: 2.折舊 | D15: 0 | E15: 千元
C16: 3.攤銷 | D16: 0 | E16: 千元
C17: 2.收回責任準備 | D17: 0 | E17: 千元
C18: 2.流動資產淨減 | D18: 12011 | E18: 千元
C19: 3.流動負債淨減 | D19: -9000 | E19: 千元
A20: 未計利息股利之現金流入（流出） | B20: =+B13+B14 -> -152304
A21: 業務活動之淨現金流入（流出） | B21: =+B20 -> -152304
A22: 投資活動之現金流量
A23: 減少流動金融資產及短期貸墊款 | B23: 3379660 | C23: 係減少流動金融資產3,379,660千元。
A24: 減少投資、長期應收款、貸墊款及準備金 | B24: 5583410 | C24: 減少投資-非流動金融資產5,583,410千元。
A25: 減少投資、長期應收款、貸墊款及準備金 | C25: 係減少投資-非流動金融資產千元。
A26: 收取利息 | B26: 26075 | C26: 收取利息26,075千元。
A27: 增加流動金融資產及短期貸墊款 | B27: -109200 | C27: 係增加流動金融資產109,200千元。
A28: 增加投資、長期應收款、貸墊款及準備金 | B28: -159470 | C28: 係增加投資-非流動金融資產159,470千元。
A29: 增加無形資產、遞延借項及其他資產 | B29: 0 | C29: 係增加無形資產。
A30: 投資活動之淨現金流入（流出） | B30: =SUM(B23:B29) -> 8720475
A31: 籌資活動之現金流量
